Workbook
Name \a: #REF!
Name \a: #REF!
Name \a: #REF!
Name \a: #REF!
Name \a: #REF!
Name \a: #REF!
Name \a: #REF!
Name \a: #REF!
Name \a: #REF!
Name \b: #REF!
Name \b: #REF!
Name \b: #REF!
Name \b: #REF!
Name \b: #REF!
Name \b: #REF!
Name \b: #REF!
Name \b: #REF!
Name \b: #REF!
Name \eliminar: [1]RESUM96!#REF!
Name \eliminar: [1]RESUM96!#REF!
Name \eliminar: [1]RESUM96!#REF!
Name \eliminar: [1]RESUM96!#REF!
Name \eliminar: [1]RESUM96!#REF!
Name \eliminar: [1]RESUM96!#REF!
Name \eliminar: [1]RESUM96!#REF!
Name \eliminar1: [1]RESUM96!#REF!
Name \eliminar1: [1]RESUM96!#REF!
Name \eliminar1: [1]RESUM96!#REF!
Name \eliminar1: [1]RESUM96!#REF!
Name \eliminar1: [1]RESUM96!#REF!
Name \eliminar1: [1]RESUM96!#REF!
Name \eliminar1: [1]RESUM96!#REF!
Name \q: #REF!
Name \q: #REF!
Name \q: #REF!
Name \q: #REF!
Name \q: #REF!
Name \q: #REF!
Name \q: #REF!
Name \q: #REF!
Name \q: #REF!
Name _______________EST1: #REF!
Name _______________EST1: #REF!
Name _______________EST1: #REF!
Name _______________EST1: #REF!
Name _______________EST1: #REF!
Name _______________EST1: #REF!
Name _______________EST1: #REF!
Name _______________EST1: #REF!
Name _______________EST10: #REF!
Name _______________EST10: #REF!
Name _______________EST10: #REF!
Name _______________EST10: #REF!
Name _______________EST10: #REF!
Name _______________EST10: #REF!
Name _______________EST10: #REF!
Name _______________EST10: #REF!
Name _______________EST11: #REF!
Name _______________EST11: #REF!
Name _______________EST11: #REF!

Sheet PPTO GRAL G4
B2: FORMATO
B3: Presupuesto General de Obras - Costos Directos
B4: CÓDIGO | D4: PROCESO | F4: VERSIÓN
B5: FO-DP-01 | D5: Proyectos | F5: 2
B6: INSTITUTO DE DESARROLLO URBANO
B7: SUBDIRECCIÓN GENERAL DE DESARROLLO URBANO
B8: DIRECCIÓN TÉCNICA DE PROYECTOS
B10: OBJETO DE LA CONTRATACIÓN: | D10: CONSTRUCCIÓN ACERAS Y CICLORRUTA CALLE 92 Y CALLE 94 DESDE CARRERA 7 HASTA LA AUTOPISTA NORTE Y OBRAS COMPLEMENTARIAS, EN BOGOTÁ, D.C.
B11: PRESUPUESTO GENERAL DE OBRAS
I12: 44029
B13: COD. IDU | C13: ÍTEM | D13: DESCRIPCIÓN | E13: UNIDAD | F13: CANTIDAD | G13: VR. UNITARIO | H13: VR. UNITARIO CON A.I.U. | I13: VALOR TOTAL
C15: 1 | D15: PRELIMINARES | I15: 4166856625
D16: DEMOLICIONES
B17: 3012 | C17: 1.001 | D17: DEMOLICIÓN PISOS DE CONCRETO (Espesor variable hasta 0.10 m. Incluye Cargue). No incluye transporte y disposición final de sobrantes. | E17: M2 | F17: 34378 | G17: 6095 | H17: 8116 | I17: 279011848
B18: 4613 | C18: 1.002 | D18: TRANSPORTE Y DISPOSICION FINAL DE ESCOMBROS EN SITIO AUTORIZADO (distancia de transporte 28 Km) | E18: M3 | F18: 4813 | G18: 44347 | H18: 59050 | I18: 284207650
D19: EXCAVACIONES
B20: 3464 | C20: 1.003 | D20: EXCAVACION MANUAL EN MATERIAL COMUN. Incluye cargue. | E20: M3 | F20: 30342 | G20: 28088 | H20: 37400 | I20: 1134790800
B21: 3710 | C21: 1.004 | D21: EXCAVACIÓN MECÁNICA EN MATERIAL COMÚN (Incluye Cargue) | E21: M3 | F21: 94 | G21: 4508 | H21: 6003 | I21: 564282
B22: 4613 | C22: 1.005 | D22: TRANSPORTE Y DISPOSICION FINAL DE ESCOMBROS EN SITIO AUTORIZADO (distancia de transporte 28 Km) | E22: M3 | F22: 39567 | G22: 44347 | H22: 59050 | I22: 2336431350
D23: TRATAMIENTOS SIVICULTURALES
B24: 3699 | C24: 1.006 | D24: TALA DE ARBOLES CLASE I (H<5m. Incluye Desenraíce, Retiro y Disposición Final) | E24: UN | F24: 31 | G24: 138427 | H24: 184321 | I24: 5713951
B25: 4101 | C25: 1.007 | D25: TALA DE ARBOLES CLASE II (5m < H < 10m. Incluye Desenraíce, Retiro y Disposición Final) | E25: UN | F25: 34 | G25: 237661 | H25: 316455 | I25: 10759470
B26: 3698 | C26: 1.008 | D26: TALA DE ARBOLES CLASE III (10m < H < 20 m. Incluye Desenraíce, Retiro y Disposición Final) | E26: UN | F26: 12 | G26: 246489 | H26: 328210 | I26: 3938520
B27: 3695 | C27: 1.009 | D27: TALA DE ARBOLES CLASE IV (20m<H<30m. Incluye Desenraíce, Retiro y Disposición Final) | E27: UN | F27: 1 | G27: 536011 | H27: 713720 | I27: 713720
B28: 4802 | C28: 1.01 | D28: BLOQUEO Y TRANSPLANTE DE ARBOLES 1 - 5mt (Incluye transporte, recolección). | E28: UN | F28: 15 | G28: 850000 | H28: 1131809 | I28: 16977135
B29: 4803 | C29: 1.011 | D29: BLOQUEO Y TRANSPLANTE DE ARBOLES 5 - 10 mt (Incluye transporte, recolección). | E29: UN | F29: 17 | G29: 1300000 | H29: 1731002 | I29: 29427034
B30: 4804 | C30: 1.012 | D30: BLOQUEO Y TRANSPLANTE DE ARBOLES 10 - 15 mt (Incluye transporte, recolección). | E30: UN | F30: 5 | G30: 2000000 | H30: 2663080 | I30: 13315400
B31: 8534 | C31: 1.013 | D31: TRATAMIENTO INTEGRAL DE ÁRBOLES DE 1m A 5m. (Incluye riego, fertilización edáfica, mano de obra, poda general y radicular). | E31: UN | F31: 1 | G31: 171702 | H31: 228628 | I31: 228628
B32: 8535 | C32: 1.014 | D32: TRATAMIENTO INTEGRAL DE ÁRBOLES MAYORES A 5m. (Incluye riego, fertilización edáfica, mano de obra, poda general y radicular). | E32: UN | F32: 169 | G32: 201701 | H32: 268573 | I32: 45388837
D33: PROTECCIÓN TEMPORAL DE BIENES
B34: 8510 | C34: 1.015 | D34: PROTECCIÓN TEMPORAL PARA MONUMENTOS Y/O BIENES MUEBLES CON TELA KAMBEL GRAMAJE 90, COLOR BLANCO. INCLUYE CUERDA NYLON PARA AMARRE. Incluye suministro y colocación. | E34: M2 | F34: 2400 | G34: 1686 | H34: 2245 | I34: 5388000
C35: 2 | D35: ESPACIO PÚBLICO | I35: 14342671744
D36: ANDENES
B37: 4023 | C37: 2.001 | D37: GEOTEXTIL NT 6000 PARA ESTABILIZACION SUBRASANTE/CAPAS GRANULARES (Inc. Suministro e Instalación) | E37: M2 | F37: 69173 | G37: 11619 | H37: 15471 | I37: 1070175483
B38: 3454 | C38: 2.002 | D38: ESTABILIZACIÓN DE SUBRASANTE CON RAJÓN (Suministro, Extendido, Nivelación y Compactación Manual) | E38: M3 | F38: 10279 | G38: 73927 | H38: 98437 | I38: 1011833923
B39: 4745 | C39: 2.003 | D39: BASE GRANULAR CLASE C (BG_C) CON RECICLADO DE CONCRETO (Suministro, Extendido, Nivelación, Humedecimiento y Compactación con vibrocompactador) | E39: M3 | F39: 6853 | G39: 136283 | H39: 181466 | I39: 1243586498
B40: 6878 | C40: 2.004 | D40: CONCRETO 3000 PSI (21 MPA) GRAVA COMÚN PARA ANDENES (Premezclado. Incluye suministro, formaleteo, colocación y curado. No incluye refuerzo). | E40: M3 | F40: 443 | G40: 437241 | H40: 582204 | I40: 257916372
B41: 6871 | C41: 2.005 | D41: CONCRETO 3000 PSI GRAVA COMÚN PARA RAMPAS Y ESCALERAS (PREMEZCLADO. INCL. SUMINISTRO, FORMALETEO Y COLOCACIÓN. NO INCL. REFUERZO, CURADO). | E41: M3 | F41: 255 | G41: 506506 | H41: 674433 | I41: 171980415
B42: 3425 | C42: 2.006 | D42: ANDEN CONCRETO GRAVA COMÚN DE 3000 PSI (210 Kg/cm2) PREMEZCLADO e=0.10m (Incluye Suministro, Formaleteo, Fundida y Curado) | E42: M2 | F42: 306 | G42: 52113 | H42: 69391 | I42: 21233646
B43: 8777 | C43: 2.007 | D43: LOSETA LISA BICAPA TPO A40 (60 X 20 X 6) cm TEXTURA DE ANDÉN COLOR GRIS CLARO (Suministro, colocación y compactación con equipo manual. Incluye base en arena de nivelación e=4 cm y arena de sello) | E43: M2 | F43: 3178 | G43: 146373 | H43: 194902 | I43: 619398556
B44: 8778 | C44: 2.008 | D44: LOSETA LISA BICAPA TPO A40 (60 X 20 X 6) cm TEXTURA DE ANDÉN COLOR GRIS MEDIO (Suministro, colocación y compactación con equipo manual. Incluye base en arena de nivelación e=4 cm y arena de sello) | E44: M2 | F44: 5133 | G44: 166758 | H44: 222045 | I44: 1139756985
B45: 8783 | C45: 2.009 | D45: LOSETA LISA BICAPA TPO A40 (60 X 20 X 6) cm TEXTURA DE ANDÉN COLOR GRIS OSCURO (Suministro, colocación y compactación con equipo manual. Incluye base en arena de nivelación e=4 cm y arena de sello) | E45: M2 | F45: 3178 | G45: 172122 | H45: 229187 | I45: 728356286
B46: 8499 | C46: 2.01 | D46: LOSETA PREFABRICADA EN CONCRETO A20 TIPO PANOT DE 20x20x6cm color gris (Suministro e Instalación. Incluye mortero de 1500 PSI de Nivelación) | E46: M2 | F46: 373 | G46: 66399 | H46: 88413 | I46: 32978049
B47: 3745 | C47: 2.011 | D47: PISO EN ADOQUIN DE CONCRETO A25 20x10x6cm (Suministro e Instalación. Incluye Base 3cm Arena Nivelación y Arena de Sello) | E47: M2 | F47: 4179 | G47: 56180 | H47: 74806 | I47: 312614274
B48: 8169 | C48: 2.012 | D48: CENEFA EN LOSETA PREFABRICADA A57 TÁCTIL ALERTA (20x20x6) cm. SUMINISTRO E INSTALACIÓN. (INCLUYE 4cm DE MORTERO 1:5 HECHO EN OBRA PARA BASE Y ARENA DE PEÑA PARA SELLO) | E48: M2 | F48: 11 | G48: 80627 | H48: 107358 | I48: 1180938
... B58: 8107 | C58: 2.022 | D58: PIEZA DE REMATE FUNDIDA EN SITIO PARA CAÑUELA TIPO A121 DE 0.3X0.5X0.4 M EN CONCRETO DE 3000 PSI (Incluye suministro e instalación) | E58: UN | F58: 73 | G58: 34502 | H58: 45941 | I58: 3353693
D59: RAMPAS PEATONALES
B60: 3745 | C60: 2.023 | D60: PISO EN ADOQUIN DE CONCRETO A25 20x10x6cm (Suministro e Instalación. Incluye Base 3cm Arena Nivelación y Arena de Sello) | E60: M2 | F60: 1117 | G60: 56180 | H60: 74806 | I60: 83558302
B61: 3784 | C61: 2.024 | D61: SARDINEL H=0.25m, e=0.15m CONCRETO 3000 PSI (Fundido en Sitio, Concreto Hecho en Obra. Inc. Sumin, Formalet. y Const.) | E61: ML | F61: 296 | G61: 23173 | H61: 30856 | I61: 9133376
B62: 4089 | C62: 2.025 | D62: SARDINEL BAJO A85 PARA RAMPAS (Suministro e Instalación. Incluye 3cm Mortero 1:5) | E62: ML | F62: 2072 | G62: 37176 | H62: 49501 | I62: 102566072
B63: 8158 | C63: 2.026 | D63: CONCRETO 3000 PSI GRAVA COMÚN PARA PIEZA REMATE TIPO HOMBROS PARA RAMPA (Premezclado. Incluye Sumin., bombeo con autobomba, Formaleteo y Colocación. No incl. Refuerzo, Curado). | E63: M3 | F63: 1087 | G63: 467527 | H63: 622531 | I63: 676691197
D64: RAMPAS VEHICULARES
B65: 4023 | C65: 2.027 | D65: GEOTEXTIL NT 6000 PARA ESTABILIZACION SUBRASANTE/CAPAS GRANULARES (Inc. Suministro e Instalación) | E65: M2 | F65: 5006 | G65: 11619 | H65: 15471 | I65: 77447826
B66: 3454 | C66: 2.028 | D66: ESTABILIZACIÓN DE SUBRASANTE CON RAJÓN (Suministro, Extendido, Nivelación y Compactación Manual) | E66: M3 | F66: 1080 | G66: 73927 | H66: 98437 | I66: 106311960
B67: 4513 | C67: 2.029 | D67: BASE GRANULAR CLASE C (BG_C) (Suministro, Extendido Manual, Humedecimiento y Compactación) | E67: M3 | F67: 540 | G67: 141428 | H67: 188317 | I67: 101691180
B68: 3394 | C68: 2.03 | D68: LOSA DE CONCRETO MR41 (Suministro, Formaleteado, Colocación y Acabado. No Incluye Acero, Curado, Juntas) | E68: M3 | F68: 558 | G68: 501501 | H68: 667769 | I68: 372615102
B69: 3708 | C69: 2.031 | D69: ACERO DE REFUERZO (Incluye Suministro, Figurado y Fijación) | E69: KG | F69: 18007 | G69: 3272 | H69: 4357 | I69: 78456499
B70: 6099 | C70: 2.032 | D70: ESTAMPADO PARA CONCRETO MR DE POMPEYANOS, ACCESOS VEHICULARES A PREDIOS Y VÍAS (ACABADO Y CURADO, SUMINISTRO Y MANO DE OBRA. INCLUYE JUEGO DE MOLDES, COLOR ENDURECEDOR DE CUARZO, DESMOLDANTE EN POLVO COLOR, SELLADOR ACRÍLICO TRANSPARENTE SEMILUSTRE). | E70: M2 | F70: 3601 | G70: 35296 | H70: 46998 | I70: 169239798
B71: 3837 | C71: 2.033 | D71: SELLADO DE JUNTAS EN PAVIMENTO DE CONCRETO HIDRAULICO (Incluye Limpieza, Suministro e Instalación de Fondo y Sellante) | E71: ML | F71: 2739 | G71: 7683 | H71: 10230 | I71: 28019970
B72: 4239 | C72: 2.034 | D72: CORTE Y AMPLIACIÓN DE JUNTA EN PAVIMENTO DE CONCRETO HIDRAULICO | E72: ML | F72: 2739 | G72: 4166 | H72: 5547 | I72: 15193233
B73: 8512 | C73: 2.035 | D73: SARDINEL ESPECIAL A116 PARA RAMPA VEHICULAR TIPO C (Suministro e instalación, incluye 3cm de Mortero 1:5 | E73: ML | F73: 19 | G73: 160566 | H73: 213800 | I73: 4062200
B74: 8501 | C74: 2.036 | D74: PIEZA DE REMATE CURVA A117 PARA RAMPA VEHICULAR TIPO C (600x400x450mm). Incluye suministro e instalación. Incluye 3cm de mortero 1:5. | E74: UN | F74: 8 | G74: 117268 | H74: 156147 | I74: 1249176
D75: POMPEYANO
B76: 4023 | C76: 2.037 | D76: GEOTEXTIL NT 6000 PARA ESTABILIZACION SUBRASANTE/CAPAS GRANULARES (Inc. Suministro e Instalación) | E76: M2 | F76: 168 | G76: 11619 | H76: 15471 | I76: 2599128
B77: 3454 | C77: 2.038 | D77: ESTABILIZACIÓN DE SUBRASANTE CON RAJÓN (Suministro, Extendido, Nivelación y Compactación Manual) | E77: M3 | F77: 43 | G77: 73927 | H77: 98437 | I77: 4232791
B78: 4487 | C78: 2.039 | D78: BASE GRANULAR CLASE A (BG_A) (Suministro, Extendido Manual, Humedecimiento y Compactación) | E78: M3 | F78: 21 | G78: 133693 | H78: 178018 | I78: 3738378
B79: 3748 | C79: 2.04 | D79: LOSA DE CONCRETO MR45 (Suministro, Formaleteado, Colocación y Acabado. No Incluye Acero, Curado, Juntas) | E79: M3 | F79: 30 | G79: 493816 | H79: 657536 | I79: 19726080
B80: 3708 | C80: 2.041 | D80: ACERO DE REFUERZO (Incluye Suministro, Figurado y Fijación) | E80: KG | F80: 1430 | G80: 3272 | H80: 4357 | I80: 6230510
B81: 6099 | C81: 2.042 | D81: ESTAMPADO PARA CONCRETO MR DE POMPEYANOS, ACCESOS VEHICULARES A PREDIOS Y VÍAS (ACABADO Y CURADO, SUMINISTRO Y MANO DE OBRA. INCLUYE JUEGO DE MOLDES, COLOR ENDURECEDOR DE CUARZO, DESMOLDANTE EN POLVO COLOR, SELLADOR ACRÍLICO TRANSPARENTE SEMILUSTRE). | E81: M2 | F81: 143 | G81: 35296 | H81: 46998 | I81: 6720714
B82: 3837 | C82: 2.043 | D82: SELLADO DE JUNTAS EN PAVIMENTO DE CONCRETO HIDRAULICO (Incluye Limpieza, Suministro e Instalación de Fondo y Sellante) | E82: ML | F82: 55 | G82: 7683 | H82: 10230 | I82: 562650
B83: 4239 | C83: 2.044 | D83: CORTE Y AMPLIACIÓN DE JUNTA EN PAVIMENTO DE CONCRETO HIDRAULICO | E83: ML | F83: 55 | G83: 4166 | H83: 5547 | I83: 305085
D84: SOBRE ANCHO ANDENES - CICLO RUTA
B85: 3454 | C85: 2.045 | D85: ESTABILIZACIÓN DE SUBRASANTE CON RAJÓN (Suministro, Extendido, Nivelación y Compactación Manual) | E85: M3 | F85: 1425 | G85: 73927 | H85: 98437 | I85: 140272725
D86: CICLO RUTA
B87: 4023 | C87: 2.046 | D87: GEOTEXTIL NT 6000 PARA ESTABILIZACION SUBRASANTE/CAPAS GRANULARES (Inc. Suministro e Instalación) | E87: M2 | F87: 10542 | G87: 11619 | H87: 15471 | I87: 163095282
B88: 3454 | C88: 2.047 | D88: ESTABILIZACIÓN DE SUBRASANTE CON RAJÓN (Suministro, Extendido, Nivelación y Compactación Manual) | E88: M3 | F88: 1679 | G88: 73927 | H88: 98437 | I88: 165275723
B89: 4513 | C89: 2.048 | D89: BASE GRANULAR CLASE C (BG_C) (Suministro, Extendido Manual, Humedecimiento y Compactación) | E89: M3 | F89: 1119 | G89: 141428 | H89: 188317 | I89: 210726723
B90: 3864 | C90: 2.049 | D90: IMPRIMACION CON EMULSION ASFALTICA CRL-0 (Suministro, Barrido Superficie y Riego) | E90: M2 | F90: 5595 | G90: 1934 | H90: 2575 | I90: 14407125
B91: 4567 | C91: 2.05 | D91: MEZCLA ASFÁLTICA EN CALIENTE TIPO DENSO MD12 ASF CONVENCIONAL con Cemento Asfáltico 80-100 (Suministro, Extendido y Nivelación Manual y Compactación con vibrocompactador Benitin de 1 tonelada incluye operario y combustible) | E91: M3 | F91: 280 | G91: 890045 | H91: 1185131 | I91: 331836680
D92: ZONA REDUCCIÓN DE ANDÉN Y AMPLIACIÓN DE CALZADA
B93: 4023 | C93: 2.051 | D93: GEOTEXTIL NT 6000 PARA ESTABILIZACION SUBRASANTE/CAPAS GRANULARES (Inc. Suministro e Instalación) | E93: M2 | F93: 4048 | G93: 11619 | H93: 15471 | I93: 62626608
B94: 3454 | C94: 2.052 | D94: ESTABILIZACIÓN DE SUBRASANTE CON RAJÓN (Suministro, Extendido, Nivelación y Compactación Manual) | E94: M3 | F94: 656 | G94: 73927 | H94: 98437 | I94: 64574672
B95: 4557 | C95: 2.053 | D95: SUBBASE GRANULAR CLASE C (SBG_C) (Suministro, Extendido Manual, Humedecimiento y Compactación) | E95: M3 | F95: 656 | G95: 133693 | H95: 178018 | I95: 116779808
B96: 4513 | C96: 2.054 | D96: BASE GRANULAR CLASE C (BG_C) (Suministro, Extendido Manual, Humedecimiento y Compactación) | E96: M3 | F96: 112 | G96: 141428 | H96: 188317 | I96: 21091504
B97: 3864 | C97: 2.055 | D97: IMPRIMACION CON EMULSION ASFALTICA CRL-0 (Suministro, Barrido Superficie y Riego) | E97: M2 | F97: 2186 | G97: 1934 | H97: 2575 | I97: 5628950
B98: 4567 | C98: 2.056 | D98: MEZCLA ASFÁLTICA EN CALIENTE TIPO DENSO MD12 ASF CONVENCIONAL con Cemento Asfáltico 80-100 (Suministro, Extendido y Nivelación Manual y Compactación con vibrocompactador Benitin de 1 tonelada incluye operario y combustible) | E98: M3 | F98: 350 | G98: 890045 | H98: 1185131 | I98: 414795850
B99: 6309 | C99: 2.057 | D99: GEOMALLA FORTGRID BX-50. SUMINISTRO E INSTALACIÓN. | E99: M2 | F99: 1446 | G99: 12212 | H99: 16261 | I99: 23513406
D100: BICICARRIL
B101: 7751 | C101: 2.058 | D101: FRESADO PAVIMENTO ASFÁLTICO (Incluye Cargue) Incluye agua, puntas. No incluye transporte de maquinaria, transporte del fresado ni disposición final). | E101: M3 | F101: 80 | G101: 68720 | H101: 91503 | I101: 7320240
B102: 4613 | C102: 2.059 | D102: TRANSPORTE Y DISPOSICION FINAL DE ESCOMBROS EN SITIO AUTORIZADO (distancia de transporte 28 Km) | E102: M3 | F102: 104 | G102: 44347 | H102: 59050 | I102: 6141200
B103: 3866 | C103: 2.06 | D103: RIEGO DE LIGA CON EMULSION ASFALTICA CRR-1 (Suministro, Barrido Superficie y Riego) | E103: M2 | F103: 998 | G103: 1432 | H103: 1907 | I103: 1903186
B104: 4567 | C104: 2.061 | D104: MEZCLA ASFÁLTICA EN CALIENTE TIPO DENSO MD12 ASF CONVENCIONAL con Cemento Asfáltico 80-100 (Suministro, Extendido y Nivelación Manual y Compactación con vibrocompactador Benitin de 1 tonelada incluye operario y combustible) | E104: M3 | F104: 80 | G104: 890045 | H104: 1185131 | I104: 94810480
D105: MOBILIARIO URBANO
B106: 4697 | C106: 2.062 | D106: BOLARDO EN HIERRO TIPO M62 (Suministro e Instalación. Incluye base en Concreto 3000 PSI, Premezclado) | E106: UN | F106: 13 | G106: 143341 | H106: 190864 | I106: 2481232
B107: 4699 | C107: 2.063 | D107: BOLARDO EN HIERRO TIPO M63 (Suministro e Instalación. Incluye base en Concreto 3000 PSI premezclado) | E107: UN | F107: 800 | G107: 141935 | H107: 188992 | I107: 151193600
B108: 4920 | C108: 2.064 | D108: CANECA DE ACERO INOXIDABLE M121 TIPO BARCELONA (SUMINISTRO E INSTALACIÓN. INCLUYE CONCRETO PARA ANCLAJE DE 3000 PSI PREMEZCLADO GRAVA COMÚN. | E108: UN | F108: 74 | G108: 483209 | H108: 643412 | I108: 47612488
B109: 3557 | C109: 2.065 | D109: PARADERO TIPO M10 (Inc. Sum. e Inst. Inc. bases en Concreto 3000 PSI, Hecho en Obra. No incluye losas de Concreto) | E109: UN | F109: 5 | G109: 8762449 | H109: 11667551 | I109: 58337755
D110: MANTENIMIENTO CORRECTIVO ESPACIO PUBLICO Y CICLORUTAS
B111: 6167 | C111: 2.066 | D111: MANTENIMIENTO CORRECTIVO DE ESPACIO PUBLICO LOSETA A-50 SOBRE ARENA. INCL. RETIRO LOSETA E INSTALAR LA MISMA. | E111: M2 | F111: 1622 | G111: 20742 | H111: 27619 | I111: 44798018
B112: 4705 | C112: 2.067 | D112: MANTENIMIENTO CORRECTIVO DE ESPACIO PUBLICO LOSETA A-50 SOBRE ARENA. INCL. RETIRO LOSETA E INSTALAR NUEVA | E112: M2 | F112: 180 | G112: 61992 | H112: 82545 | I112: 14858100
...

Sheet FORMULARIO 1-PPTO OFICIAL
C2: FORMULARIO 1
C3: PRESUPUESTO OFICIAL
C4: [El presente formulario aplica para los procesos de contratación que tengan como forma de pago precios unitarios, la Entidad debe ajustarlo cuando la modalidad de pago corresponde a: precio global, llave en mano, administración delegada y reembolso de gastos]
C7: ETAPA DE OBRA
C8: Nº | D8: ITEM DE PAGO | E8: ESPECIFICACIONES | G8: DESCRIPCION | H8: UND. | J8: CANTIDAD | K8: VALOR UNITARIO | L8: VALOR TOTAL
E9: GENERAL | F9: PARTICULAR
D10: 1 | G10: PRELIMINARES
G11: DEMOLICIONES
C12: 3012 | D12: 1.001 | G12: DEMOLICIÓN PISOS DE CONCRETO (Espesor variable hasta 0.10 m. Incluye Cargue). No incluye transporte y disposición final de sobrantes. | H12: M2 | J12: 34378 | K12: 8116 | L12: 279011848
C13: 4613 | D13: 1.002 | G13: TRANSPORTE Y DISPOSICION FINAL DE ESCOMBROS EN SITIO AUTORIZADO (distancia de transporte 28 Km) | H13: M3 | J13: 4813 | K13: 59050 | L13: 284207650
G14: EXCAVACIONES
C15: 3464 | D15: 1.003 | G15: EXCAVACION MANUAL EN MATERIAL COMUN. Incluye cargue. | H15: M3 | J15: 30342 | K15: 37400 | L15: 1134790800
C16: 3710 | D16: 1.004 | G16: EXCAVACIÓN MECÁNICA EN MATERIAL COMÚN (Incluye Cargue) | H16: M3 | J16: 94 | K16: 6003 | L16: 564282
C17: 4613 | D17: 1.005 | G17: TRANSPORTE Y DISPOSICION FINAL DE ESCOMBROS EN SITIO AUTORIZADO (distancia de transporte 28 Km) | H17: M3 | J17: 39567 | K17: 59050 | L17: 2336431350
G18: TRATAMIENTOS SIVICULTURALES
C19: 3699 | D19: 1.006 | G19: TALA DE ARBOLES CLASE I (H<5m. Incluye Desenraíce, Retiro y Disposición Final) | H19: UN | J19: 31 | K19: 184321 | L19: 5713951
C20: 4101 | D20: 1.007 | G20: TALA DE ARBOLES CLASE II (5m < H < 10m. Incluye Desenraíce, Retiro y Disposición Final) | H20: UN | J20: 34 | K20: 316455 | L20: 10759470
C21: 3698 | D21: 1.008 | G21: TALA DE ARBOLES CLASE III (10m < H < 20 m. Incluye Desenraíce, Retiro y Disposición Final) | H21: UN | J21: 12 | K21: 328210 | L21: 3938520
C22: 3695 | D22: 1.009 | G22: TALA DE ARBOLES CLASE IV (20m<H<30m. Incluye Desenraíce, Retiro y Disposición Final) | H22: UN | J22: 1 | K22: 713720 | L22: 713720
C23: 4802 | D23: 1.01 | G23: BLOQUEO Y TRANSPLANTE DE ARBOLES 1 - 5mt (Incluye transporte, recolección). | H23: UN | J23: 15 | K23: 1131809 | L23: 16977135
C24: 4803 | D24: 1.011 | G24: BLOQUEO Y TRANSPLANTE DE ARBOLES 5 - 10 mt (Incluye transporte, recolección). | H24: UN | J24: 17 | K24: 1731002 | L24: 29427034
C25: 4804 | D25: 1.012 | G25: BLOQUEO Y TRANSPLANTE DE ARBOLES 10 - 15 mt (Incluye transporte, recolección). | H25: UN | J25: 5 | K25: 2663080 | L25: 13315400
C26: 8534 | D26: 1.013 | G26: TRATAMIENTO INTEGRAL DE ÁRBOLES DE 1m A 5m. (Incluye riego, fertilización edáfica, mano de obra, poda general y radicular). | H26: UN | J26: 1 | K26: 228628 | L26: 228628
C27: 8535 | D27: 1.014 | G27: TRATAMIENTO INTEGRAL DE ÁRBOLES MAYORES A 5m. (Incluye riego, fertilización edáfica, mano de obra, poda general y radicular). | H27: UN | J27: 169 | K27: 268573 | L27: 45388837
G28: PROTECCIÓN TEMPORAL DE BIENES
C29: 8510 | D29: 1.015 | G29: PROTECCIÓN TEMPORAL PARA MONUMENTOS Y/O BIENES MUEBLES CON TELA KAMBEL GRAMAJE 90, COLOR BLANCO. INCLUYE CUERDA NYLON PARA AMARRE. Incluye suministro y colocación. | H29: M2 | J29: 2400 | K29: 2245 | L29: 5388000
C30: Subtotal | L30: 4166856625
D31: 2 | G31: ESPACIO PÚBLICO
G32: ANDENES
C33: 4023 | D33: 2.001 | G33: GEOTEXTIL NT 6000 PARA ESTABILIZACION SUBRASANTE/CAPAS GRANULARES (Inc. Suministro e Instalación) | H33: M2 | J33: 69173 | K33: 15471 | L33: 1070175483
C34: 3454 | D34: 2.002 | G34: ESTABILIZACIÓN DE SUBRASANTE CON RAJÓN (Suministro, Extendido, Nivelación y Compactación Manual) | H34: M3 | J34: 10279 | K34: 98437 | L34: 1011833923
C35: 4745 | D35: 2.003 | G35: BASE GRANULAR CLASE C (BG_C) CON RECICLADO DE CONCRETO (Suministro, Extendido, Nivelación, Humedecimiento y Compactación con vibrocompactador) | H35: M3 | J35: 6853 | K35: 181466 | L35: 1243586498
C36: 6878 | D36: 2.004 | G36: CONCRETO 3000 PSI (21 MPA) GRAVA COMÚN PARA ANDENES (Premezclado. Incluye suministro, formaleteo, colocación y curado. No incluye refuerzo). | H36: M3 | J36: 443 | K36: 582204 | L36: 257916372
C37: 6871 | D37: 2.005 | G37: CONCRETO 3000 PSI GRAVA COMÚN PARA RAMPAS Y ESCALERAS (PREMEZCLADO. INCL. SUMINISTRO, FORMALETEO Y COLOCACIÓN. NO INCL. REFUERZO, CURADO). | H37: M3 | J37: 255 | K37: 674433 | L37: 171980415
C38: 3425 | D38: 2.006 | G38: ANDEN CONCRETO GRAVA COMÚN DE 3000 PSI (210 Kg/cm2) PREMEZCLADO e=0.10m (Incluye Suministro, Formaleteo, Fundida y Curado) | H38: M2 | J38: 306 | K38: 69391 | L38: 21233646
C39: 8777 | D39: 2.007 | G39: LOSETA LISA BICAPA TPO A40 (60 X 20 X 6) cm TEXTURA DE ANDÉN COLOR GRIS CLARO (Suministro, colocación y compactación con equipo manual. Incluye base en arena de nivelación e=4 cm y arena de sello) | H39: M2 | J39: 3178 | K39: 194902 | L39: 619398556
C40: 8778 | D40: 2.008 | G40: LOSETA LISA BICAPA TPO A40 (60 X 20 X 6) cm TEXTURA DE ANDÉN COLOR GRIS MEDIO (Suministro, colocación y compactación con equipo manual. Incluye base en arena de nivelación e=4 cm y arena de sello) | H40: M2 | J40: 5133 | K40: 222045 | L40: 1139756985
C41: 8783 | D41: 2.009 | G41: LOSETA LISA BICAPA TPO A40 (60 X 20 X 6) cm TEXTURA DE ANDÉN COLOR GRIS OSCURO (Suministro, colocación y compactación con equipo manual. Incluye base en arena de nivelación e=4 cm y arena de sello) | H41: M2 | J41: 3178 | K41: 229187 | L41: 728356286
C42: 8499 | D42: 2.01 | G42: LOSETA PREFABRICADA EN CONCRETO A20 TIPO PANOT DE 20x20x6cm color gris (Suministro e Instalación. Incluye mortero de 1500 PSI de Nivelación) | H42: M2 | J42: 373 | K42: 88413 | L42: 32978049
C43: 3745 | D43: 2.011 | G43: PISO EN ADOQUIN DE CONCRETO A25 20x10x6cm (Suministro e Instalación. Incluye Base 3cm Arena Nivelación y Arena de Sello) | H43: M2 | J43: 4179 | K43: 74806 | L43: 312614274
C44: 8169 | D44: 2.012 | G44: CENEFA EN LOSETA PREFABRICADA A57 TÁCTIL ALERTA (20x20x6) cm. SUMINISTRO E INSTALACIÓN. (INCLUYE 4cm DE MORTERO 1:5 HECHO EN OBRA PARA BASE Y ARENA DE PEÑA PARA SELLO) | H44: M2 | J44: 11 | K44: 107358 | L44: 1180938
... C54: 8107 | D54: 2.022 | G54: PIEZA DE REMATE FUNDIDA EN SITIO PARA CAÑUELA TIPO A121 DE 0.3X0.5X0.4 M EN CONCRETO DE 3000 PSI (Incluye suministro e instalación) | H54: UN | J54: 73 | K54: 45941 | L54: 3353693
G55: RAMPAS PEATONALES
C56: 3745 | D56: 2.023 | G56: PISO EN ADOQUIN DE CONCRETO A25 20x10x6cm (Suministro e Instalación. Incluye Base 3cm Arena Nivelación y Arena de Sello) | H56: M2 | J56: 1117 | K56: 74806 | L56: 83558302
C57: 3784 | D57: 2.024 | G57: SARDINEL H=0.25m, e=0.15m CONCRETO 3000 PSI (Fundido en Sitio, Concreto Hecho en Obra. Inc. Sumin, Formalet. y Const.) | H57: ML | J57: 296 | K57: 30856 | L57: 9133376
C58: 4089 | D58: 2.025 | G58: SARDINEL BAJO A85 PARA RAMPAS (Suministro e Instalación. Incluye 3cm Mortero 1:5) | H58: ML | J58: 2072 | K58: 49501 | L58: 102566072
C59: 8158 | D59: 2.026 | G59: CONCRETO 3000 PSI GRAVA COMÚN PARA PIEZA REMATE TIPO HOMBROS PARA RAMPA (Premezclado. Incluye Sumin., bombeo con autobomba, Formaleteo y Colocación. No incl. Refuerzo, Curado). | H59: M3 | J59: 1087 | K59: 622531 | L59: 676691197
G60: RAMPAS VEHICULARES
C61: 4023 | D61: 2.027 | G61: GEOTEXTIL NT 6000 PARA ESTABILIZACION SUBRASANTE/CAPAS GRANULARES (Inc. Suministro e Instalación) | H61: M2 | J61: 5006 | K61: 15471 | L61: 77447826
C62: 3454 | D62: 2.028 | G62: ESTABILIZACIÓN DE SUBRASANTE CON RAJÓN (Suministro, Extendido, Nivelación y Compactación Manual) | H62: M3 | J62: 1080 | K62: 98437 | L62: 106311960
C63: 4513 | D63: 2.029 | G63: BASE GRANULAR CLASE C (BG_C) (Suministro, Extendido Manual, Humedecimiento y Compactación) | H63: M3 | J63: 540 | K63: 188317 | L63: 101691180
C64: 3394 | D64: 2.03 | G64: LOSA DE CONCRETO MR41 (Suministro, Formaleteado, Colocación y Acabado. No Incluye Acero, Curado, Juntas) | H64: M3 | J64: 558 | K64: 667769 | L64: 372615102
C65: 3708 | D65: 2.031 | G65: ACERO DE REFUERZO (Incluye Suministro, Figurado y Fijación) | H65: KG | J65: 18007 | K65: 4357 | L65: 78456499
C66: 6099 | D66: 2.032 | G66: ESTAMPADO PARA CONCRETO MR DE POMPEYANOS, ACCESOS VEHICULARES A PREDIOS Y VÍAS (ACABADO Y CURADO, SUMINISTRO Y MANO DE OBRA. INCLUYE JUEGO DE MOLDES, COLOR ENDURECEDOR DE CUARZO, DESMOLDANTE EN POLVO COLOR, SELLADOR ACRÍLICO TRANSPARENTE SEMILUSTRE). | H66: M2 | J66: 3601 | K66: 46998 | L66: 169239798
C67: 3837 | D67: 2.033 | G67: SELLADO DE JUNTAS EN PAVIMENTO DE CONCRETO HIDRAULICO (Incluye Limpieza, Suministro e Instalación de Fondo y Sellante) | H67: ML | J67: 2739 | K67: 10230 | L67: 28019970
C68: 4239 | D68: 2.034 | G68: CORTE Y AMPLIACIÓN DE JUNTA EN PAVIMENTO DE CONCRETO HIDRAULICO | H68: ML | J68: 2739 | K68: 5547 | L68: 15193233
C69: 8512 | D69: 2.035 | G69: SARDINEL ESPECIAL A116 PARA RAMPA VEHICULAR TIPO C (Suministro e instalación, incluye 3cm de Mortero 1:5 | H69: ML | J69: 19 | K69: 213800 | L69: 4062200
C70: 8501 | D70: 2.036 | G70: PIEZA DE REMATE CURVA A117 PARA RAMPA VEHICULAR TIPO C (600x400x450mm). Incluye suministro e instalación. Incluye 3cm de mortero 1:5. | H70: UN | J70: 8 | K70: 156147 | L70: 1249176
G71: POMPEYANO
C72: 4023 | D72: 2.037 | G72: GEOTEXTIL NT 6000 PARA ESTABILIZACION SUBRASANTE/CAPAS GRANULARES (Inc. Suministro e Instalación) | H72: M2 | J72: 168 | K72: 15471 | L72: 2599128
C73: 3454 | D73: 2.038 | G73: ESTABILIZACIÓN DE SUBRASANTE CON RAJÓN (Suministro, Extendido, Nivelación y Compactación Manual) | H73: M3 | J73: 43 | K73: 98437 | L73: 4232791
C74: 4487 | D74: 2.039 | G74: BASE GRANULAR CLASE A (BG_A) (Suministro, Extendido Manual, Humedecimiento y Compactación) | H74: M3 | J74: 21 | K74: 178018 | L74: 3738378
C75: 3748 | D75: 2.04 | G75: LOSA DE CONCRETO MR45 (Suministro, Formaleteado, Colocación y Acabado. No Incluye Acero, Curado, Juntas) | H75: M3 | J75: 30 | K75: 657536 | L75: 19726080
C76: 3708 | D76: 2.041 | G76: ACERO DE REFUERZO (Incluye Suministro, Figurado y Fijación) | H76: KG | J76: 1430 | K76: 4357 | L76: 6230510
C77: 6099 | D77: 2.042 | G77: ESTAMPADO PARA CONCRETO MR DE POMPEYANOS, ACCESOS VEHICULARES A PREDIOS Y VÍAS (ACABADO Y CURADO, SUMINISTRO Y MANO DE OBRA. INCLUYE JUEGO DE MOLDES, COLOR ENDURECEDOR DE CUARZO, DESMOLDANTE EN POLVO COLOR, SELLADOR ACRÍLICO TRANSPARENTE SEMILUSTRE). | H77: M2 | J77: 143 | K77: 46998 | L77: 6720714
C78: 3837 | D78: 2.043 | G78: SELLADO DE JUNTAS EN PAVIMENTO DE CONCRETO HIDRAULICO (Incluye Limpieza, Suministro e Instalación de Fondo y Sellante) | H78: ML | J78: 55 | K78: 10230 | L78: 562650
C79: 4239 | D79: 2.044 | G79: CORTE Y AMPLIACIÓN DE JUNTA EN PAVIMENTO DE CONCRETO HIDRAULICO | H79: ML | J79: 55 | K79: 5547 | L79: 305085
C80: 3454 | D80: 2.045 | G80: ESTABILIZACIÓN DE SUBRASANTE CON RAJÓN (Suministro, Extendido, Nivelación y Compactación Manual) | H80: M3 | J80: 1425 | K80: 98437 | L80: 140272725
G81: CICLO RUTA
C82: 4023 | D82: 2.046 | G82: GEOTEXTIL NT 6000 PARA ESTABILIZACION SUBRASANTE/CAPAS GRANULARES (Inc. Suministro e Instalación) | H82: M2 | J82: 10542 | K82: 15471 | L82: 163095282
C83: 3454 | D83: 2.047 | G83: ESTABILIZACIÓN DE SUBRASANTE CON RAJÓN (Suministro, Extendido, Nivelación y Compactación Manual) | H83: M3 | J83: 1679 | K83: 98437 | L83: 165275723
C84: 4513 | D84: 2.048 | G84: BASE GRANULAR CLASE C (BG_C) (Suministro, Extendido Manual, Humedecimiento y Compactación) | H84: M3 | J84: 1119 | K84: 188317 | L84: 210726723
C85: 3864 | D85: 2.049 | G85: IMPRIMACION CON EMULSION ASFALTICA CRL-0 (Suministro, Barrido Superficie y Riego) | H85: M2 | J85: 5595 | K85: 2575 | L85: 14407125
C86: 4567 | D86: 2.05 | G86: MEZCLA ASFÁLTICA EN CALIENTE TIPO DENSO MD12 ASF CONVENCIONAL con Cemento Asfáltico 80-100 (Suministro, Extendido y Nivelación Manual y Compactación con vibrocompactador Benitin de 1 tonelada incluye operario y combustible) | H86: M3 | J86: 280 | K86: 1185131 | L86: 331836680
G87: ZONA REDUCCIÓN DE ANDÉN Y AMPLIACIÓN DE CALZADA
C88: 4023 | D88: 2.051 | G88: GEOTEXTIL NT 6000 PARA ESTABILIZACION SUBRASANTE/CAPAS GRANULARES (Inc. Suministro e Instalación) | H88: M2 | J88: 4048 | K88: 15471 | L88: 62626608
C89: 3454 | D89: 2.052 | G89: ESTABILIZACIÓN DE SUBRASANTE CON RAJÓN (Suministro, Extendido, Nivelación y Compactación Manual) | H89: M3 | J89: 656 | K89: 98437 | L89: 64574672
C90: 4557 | D90: 2.053 | G90: SUBBASE GRANULAR CLASE C (SBG_C) (Suministro, Extendido Manual, Humedecimiento y Compactación) | H90: M3 | J90: 656 | K90: 178018 | L90: 116779808
C91: 4513 | D91: 2.054 | G91: BASE GRANULAR CLASE C (BG_C) (Suministro, Extendido Manual, Humedecimiento y Compactación) | H91: M3 | J91: 112 | K91: 188317 | L91: 21091504
C92: 3864 | D92: 2.055 | G92: IMPRIMACION CON EMULSION ASFALTICA CRL-0 (Suministro, Barrido Superficie y Riego) | H92: M2 | J92: 2186 | K92: 2575 | L92: 5628950
C93: 4567 | D93: 2.056 | G93: MEZCLA ASFÁLTICA EN CALIENTE TIPO DENSO MD12 ASF CONVENCIONAL con Cemento Asfáltico 80-100 (Suministro, Extendido y Nivelación Manual y Compactación con vibrocompactador Benitin de 1 tonelada incluye operario y combustible) | H93: M3 | J93: 350 | K93: 1185131 | L93: 414795850
C94: 6309 | D94: 2.057 | G94: GEOMALLA FORTGRID BX-50. SUMINISTRO E INSTALACIÓN. | H94: M2 | J94: 1446 | K94: 16261 | L94: 23513406
G95: BICICARRIL
C96: 7751 | D96: 2.058 | G96: FRESADO PAVIMENTO ASFÁLTICO (Incluye Cargue) Incluye agua, puntas. No incluye transporte de maquinaria, transporte del fresado ni disposición final). | H96: M3 | J96: 80 | K96: 91503 | L96: 7320240
C97: 4613 | D97: 2.059 | G97: TRANSPORTE Y DISPOSICION FINAL DE ESCOMBROS EN SITIO AUTORIZADO (distancia de transporte 28 Km) | H97: M3 | J97: 104 | K97: 59050 | L97: 6141200
C98: 3866 | D98: 2.06 | G98: RIEGO DE LIGA CON EMULSION ASFALTICA CRR-1 (Suministro, Barrido Superficie y Riego) | H98: M2 | J98: 998 | K98: 1907 | L98: 1903186
C99: 4567 | D99: 2.061 | G99: MEZCLA ASFÁLTICA EN CALIENTE TIPO DENSO MD12 ASF CONVENCIONAL con Cemento Asfáltico 80-100 (Suministro, Extendido y Nivelación Manual y Compactación con vibrocompactador Benitin de 1 tonelada incluye operario y combustible) | H99: M3 | J99: 80 | K99: 1185131 | L99: 94810480
G100: MOBILIARIO URBANO
C101: 4697 | D101: 2.062 | G101: BOLARDO EN HIERRO TIPO M62 (Suministro e Instalación. Incluye base en Concreto 3000 PSI, Premezclado) | H101: UN | J101: 13 | K101: 190864 | L101: 2481232
C102: 4699 | D102: 2.063 | G102: BOLARDO EN HIERRO TIPO M63 (Suministro e Instalación. Incluye base en Concreto 3000 PSI premezclado) | H102: UN | J102: 800 | K102: 188992 | L102: 151193600
C103: 4920 | D103: 2.064 | G103: CANECA DE ACERO INOXIDABLE M121 TIPO BARCELONA (SUMINISTRO E INSTALACIÓN. INCLUYE CONCRETO PARA ANCLAJE DE 3000 PSI PREMEZCLADO GRAVA COMÚN. | H103: UN | J103: 74 | K103: 643412 | L103: 47612488
C104: 3557 | D104: 2.065 | G104: PARADERO TIPO M10 (Inc. Sum. e Inst. Inc. bases en Concreto 3000 PSI, Hecho en Obra. No incluye losas de Concreto) | H104: UN | J104: 5 | K104: 11667551 | L104: 58337755
G105: MANTENIMIENTO CORRECTIVO ESPACIO PUBLICO Y CICLORUTAS
C106: 6167 | D106: 2.066 | G106: MANTENIMIENTO CORRECTIVO DE ESPACIO PUBLICO LOSETA A-50 SOBRE ARENA. INCL. RETIRO LOSETA E INSTALAR LA MISMA. | H106: M2 | J106: 1622 | K106: 27619 | L106: 44798018
C107: 4705 | D107: 2.067 | G107: MANTENIMIENTO CORRECTIVO DE ESPACIO PUBLICO LOSETA A-50 SOBRE ARENA. INCL. RETIRO LOSETA E INSTALAR NUEVA | H107: M2 | J107: 180 | K107: 82545 | L107: 14858100
C108: 4819 | D108: 2.068 | G108: MANTENIMIENTO CORRECTIVO DE CICLORUTAS EN PAVIMENTO ASFALTICO ANCHO 2.5MT. INCLUYE SELLO DE FISURAS EN EL 50% DEL AREA Y REPOSICION DE CARPETA EN EL 50% DEL AREA RESTANTE TRANSP. Y DISPOSICIÓN FINAL DE ESCOMBROS A 21 KM. | H108: ML | J108: 1059 | K108: 170205 | L108: 180247095
G109: PAISAJISMO
G110: ZONAS VERDES
C111: 3721 | D111: 2.069 | G111: SIEMBRA DE GRAMA (incluye Suministro e Instalación. Incluye 10cm de Tierra Negra) | H111: M2 | J111: 4792 | K111: 18141 | L111: 86931672
C112: 3018 | D112: 2.07 | G112: RELLENO EN TIERRA NEGRA PARA EMPRADIZACION (Suministro y Extendido) | H112: M3 | J112: 3958 | K112: 70212 | L112: 277899096
...

Sheet PRELIMINARES
B2: FORMATO | D2: CÓDIGO | E2: PROCESO | H2: VERSIÓN
B3: MATRIZ PARA CÁLCULO PRELIMINARES
B4: INSTITUTO DE DESARROLLO URBANO
B5: SUBDIRECCIÓN GENERAL DE DESARROLLO URBANO
B6: DIRECCIÓN TÉCNICA DE PROYECTOS
B8: OBJETO DE LA CONTRATACIÓN: | D8: CONSTRUCCIÓN ACERAS Y CICLORRUTA CALLE 92 Y CALLE 94 DESDE CARRERA 7 HASTA LA AUTOPISTA NORTE Y OBRAS COMPLEMENTARIAS, EN BOGOTÁ, D.C.
B10: TERMINO ESTIMADO FASE PRELIMINARES | E10: 2 | F10: MESES | H10: FECHA: | I10: 44029
C12: 1. COSTOS DE PERSONAL
C13: CARGO | E13: CANTIDAD | F13: CATEGORÍA | G13: DEDICACIÓN FASE DE PRELIMINARES (MES) | H13: TARIFA (MES) | I13: FACTOR PRESTACIONAL | J13: N. MESES PRELIMINARES | K13: SALARIO + PRESTACIONES
E14: A | G14: B | H14: C | I14: D | J14: E | K14: F= A*B*C*D*E
A15: CÓD. IDU | B15: 1.1 | C15: PERSONAL PROFESIONAL (Ingenieros y Otros)
A16: 9109 | B16: 1.101 | C16: DIRECTOR DE OBRA | E16: 1 | F16: 3 | G16: 0.25 | H16: 7650000 | I16: 1.4508 | J16: 2 | K16: 5549310
A17: 9111 | B17: 1.102 | C17: COORDINADOR GENERAL | E17: 1 | F17: 5 | G17: 0.25 | H17: 5875000 | I17: 1.4517 | J17: 2 | K17: 4264369
A18: 9110 | B18: 1.103 | C18: ESPECIALISTA EN DISEÑO GEOMÉTRICO | E18: 1 | F18: 4 | G18: 0.25 | H18: 6514000 | I18: 1.4513 | J18: 2 | K18: 4726884
A19: 9109 | B19: 1.104 | C19: ESPECIALISTA EN URBANISMO Y ESPACIO PÚBLICO | E19: 1 | F19: 3 | G19: 0.5 | H19: 7650000 | I19: 1.4508 | J19: 2 | K19: 11098620
A20: 9110 | B20: 1.105 | C20: ESPECIALISTA EN GEOTECNIA | E20: 1 | F20: 4 | G20: 0.25 | H20: 6514000 | I20: 1.4513 | J20: 2 | K20: 4726884
A21: 9110 | B21: 1.106 | C21: ESPECIALISTA EN PAVIMENTOS | E21: 1 | F21: 4 | G21: 0.25 | H21: 6514000 | I21: 1.4513 | J21: 2 | K21: 4726884
A22: 9110 | B22: 1.107 | C22: ESPECIALISTA EN REDES HIDROSANITARIAS | E22: 1 | F22: 4 | G22: 0.25 | H22: 6514000 | I22: 1.4513 | J22: 2 | K22: 4726884
A23: 9110 | B23: 1.108 | C23: ESPECIALISTA EN REDES ELÉCTRICAS, GAS, TELÉFONO Y FIBRA ÓPTICA | E23: 1 | F23: 4 | G23: 0.25 | H23: 6514000 | I23: 1.4513 | J23: 2 | K23: 4726884
A24: 9111 | B24: 1.109 | C24: PROFESIONAL EN PRESUPUESTO Y PROGRAMACIÓN | E24: 1 | F24: 5 | G24: 0.25 | H24: 5875000 | I24: 1.4517 | J24: 2 | K24: 4264369
A25: 9112 | B25: 1.11 | C25: PROFESIONAL BIC | E25: 1 | F25: 6 | G25: 0.25 | H25: 5240000 | I25: 1.4521 | J25: 2 | K25: 3804502
A26: 9112 | B26: 1.111 | C26: ARQUEÓLOGO | E26: 1 | F26: 6 | G26: 0.25 | H26: 5240000 | I26: 1.4521 | J26: 2 | K26: 3804502
A27: 9113 | B27: 1.112 | C27: PROFESIONAL EN SIG CAD | E27: 1 | F27: 7 | G27: 0.25 | H27: 3961000 | I27: 1.4535 | J27: 2 | K27: 2878657
B28: 1.2 | C28: PERSONAL TÉCNICO Y PERSONAL AUXILIAR
A29: 9085 | B29: 1.201 | C29: TARIFA MES - PERSONAL TÉCNICO - AUXILIAR DE INGENIERÍA (No incluye Factor de Prestaciones) | E29: 1 | F29: N/A | G29: 0.25 | H29: 2155000 | I29: 1.4581 | J29: 2 | K29: 1571103
A30: 9088 | B30: 1.202 | C30: TARIFA MES - PERSONAL TÉCNICO - TOPÓGRAFO INSPECTOR (No incluye Factor de Prestaciones) | E30: 4 | F30: N/A | G30: 0.4 | H30: 2555000 | I30: 1.4565 | J30: 2 | K30: 11908344
A31: 9098 | B31: 1.203 | C31: TARIFA MES - PERSONAL AUXILIAR TÉCNICO - CADENERO 1 (No incluye Factor de Prestaciones) | E31: 4 | F31: N/A | G31: 0.4 | H31: 1584000 | I31: 1.5601 | J31: 2 | K31: 7907835
A32: 9099 | B32: 1.204 | C32: TARIFA MES - PERSONAL AUXILIAR TÉCNICO - CADENERO 2 (No incluye Factor de Prestaciones) | E32: 4 | F32: N/A | G32: 0.4 | H32: 1380000 | I32: 1.5767 | J32: 2 | K32: 6962707
A33: 9089 | B33: 1.205 | C33: TARIFA MES - PERSONAL TÉCNICO - LABORATORISTA INSPECTOR (No incluye Factor de Prestaciones) | E33: 1 | F33: N/A | G33: 0.25 | H33: 2264000 | I33: 1.4576 | J33: 2 | K33: 1650003
A34: 9087 | B34: 1.206 | C34: TARIFA MES - PERSONAL TÉCNICO - DIBUJANTE 2 (No incluye Factor de Prestaciones) | E34: 1 | F34: N/A | G34: 0.25 | H34: 1826000 | I34: 1.46 | J34: 2 | K34: 1332980
B35: 1.3 | C35: PERSONAL ADMINISTRATIVO
A36: 9100 | B36: 1.301 | C36: TARIFA MES - PERSONAL AUXILIAR TÉCNICO - CONDUCTOR O MOTORISTA (No incluye Factor de Prestaciones) | E36: 1 | F36: N/A | G36: 0.5 | H36: 1149000 | I36: 1.6026 | J36: 2 | K36: 1841387
A37: 9105 | B37: 1.302 | C37: TARIFA MES - PERSONAL ADMINISTRATIVO - SECRETARIA 2 (No incluye Factor de Prestaciones) | E37: 1 | F37: N/A | G37: 0.5 | H37: 1149000 | I37: 1.6026 | J37: 2 | K37: 1841387
C38: SUBTOTAL COSTOS DE PERSONAL | K38: 94314495
A40: CÓD. IDU | B40: 2 | C40: GASTOS OPERACIONALES | E40: CANT. | F40: ÁREA (M2) | G40: DEDICACIÓN FASE DE PRELIMINARES | H40: DEDICACIÓN X ÁREA (M2) | I40: COSTO ($/M2.MES) | J40: N. MESES PRELIMINARES | K40: VALOR ($)
A41: 9576 | B41: 2.001 | C41: ALQUILER MES - ARRIENDO OFICINA INCL. ADMINISTRACIÓN, SERVICIOS PÚBLICOS, COMUNICACIONES | E41: 1 | F41: 50 | G41: 1 | H41: 50 | I41: 29634 | J41: 2 | K41: 2963400
A42: 9577 | B42: 2.002 | C42: ALQUILER MES - CAMPAMENTOS INCL. SERVICIOS PÚBLICOS PROVISIONALES | E42: 1 | F42: 100 | G42: 0.25 | H42: 25 | I42: 11956 | J42: 2 | K42: 597800
A43: 9578 | B43: 2.003 | C43: TARIFA GLOBAL - GASTOS OFICINA (PAPELERIA, FOTOCOPIAS Y OTROS) | E43: 1 | F43: N/A | G43: 1 | H43: N/A | I43: 783688 | J43: 2 | K43: 1567376
A44: 9456 | B44: 2.004 | C44: ALQUILER MES - CAMPERO PICK-UP, CAMIONETA DE 1300-2000cc - MODELO 2012 - 2009 - INCIDENCIA 75% | E44: 1 | F44: N/A | G44: 0.5 | H44: N/A | I44: 4503000 | J44: 2 | K44: 4503000
A45: 9117 | B45: 2.005 | C45: ALQUILER MES - LABORATORIO - Estudios (Equipo completo) | E45: 1 | F45: N/A | G45: 0.25 | H45: N/A | I45: 5289000 | J45: 2 | K45: 2644500
A46: 9115 | B46: 2.006 | C46: ALQUILER MES - EQUIPO DE TOPOGRAFÍA (Incluye tránsito, nivel y elementos complementarios). | E46: 4 | F46: N/A | G46: 0.4 | H46: N/A | I46: 3391000 | J46: 2 | K46: 10851200
C47: SUBTOTAL GASTOS OPERACIONALES | K47: 23127276
A49: CÓD. IDU | B49: 3 | C49: ENSAYOS DE LABORATORIO | E49: CANT. | F49: UN | G49: COSTO UNITARIO SIN IVA($) FASE DE PRELIMINARES | I49: F.M | K49: VALOR ($)
A50: 10996 | B50: 3.001 | C50: APIQUE MANUAL HASTA 2 M DE 1.5 M X 1.5 M - RELLENO Y ADECUACIÓN DEL SITIO - INCLUYE TRANSPORTE | E50: 11 | F50: UN | G50: 308200 | I50: 1.1 | K50: 3729220
A51: 11101 | B51: 3.002 | C51: PERFORACIÓN MECÁNICA POR PERCUSIÓN Y LAVADO EN SUELO BLANDO DE 0 a 10m. Incl descrip visual de estratos encontrados,lecturas de campo,tipo y prof. muestras recuperadas,datos nivel freático,SPT,Veleta | E51: 17 | F51: ML | G51: 66000 | I51: 1.1 | K51: 1234200
A52: 7488 | B52: 3.003 | C52: DETERMINACIÓN EN EL LABORATORIO DEL CONTENIDO DE AGUA (HUMEDAD) DE MUESTRAS DE SUELO, ROCA Y MEZCLAS DE SUELO - AGREGADO | E52: 43 | F52: UN | G52: 11550 | I52: 1.1 | K52: 546315
A53: 10019 | B53: 3.004 | C53: DETERMINACIÓN LÍMITE LÍQUIDO, LÍMITE PLÁSTICO E ÍNDICE DE PLASTICIDAD DE SUELOS | E53: 43 | F53: UN | G53: 45000 | I53: 1.1 | K53: 2128500
A54: 7490 | B54: 3.005 | C54: DETERMINACIÓN DE LOS TAMAÑOS DE LAS PARTÍCULAS DE LOS SUELOS (GRANULOMETRÍA POR TAMIZADO E HIDROMETRÍA) | E54: 43 | F54: UN | G54: 185900 | I54: 1.1 | K54: 8793070
A55: 8012 | B55: 3.006 | C55: CBR SOBRE MUESTRA INALTERADA (SUELOS COHESIVOS) | E55: 11 | F55: UN | G55: 112000 | I55: 1.1 | K55: 1355200
A56: 7496 | B56: 3.007 | C56: DETERMINACIÓN DE LOS FACTORES DE CONTRACCIÓN DE LOS SUELOS | E56: 6 | F56: UN | G56: 57876 | I56: 1.1 | K56: 381982
A57: 10024 | B57: 3.008 | C57: DETERMINACIÓN DEL POTENCIAL DE CAMBIO VOLUMÉTRICO DE UN SUELO EMPLEANDO EL APARATO DE LAMBE | E57: 6 | F57: UN | G57: 180000 | I57: 1.1 | K57: 1188000
A58: 7511 | B58: 3.009 | C58: CBR DE SUELOS COMPACTADOS EN EL LABORATORIO (SUELOS GRANULARES) | E58: 6 | F58: UN | G58: 277479 | I58: 1.1 | K58: 1831361
A59: 8062 | B59: 3.01 | C59: MÓDULO RESILIENTE DE SUELOS Y AGREGADOS | E59: 4 | F59: UN | G59: 920000 | I59: 1.1 | K59: 4048000
C60: SUBTOTAL ENSAYOS | K60: 25235848
B62: SUBTOTAL COSTOS PERSONAL + GASTOS OPERACIONALES + ENSAYOS LABORATORIO PARA FASE PRELIMINARES | K62: 142677619
B63: IVA | J63: 0.19 | K63: 27108748
B64: A. | C64: SUBTOTAL COSTOS ESTIMADO PARA FASE PRELIMINARES (INCLUYE IVA) | K64: 169786367
B67: TERMINO ESTIMADO PRELIMINARES - GESTION Y AVALES ANTE TERCEROS Y MODIFICACIONES DE DISEÑOS. | E67: 2 | F67: MESES
C69: COSTOS DE PERSONAL
C70: CARGO | E70: lim | F70: CATEGORÍA | G70: DEDICACIÓN FASE DE PRELIMINARES (MES) | H70: TOPE SALARIO (MES) INCLUYE F.P | I70: FACTOR PRESTACIONAL | J70: N. MESES PRELIMINARES | K70: SALARIO + PRESTACIONES
E71: A | G71: B | H71: C | I71: D | J71: E | K71: F= A*B*C*E
A72: CÓD. IDU | B72: 4 | C72: PERSONAL PROFESIONAL (Ingenieros y Otros)
A73: 9467 | B73: 4.001 | C73: ESPECIALISTA EN URBANISMO Y ESPACIO PÚBLICO | E73: 1 | F73: 3 | G73: 1 | H73: 11099385 | I73: N.A | J73: 2 | K73: 22198770
A74: 9468 | B74: 4.002 | C74: ESPECIALISTA EN REDES HIDROSANITARIAS | E74: 1 | F74: 4 | G74: 1 | H74: 9454420 | I74: N.A | J74: 2 | K74: 18908840
A75: 9468 | B75: 4.003 | C75: ESPECIALISTA EN REDES ELÉCTRICAS, GAS, TELÉFONO Y FIBRA ÓPTICA | E75: 1 | F75: 4 | G75: 1 | H75: 9454420 | I75: N.A | J75: 2 | K75: 18908840
A76: 9471 | B76: 4.004 | C76: INGENIERO ESPECIALISTA EN SIG CAD | E76: 1 | F76: 7 | G76: 0.5 | H76: 5757314 | I76: N.A | J76: 2 | K76: 5757314
A77: 9469 | B77: 4.005 | C77: ESPECIALISTA AMBIENTAL | E77: 1 | F77: 5 | G77: 0.5 | H77: 8528738 | I77: N.A | J77: 2 | K77: 8528738
A78: 9469 | B78: 4.006 | C78: ESPECIALISTA FORESTAL | E78: 1 | F78: 5 | G78: 0.5 | H78: 8528738 | I78: N.A | J78: 2 | K78: 8528738
A79: 9468 | B79: 4.007 | C79: ESPECIALISTA EN TRÁNSITO Y TRANSPORTE | E79: 1 | F79: 4 | G79: 0.5 | H79: 9454420 | I79: N.A | J79: 2 | K79: 9454420
C80: SUBTOTAL COSTOS DE PERSONAL | K80: 92285660
B81: SUBTOTAL COSTOS DE PERSONAL INCLUYENDO FACTOR MULTIPLICADOR | J81: 1.1 | K81: 101514226
B82: IVA | J82: 0.19 | K82: 19287703
B83: B | C83: SUBTOTAL COSTOS ESTIMADOS PARA GESTION Y AVALES ANTE TERCEROS Y MODIFICACIONES DE DISEÑOS (INCLUYE F.M E IVA) | K83: 120801929
C86: TOTAL COSTOS ESTIMADOS PARA FASE PRELIMINARES (INCLUYE IVA) | I86: ( A + B ) | K86: 290588296

Sheet AIU
B2: FORMATO | D2: CÓDIGO | E2: PROCESO | I2: VERSIÓN
B3: MATRIZ PARA CÁLCULO DE A.I.U. | D3: FO-DP-01 | E3: Proyectos | I3: 2.0
B4: INSTITUTO DE DESARROLLO URBANO
B5: SUBDIRECCIÓN GENERAL DE DESARROLLO URBANO
B6: DIRECCIÓN TÉCNICA DE PROYECTOS
B8: OBJETO DE LA CONTRATACIÓN: | D8: CONSTRUCCIÓN ACERAS Y CICLORRUTA CALLE 92 Y CALLE 94 DESDE CARRERA 7 HASTA LA AUTOPISTA NORTE Y OBRAS COMPLEMENTARIAS, EN BOGOTÁ, D.C.
B10: COSTO DIRECTO ESTIMADO DE OBRA (CD) | E10: 18895744272 | I10: FECHA: | J10: 44029
B11: TERMINO ESTIMADO PRELIMINARES | E11: 2 | F11: MESES | I11: CONTRATO No.
B12: TERMINO ESTIMADO DE EJECUCIÓN DE OBRA | E12: 17 | F12: MESES
B13: TERMINO ESTIMADO DE RECIBO DE OBRA | E13: 1 | F13: MESES
B15: COSTOS ESTIMADOS PARA PRELIMINARES | E15: 290588296
B16: COSTOS ESTIMADOS PARA COMPENSACIONES A SDA | E16: 100398937
B17: COSTOS ESTIMADOS PARA ENSAYOS DE LABORATORIO | E17: 247519103
B18: AJUSTES POR CAMBIO DE VIGENCIA | E18: 1127732403
B19: FONDO PARA MAYORES CANTIDADES DE OBRA E ITEMS NO PREVISTOS | E19: 632052872
A21: CÓD. IDU | B21: ÍTEM | C21: A. ADMINISTRACIÓN
C22: 1. COSTOS DE PERSONAL
C23: CARGO | E23: CANTIDAD | F23: CATEGORÍA | G23: DEDICACIÓN FASE DE OBRA (MES) | H23: DEDICACIÓN FASE DE RECIBO (MES) | I23: TARIFA (MES) | J23: FACTOR PRESTACIONAL | K23: N. MESES OBRA | L23: N. MESES RECIBO | M23: SALARIO + PRESTACIONES
E24: A | G24: B | H24: C | I24: D | J24: E | K24: F | L24: G | M24: H = A*D*E*(B*F+C*G)
B25: 1.1 | C25: PERSONAL PROFESIONAL (Ingenieros y Otros)
A26: 9109 | B26: 1.101 | C26: DIRECTOR DE OBRA | E26: 1 | F26: 3 | G26: 0.5 | H26: 0.5 | I26: 7650000 | J26: 1.4508 | K26: 17 | L26: 1 | M26: 99887580
A27: 9111 | B27: 1.102 | C27: COORDINADOR GENERAL | E27: 1 | F27: 5 | G27: 1 | H27: 0.5 | I27: 5875000 | J27: 1.4517 | K27: 17 | L27: 1 | M27: 149252906
A28: 9111 | B28: 1.103 | C28: INGENIERO RESIDENTE DE OBRA | E28: 2 | F28: 5 | G28: 1 | H28: 1 | I28: 5875000 | J28: 1.4517 | K28: 17 | L28: 1 | M28: 307034550
A29: 9110 | B29: 1.104 | C29: ESPECIALISTA EN DISEÑO GEOMÉTRICO | E29: 1 | F29: 4 | G29: 0.15 | H29: 0 | I29: 6514000 | J29: 1.4513 | K29: 17 | L29: 1 | M29: 24107109
A30: 9109 | B30: 1.105 | C30: ESPECIALISTA EN URBANISMO Y ESPACIO PÚBLICO | E30: 1 | F30: 3 | G30: 0.5 | H30: 0.4 | I30: 7650000 | J30: 1.4508 | K30: 17 | L30: 1 | M30: 98777718
A31: 9110 | B31: 1.106 | C31: ESPECIALISTA EN GEOTECNIA | E31: 1 | F31: 4 | G31: 0.15 | H31: 0 | I31: 6514000 | J31: 1.4513 | K31: 17 | L31: 1 | M31: 24107109
A32: 9110 | B32: 1.107 | C32: ESPECIALISTA EN PAVIMENTOS | E32: 1 | F32: 4 | G32: 0.2 | H32: 0.35 | I32: 6514000 | J32: 1.4513 | K32: 17 | L32: 1 | M32: 35451631
A33: 9110 | B33: 1.108 | C33: ESPECIALISTA EN REDES HIDROSANITARIAS | E33: 1 | F33: 4 | G33: 0.2 | H33: 0.15 | I33: 6514000 | J33: 1.4513 | K33: 17 | L33: 1 | M33: 33560877
A34: 9110 | B34: 1.109 | C34: ESPECIALISTA EN REDES ELÉCTRICAS, GAS, TELÉFONO Y FIBRA ÓPTICA | E34: 1 | F34: 4 | G34: 0.2 | H34: 0.15 | I34: 6514000 | J34: 1.4513 | K34: 17 | L34: 1 | M34: 33560877
A35: 9111 | B35: 1.11 | C35: PROFESIONAL EN PRESUPUESTO Y PROGRAMACIÓN | E35: 1 | F35: 5 | G35: 0.2 | H35: 0.25 | I35: 5875000 | J35: 1.4517 | K35: 17 | L35: 1 | M35: 31129892
A36: 9112 | B36: 1.111 | C36: ARQUEÓLOGO | E36: 1 | F36: 6 | G36: 1 | H36: 0 | I36: 5240000 | J36: 1.4521 | K36: 17 | L36: 1 | M36: 129353068
A37: 9113 | B37: 1.112 | C37: PROFESIONAL SIG CAD | E37: 1 | F37: 7 | G37: 0.2 | H37: 0.2 | I37: 3961000 | J37: 1.4535 | K37: 17 | L37: 1 | M37: 20726329
B38: 1.2 | C38: PERSONAL TÉCNICO Y PERSONAL AUXILIAR
A39: 9085 | B39: 1.201 | C39: TARIFA MES - PERSONAL TÉCNICO - AUXILIAR DE INGENIERÍA (No incluye Factor de Prestaciones) | E39: 1 | F39: N/A | G39: 0.5 | H39: 0.5 | I39: 2155000 | J39: 1.4581 | K39: 17 | L39: 1 | M39: 28279850
A40: 9094 | B40: 1.202 | C40: TARIFA MES - PERSONAL TÉCNICO - INSPECTOR 2 (No incluye Factor de Prestaciones) | E40: 4 | F40: N/A | G40: 1 | H40: 0 | I40: 1674000 | J40: 1.5541 | K40: 17 | L40: 1 | M40: 176906311
A41: 9088 | B41: 1.203 | C41: TARIFA MES - PERSONAL TÉCNICO - TOPÓGRAFO INSPECTOR (No incluye Factor de Prestaciones) | E41: 4 | F41: N/A | G41: 0.6 | H41: 0 | I41: 2555000 | J41: 1.4565 | K41: 17 | L41: 1 | M41: 151831386
A42: 9098 | B42: 1.204 | C42: TARIFA MES - PERSONAL AUXILIAR TÉCNICO - CADENERO 1 (No incluye Factor de Prestaciones) | E42: 4 | F42: N/A | G42: 0.6 | H42: 0 | I42: 1584000 | J42: 1.5601 | K42: 17 | L42: 1 | M42: 100824895
A43: 9099 | B43: 1.205 | C43: TARIFA MES - PERSONAL AUXILIAR TÉCNICO - CADENERO 2 (No incluye Factor de Prestaciones) | E43: 4 | F43: N/A | G43: 0.6 | H43: 0 | I43: 1380000 | J43: 1.5767 | K43: 17 | L43: 1 | M43: 88774517
A44: 9089 | B44: 1.206 | C44: TARIFA MES - PERSONAL TÉCNICO - LABORATORISTA INSPECTOR (No incluye Factor de Prestaciones) | E44: 1 | F44: N/A | G44: 0.25 | H44: 0 | I44: 2264000 | J44: 1.4576 | K44: 17 | L44: 1 | M44: 14025027
B45: 1.3 | C45: PERSONAL ADMINISTRATIVO
A46: 9103 | B46: 1.301 | C46: TARIFA MES - PERSONAL ADMINISTRATIVO - AUXILIAR ADMINISTRATIVO-ALMACENISTA (No incluye Factor de Prestaciones) | E46: 1 | F46: N/A | G46: 1 | H46: 0 | I46: 1697000 | J46: 1.5527 | K46: 17 | L46: 1 | M46: 44793842
A47: 9100 | B47: 1.302 | C47: TARIFA MES - PERSONAL AUXILIAR TÉCNICO - CONDUCTOR O MOTORISTA (No incluye Factor de Prestaciones) | E47: 1 | F47: N/A | G47: 1 | H47: 0.5 | I47: 1149000 | J47: 1.6026 | K47: 17 | L47: 1 | M47: 32224280
A48: 9105 | B48: 1.303 | C48: TARIFA MES - PERSONAL ADMINISTRATIVO - SECRETARIA 2 (No incluye Factor de Prestaciones) | E48: 1 | F48: N/A | G48: 1 | H48: 0.5 | I48: 1149000 | J48: 1.6026 | K48: 17 | L48: 1 | M48: 32224280
C49: SUBTOTAL COSTOS DE PERSONAL | M49: 1656834034
A51: CÓD. IDU | B51: 2 | C51: GASTOS OPERACIONALES | E51: CANT. | F51: ÁREA (M2) | G51: DEDICACIÓN FASE DE OBRA | H51: DEDICACIÓN FASE DE RECIBO | I51: DEDICACIÓN X ÁREA (M2) | J51: COSTO ($/M2.MES) | K51: N. MESES OBRA | L51: N. MESES RECIBO | M51: VALOR ($)
A52: 9576 | B52: 2.001 | C52: ALQUILER MES - ARRIENDO OFICINA INCL. ADMINISTRACIÓN, SERVICIOS PÚBLICOS, COMUNICACIONES | E52: 1 | F52: 50 | G52: 0.5 | H52: 0.5 | I52: 25 | J52: 29634 | K52: 17 | L52: 1 | M52: 13335300
A53: 9577 | B53: 2.002 | C53: ALQUILER MES - CAMPAMENTOS INCL. SERVICIOS PÚBLICOS PROVISIONALES | E53: 1 | F53: 100 | G53: 1 | H53: 0.5 | I53: 100 | J53: 11956 | K53: 17 | L53: 1 | M53: 20923000
A54: 9578 | B54: 2.003 | C54: TARIFA GLOBAL - GASTOS OFICINA (PAPELERIA, FOTOCOPIAS Y OTROS) | E54: 1 | F54: N/A | G54: 0.5 | H54: 0.5 | I54: N/A | J54: 783688 | K54: 17 | L54: 1 | M54: 7053192
A55: 9456 | B55: 2.004 | C55: ALQUILER MES - CAMPERO PICK-UP, CAMIONETA DE 1300-2000cc - MODELO 2012 - 2009 - INCIDENCIA 75% | E55: 1 | F55: N/A | G55: 1 | H55: 0.5 | I55: N/A | J55: 4503000 | K55: 17 | L55: 1 | M55: 78802500
A56: 9117 | B56: 2.005 | C56: ALQUILER MES - LABORATORIO - Estudios (Equipo completo) | E56: 1 | F56: N/A | G56: 0.25 | H56: 0 | I56: N/A | J56: 5289000 | K56: 17 | L56: 1 | M56: 22478250
A57: 9115 | B57: 2.006 | C57: ALQUILER MES - EQUIPO DE TOPOGRAFÍA (Incluye tránsito, nivel y elementos complementarios). | E57: 4 | F57: N/A | G57: 0.6 | H57: 0 | I57: N/A | J57: 3391000 | K57: 17 | L57: 1 | M57: 138352800
C58: SUBTOTAL GASTOS OPERACIONALES | M58: 280945042
C60: TOTAL COSTOS PERSONAL + GASTOS OPERACIONALES POR EL TÉRMINO DE EJECUCIÓN DE OBRA (INCLUYE PLAZO DE ENTREGA DE OBRA) | M60: 1937779076
C61: TOTAL COSTOS PERSONAL + GASTOS OPERACIONALES POR EL TÉRMINO DE EJECUCIÓN EN PORCENTAJE DEL COSTO DIRECTO | M61: 0.10255
B63: 3. IMPUESTOS Y GARANTÍAS
B64: 3.1 | C64: IMPUESTOS
B65: ÍTEM | C65: DESCRIPCIÓN | J65: IMPUESTO | M65: VALOR ($)
B66: 3.101 | C66: Contribución Especial (Impuesto de Guerra Ley 1738 DIC18-2014 prorroga 4 años) | J66: 0.05 | M66: 1377935503
B67: 3.102 | C67: ICA (Ley 14 6jul1983, Res 219 25feb2004) | J67: 0.0069 | M67: 190155099
B68: 3.103 | C68: GMF (Ley 1739 23dic2014 modifica el Estatuto Tributario) | J68: 0.004 | M68: 110234840
B69: 3.104 | C69: Estampilla Universidad Distrital (Acuerdo 696 de 2017) | J69: 0.011 | M69: 303145811
B70: 3.105 | C70: Estampilla procultura (Acuerdo 187 20 dic 2005) | J70: 0.005 | M70: 137793550
B71: 3.106 | C71: Estampilla pro personas Mayores (Acuerdo 645 de 9 de junio de 2016) | J71: 0.02 | M71: 551174201
B72: 3.107 | C72: Estampilla Unipedagógica (Dec 584 de 19 dic 2014) | J72: 0.005 | M72: 137793550
C73: SUBTOTAL IMPUESTOS | M73: 2808232554
B75: 3.2 | C75: GARANTÍAS
B76: ÍTEM | C76: DESCRIPCIÓN | E76: VR. BASE | G76: % ASEGURADO | I76: VIGENCIA AMPARO (MESES) | J76: TASA ASEGURADORA | M76: VALOR ($)
B77: 3.201 | C77: Cumplimiento | D77: GARANTÍA ÚNICA | E77: 27558710053 | G77: 0.3 | I77: 28 | J77: 0.002 | M77: 45915786
B78: 3.202 | C78: Buen Manejo de Anticipo | E78: 3779148854 | G78: 1 | I78: 28 | J78: 0.002 | M78: 20989848
B79: 3.203 | C79: Salarios y Prestaciones Sociales | E79: 27558710053 | G79: 0.1 | I79: 56 | J79: 0.002 | M79: 30611516
B80: 3.204 | C80: Estabilidad de la Obra | E80: 25160418442 | G80: 0.3 | I80: 60 | J80: 0.002 | M80: 89825669
B81: 3.205 | C81: Predios, labores y Operaciones- Vigencia (Decreto 1082 de 2015 Sección III) | D81: RESPONSABILIDAD CIVIL EXTRACONTRACTUAL | E81: 27558710053 | G81: 0.05 | I81: 20 | J81: 0.003 | M81: 8201691
B82: 3.206 | C82: Colocación de elemento de publicidad exterior tipo valla de construcción (Resolución 931 de 2008, numeral 7 del artículo 7) | E82: 76470468 | G82: 100 SMMLV | I82: 20 | J82: 0.003 | M82: 457974
C83: SUBTOTAL GARANTÍAS | M83: 196002484
C85: TOTAL IMPUESTOS Y GARANTÍAS | M85: 3004235038
C86: TOTAL IMPUESTOS Y GARANTÍAS EN PORCENTAJE DEL COSTO DIRECTO | M86: 0.15899
C88: A. ADMINISTRACIÓN (1 + 2 + 3) | M88: 0.26154
C89: I. IMPREVISTOS | M89: 0.01
C90: U. UTILIDAD | M90: 0.06
C92: A.I.U. (ADMINISTRACIÓN, IMPREVISTOS Y UTILIDAD) | M92: 0.33154

Sheet AMBIENTAL
C2: INSTITUTO DE DESARROLLO URBANO
C3: SUBDIRECCIÓN GENERAL DE DESARROLLO URBANO
C4: DIRECCIÓN TÉCNICA DE PROYECTOS
C6: OBJETO DE LA CONTRATACIÓN: | F6: CONSTRUCCIÓN ACERAS Y CICLORRUTA CALLE 92 Y CALLE 94 DESDE CARRERA 7 HASTA LA AUTOPISTA NORTE Y OBRAS COMPLEMENTARIAS, EN BOGOTÁ, D.C.
C8: SISTEMA DE GESTIÓN AMBIENTAL, SEGURIDAD Y SALUD EN EL TRABAJO
C9: COMPONENTE A - PERSONAL
K11: PRELIMINARES | N11: 2 | O11: MESES
K12: EJECUCIÓN DE OBRA | N12: 17 | O12: MESES
C14: PRELIMINARES DE OBRA
B15: CÓD. IDU | C15: ÍTEMS | H15: UN. | I15: CAT | J15: CANT | K15: DEDIC H/MES | L15: TOTAL DEDIC H/PROY | M15: TARIFA (MES) | N15: F.P. | O15: TOTAL ACTIVIDAD
B16: 9111 | C16: 1 | D16: RESIDENTE AMBIENTAL | H16: MES | I16: 5 | J16: 1 | K16: 0.5 | L16: 1 | M16: 5875000 | N16: 1.4517 | O16: 8528738
B17: 9111 | C17: 2 | D17: RESIDENTE FORESTAL | H17: MES | I17: 5 | J17: 1 | K17: 0.5 | L17: 1 | M17: 5875000 | N17: 1.4517 | O17: 8528738
B18: 9111 | C18: 3 | D18: BIÓLOGO O ECÓLOGO | H18: MES | I18: 5 | J18: 1 | K18: 0.3 | L18: 0.6 | M18: 5875000 | N18: 1.4517 | O18: 5117243
B19: 9111 | C19: 4 | D19: RESIDENTE SST | H19: MES | I19: 5 | J19: 1 | K19: 0.5 | L19: 1 | M19: 5875000 | N19: 1.4517 | O19: 8528738
B20: 9112 | C20: 5 | D20: RESIDENTE MAQUINARIA Y EQUIPOS | H20: MES | I20: 6 | J20: 1 | K20: 0.1 | L20: 0.2 | M20: 5240000 | N20: 1.4521 | O20: 1521801
H21: SUBTOTAL PERSONAL PRELIMINARES | O21: 32225258
C23: EJECUCIÓN DE OBRAS
B24: CÓD. IDU | C24: ÍTEMS | H24: UN. | I24: CAT | J24: CANT | K24: DEDIC H/MES | L24: TOTAL DEDIC H/PROY | M24: TARIFA | N24: F.P. | O24: TOTAL ACTIVIDAD
B25: 9111 | C25: 1 | D25: RESIDENTE AMBIENTAL | H25: MES | I25: 5 | J25: 1 | K25: 0.5 | L25: 8.5 | M25: 5875000 | N25: 1.4517 | O25: 72494269
B26: 9111 | C26: 2 | D26: RESIDENTE FORESTAL | H26: MES | I26: 5 | J26: 1 | K26: 0.8 | L26: 13.6 | M26: 5875000 | N26: 1.4517 | O26: 115990830
B27: 9111 | C27: 3 | D27: BIÓLOGO O ECÓLOGO | H27: MES | I27: 5 | J27: 1 | K27: 0.3 | L27: 5.1 | M27: 5875000 | N27: 1.4517 | O27: 43496561
B28: 9111 | C28: 4 | D28: RESIDENTE SST | H28: MES | I28: 5 | J28: 1 | K28: 0.8 | L28: 13.6 | M28: 5875000 | N28: 1.4517 | O28: 115990830
B29: 9113 | C29: 5 | D29: INSPECTOR SST - MA | H29: MES | I29: 7 | J29: 3 | K29: 1 | L29: 51 | M29: 3961000 | N29: 1.4535 | O29: 293622989
B30: 9112 | C30: 6 | D30: RESIDENTE MAQUINARIA Y EQUIPOS | H30: MES | I30: 6 | J30: 1 | K30: 0.3 | L30: 5.1 | M30: 5240000 | N30: 1.4521 | O30: 38805920
B31: 9094 | C31: 7 | D31: TARIFA MES - PERSONAL TÉCNICO - INSPECTOR 2 (No incluye Factor de Prestaciones) | H31: MES | J31: 1 | K31: 1 | L31: 14 | M31: 1674000 | N31: 1.5541 | O31: 36421888
D32: BRIGADA DE ORDEN, ASEO Y LIMPIEZA
B33: 9455 | C33: 8 | D33: TARIFA MES - PERSONAL DE OBRA - AYUDANTE (No incluye Factor de Prestaciones) | H33: MES | J33: 4 | K33: 1 | L33: 68 | M33: 877803 | N33: 1.6504 | O33: 98513373
H34: SUBTOTAL PERSONAL OBRA | O34: 815336660
H36: SUBTOTAL COMPONENTE A | O36: 847561918
C38: COMPONTE B. MANEJO AMBIENTAL EN LA EJECUCIÓN DE LAS ACTIVIDADES CONSTRUCTIVAS
C39: ÍTEMS | G39: ESPECIFICACIÓN | H39: UN. | I39: CANTIDAD | K39: VALOR UNITARIO | N39: VALOR TOTAL
B40: CÓD. IDU | C40: B1 | D40: MANEJO DE CAMPAMENTOS FIJOS Y/O TEMPORALES
B41: 7558 | C41: 1.1 | D41: ALQUILER BAÑO PORTÁTIL | G41: BAÑO TIPO FLUSHING | H41: UN/MES | I41: 320 | K41: 333200 | N41: 106624000
B42: 4945 | C42: 1.2 | D42: DEMARCACIÓN ÁREA DE TRABAJO | G42: ALQUILER DE CERRAMIENTO TIPO 1: CONSTA DE SEÑALIZADORES TUBULARES PLÁSTICOS, TRIPLE CINTA PELIGRO CAL. 4, POLISOMBRA 65% PARA CERRAMIENTO. (INCLUYE INSTALACIÓN, MANTENIMIENTO Y DESINSTALACIÓN). | H42: ML/ME | I42: 3840 | K42: 5773 | N42: 22168320
H43: SUBTOTAL DEL PROGRAMA | N43: 128792320
B45: CÓD. IDU | C45: B 2 | D45: MANEJO DE MATERIALES DE CONSTRUCCIÓN
B46: 7556 | C46: 2.1 | D46: POLIETILENO NEGRO | G46: PLASTICO NEGRO CALIBRE 6 | H46: M2 | I46: 351 | K46: 1155 | N46: 405405
B47: 7554 | C47: 2.2 | D47: SEÑALES TUBULARES | G47: SEÑALIZACION TUBULAR COLOMBINA PLASTICA | H47: UN | I47: 25 | K47: 28560 | N47: 714000
B48: 7306 | C48: 2.3 | D48: CINTA DE DEMARCACIÓN | G48: CINTA DE DEMARCACION Cal. 3 (ROLLO 500mx0.10m) | H48: UN | I48: 4 | K48: 20439 | N48: 81756
H49: SUBTOTAL DEL PROGRAMA | N49: 1201161
B51: CÓD. IDU | C51: B 3 | D51: MANEJO INTEGRAL DE RESIDUOS SÓLIDOS
B52: 7812 | C52: 3.1 | D52: KIT BRIGADA DE ASEO Y LIMPIEZA | G52: CARRETILLA RUEDA NEUMATICA PLATON METALICO CAPACIDAD CINCO PIES CUBICOS MANGO MADERA TIPO BUGGY | H52: UN | I52: 12 | K52: 119900 | N52: 1438800
B53: 9287 | G53: PALA REDONDA 2 CON CABO | H53: UN | I53: 24 | K53: 28990 | N53: 695760
B54: 7811 | G54: CEPILLO INDUSTRIAL DE NYLON CON CABO DE 35CM A 42CM X 9CM X 17CM | H54: UN | I54: 24 | K54: 12000 | N54: 288000
B55: 7813 | G55: BARRA DE 18LB CON PUNTA Y PALA 150CM X 10CM | H55: UN | I55: 24 | K55: 79900 | N55: 1917600
B56: 7814 | G56: SERRUCHO DE 20" DIENTE ENDURECIDO | H56: UN | I56: 24 | K56: 15990 | N56: 383760
B57: 7815 | G57: MARTILLO DE BOLA DE 2LB | H57: UN | I57: 24 | K57: 41900 | N57: 1005600
B58: 9280 | G58: BOLSA PARA BASURA TIPO INDUSTRIAL NEGRA DE 60 x 90 Cm CALIBRE 2 (PAQUETE DE 30 UNIDADES) | H58: UN | I58: 648 | K58: 12900 | N58: 8359200
B59: 7571 | G59: CONOS H=1mt | H59: UN | I59: 48 | K59: 79900 | N59: 3835200
B60: 9290 | C60: 3.2 | D60: PUNTO ECOLÓGICO | G60: CANECA PLÁSTICA NEGRA DE 55 GALONES CON TAPA PLANA. | H60: UN | I60: 12 | K60: 26180 | N60: 314160
H61: SUBTOTAL DEL PROGRAMA | N61: 18238080
B63: CÓD. IDU | C63: B 4 | D63: CONTROL DE EMISIONES ATMOSFÉRICAS
B64: 4945 | C64: 4.1 | D64: DEMARCACIÓN DEL ÁREA DE TRABAJO | G64: ALQUILER DE CERRAMIENTO TIPO 1: CONSTA DE SEÑALIZADORES TUBULARES PLÁSTICOS, TRIPLE CINTA PELIGRO CAL. 4, POLISOMBRA 65% PARA CERRAMIENTO. (INCLUYE INSTALACIÓN, MANTENIMIENTO Y DESINSTALACIÓN). | H64: ML/ME | I64: 12694 | K64: 5773 | N64: 73282462
B65: 5166 | C65: 4.2 | G65: ALQUILER DE CERRAMIENTO TIPO 3, CONSTA DE SEÑALIZADORES TUBULARES PLASTICOS SEPARADOS ENTRE SI MAXIMO 3MTS TRIPLE CINTA PELIGRO CAL 4 (Incluye instalación, mantenimeinto y desinstalación). | H65: ML/ME | I65: 3174 | K65: 3730 | N65: 11839020
H66: SUBTOTAL DEL PROGRAMA | N66: 85121482
B68: CÓD. IDU | C68: B 5 | D68: MANEJO INTEGRAL DE CUERPOS DE AGUA Y SUMIDEROS
B69: 5168 | C69: 5.1 | D69: PROTECCIÓN DE SUMIDEROS | G69: PROTECCION A SUMIDEROS (Incluye suministro y colocación de bolsas de lona y geotextil NT 1600 o similar). | H69: UN/MES | I69: 225 | K69: 9185 | N69: 2066625
B70: 5169 | C70: 5.2 | G70: PLAFONADO DE POZOS (Incluye suministro y colocación de puntilla, tabla burra de 2.90 x0.28x0.025m, cinta de señalizacion cal 4 rollo 500mx0.10m y señalización tubular colombina plástica). | H70: UN | I70: 307 | K70: 118141 | N70: 36269287
B71: 5366 | C71: 5.3 | G71: POLISOMBRA VERDE PARA CERRAMIENTO. SUMINISTRO E INSTALACION. | H71: M2 | I71: 9828 | K71: 2466 | N71: 24235848
B72: 4945 | C72: 5.4 | D72: PROTECCION DE CUERPO DE AGUA | G72: ALQUILER DE CERRAMIENTO TIPO 1: CONSTA DE SEÑALIZADORES TUBULARES PLÁSTICOS, TRIPLE CINTA PELIGRO CAL. 4, POLISOMBRA 65% PARA CERRAMIENTO. (INCLUYE INSTALACIÓN, MANTENIMIENTO Y DESINSTALACIÓN). | H72: ML/ME | I72: 399 | K72: 5773 | N72: 2303427
H73: SUBTOTAL DEL PROGRAMA | N73: 64875187
H74: SUBTOTAL COMPONENTE B | N74: 298228230
C76: COMPONTE C. MANEJO DE LA VEGETACIÓN Y DEL PAISAJE
B77: CÓD. IDU | C77: C 1 | D77: MANEJO DE LA VEGETACIÓN EXISTENTE Y DE ACTIVIDADES DE DISEÑO PAISAJÍSTICO
B78: 7820 | C78: 1.1 | D78: PROTECCIÓN DE ARBOLES | G78: PROTECCIÓN A ÁRBOLES (INCLUYE SUMINISTRO Y COLOCACIÓN DE DURMIENTES DE 2.90m x 0.04m x 0.04m Y POLISOMBRA AL 47% DE TAL MANERA QUE GARANTICE la protección al individuo vegetal. | H78: UN | I78: 935 | K78: 18125 | N78: 16946875
H79: SUBTOTAL DEL PROGRAMA | N79: 16946875
B81: CÓD. IDU | C81: C 2 | D81: PROTECCIÓN DE ZONAS VERDES
B82: 7852 | C82: 2.1 | D82: PROTECCIÓN DE ZONAS VERDES | G82: TELA VERDE PARA CERRAMIENTO 2.10 METRO DE ANCHO DE 60GR | H82: ML | I82: 5758 | K82: 2089 | N82: 12028462
B83: 7282 | C83: 2.2 | G83: VARA DE CORREDOR 3.0 M | H83: UN | I83: 2418 | K83: 8400 | N83: 20311200
H84: SUBTOTAL DEL PROGRAMA | N84: 32339662
B86: CÓD. IDU | C86: C 5 | D86: MANEJO Y RESCATE DE AVIFAUNA
B87: 7146 | C87: 5.1 | D87: RESCATE Y REUBICACION DE NIDOS | G87: GRUA BRAZO ARTICULADO (H=10.38m) - - INCLUYE OPERARIO Y COMBUSTIBLE | H87: HR | I87: 20 | K87: 107593 | N87: 2151860
B88: 11816 | G88: GUACAL PARA TRASLADO DE FAUNA | H88: UN | I88: 20 | K88: 357000 | N88: 7140000
B89: 7979 | G89: CINTA MÉTRICA DE 30 MT | H89: UN | I89: 3 | K89: 29900 | N89: 89700
B90: 11815 | G90: RECEPCIÓN DE NIDOS RESCATADOS (MAXIMO 3 HUEVOS). | H90: UN | I90: 10 | K90: 44400 | N90: 444000
B91: 11820 | G91: INFORME SOBRE LAS AVES RESCATADAS | H91: UN | I91: 1 | K91: 113500 | N91: 113500
B92: 7844 | G92: GUANTE NITRILO 13" RESISTENTE CONTRA QUIMICOS COMBUSTIBLES SOLVENTES GRASAS | H92: PAR | I92: 40 | K92: 6188 | N92: 247520
B93: 11819 | G93: RECEPCIÓN DE AVES RESCATADAS | H93: UN | I93: 30 | K93: 44400 | N93: 1332000
B94: 11820 | G94: INFORME SOBRE LAS AVES RESCATADAS | H94: UN | I94: 1 | K94: 113500 | N94: 113500
H95: SUBTOTAL DEL PROGRAMA | N95: 11632080
H96: SUBTOTAL DEL COMPONENTE C | N96: 60918617
C98: COMPONTE D. GESTIÓN EN SEGURIDAD Y SALUD EN EL TRABAJO | G98: #N/A | H98: #N/A | I98: 0 | K98: #N/A | N98: #N/A
B99: CÓD. IDU | C99: D 1 | D99: GESTIÓN EN SEGURIDAD Y SALUD EN EL TRABAJO
B100: 7823 | C100: 1.01 | D100: BOTA DE CAUCHO, CINTA AMARILLA, PUNTERA Y PLANTILLA EN ACERO | H100: PAR | I100: 631 | K100: 105791 | N100: 66754121
B101: 7822 | C101: 1.02 | D101: BOTA CUERO LISA NEGRA SEGURIDAD PUNTERA DE ACERO | H101: PAR | I101: 91 | K101: 43911 | N101: 3995901
B102: 7827 | C102: 1.03 | D102: PROTECTOR AUDITIVO TIPO TAPON INSERCION EN SILICONA CON CORDEL EN ESTUCHE | H102: PAR | I102: 2893 | K102: 1785 | N102: 5164005
B103: 7583 | C103: 1.04 | D103: PROTECTOR AUDITIVO TIPO COPA | H103: UN | I103: 40 | K103: 12640 | N103: 505600
B104: 7579 | C104: 1.05 | D104: MASCARILLA DESECHABLE | H104: UN | I104: 12040 | K104: 298 | N104: 3587920
B105: 7826 | C105: 1.06 | D105: MASCARILLA DESECHABLE CON VALVULA CONTRA POLVO Y PARTICULAS NO TOXICAS | H105: UN | I105: 540 | K105: 4165 | N105: 2249100
B106: 7851 | C106: 1.07 | D106: RESPIRADOR PARA GASES DOBLE SIN CARTUCHO | H106: UN | I106: 68 | K106: 16900 | N106: 1149200
B107: 7830 | C107: 1.08 | D107: CARTUCHO VAPORES ORGANICOS | H107: PAR | I107: 62 | K107: 17950 | N107: 1112900
B108: 9289 | C108: 1.09 | D108: FILTRO CONTRA POLVO PARA RESPIRADORES | H108: UN | I108: 62 | K108: 1904 | N108: 118048
B109: 7580 | C109: 1.1 | D109: CASCO DE SEGURIDAD DIELECTRICO | H109: UN | I109: 484 | K109: 15470 | N109: 7487480
B110: 7832 | C110: 1.11 | D110: BARBUQUEJO EN REATA CON MENTONERA CON TRES APOYOS PARA CASCO | H110: UN | I110: 368 | K110: 4641 | N110: 1707888
B111: 7577 | C111: 1.12 | D111: GAFAS DE SEGURIDAD | H111: UN | I111: 4043 | K111: 5355 | N111: 21650265
... B123: 9283 | C123: 1.24 | D123: GUANTE CAUCHO NEGRO CORRUGADO CALIBRE 35 | H123: PAR | I123: 12341 | K123: 4165 | N123: 51400265
C124: D 2 | D124: EQUIPOS DE EMERGENCIA
B125: 7569 | C125: 2.01 | D125: BOTIQUIN PRIMEROS AUXILIOS CON MEDICAMENTOS DE 22CM X 27CM | H125: UN | I125: 4 | K125: 49900 | N125: 199600
B126: 7818 | C126: 2.02 | D126: CAMILLA MADERA PRIMEROS AUXILIOS INMOVILIZADOR CABEZA | H126: UN | I126: 4 | K126: 178876 | N126: 715504
B127: 7819 | C127: 2.03 | D127: EXTINTOR POLVO QUIMICO SECO DE 20LB TIPO ABC METALICO CON GANCHO Y AVISO | H127: UN | I127: 4 | K127: 74990 | N127: 299960
...

Sheet AIU AMBIENTAL-BIOSEG
B2: INSTITUTO DE DESARROLLO URBANO
B3: SUBDIRECCIÓN GENERAL DE DESARROLLO URBANO
B4: DIRECCIÓN TÉCNICA DE PROYECTOS
B6: OBJETO DE LA CONTRATACIÓN: | D6: CONSTRUCCIÓN ACERAS Y CICLORRUTA CALLE 92 Y CALLE 94 DESDE CARRERA 7 HASTA LA AUTOPISTA NORTE Y OBRAS COMPLEMENTARIAS, EN BOGOTÁ, D.C.
B8: MATRIZ PARA CÁLCULO DE AIU- AMBIENTAL
B9: SUBTOTAL COMPONENTES A+C+D+E | E9: 1549150240 | I9: FECHA: | J9: 44029
B10: SUBTOTAL COSTOS DIRECTOS BIOSEGURIDAD | E10: 154981709 | I10: CONTRATO No.
B11: SUBTOTAL COSTOS FONDO CAMBIO VIGENCIA BIOSEGURIDAD | E11: 6623701
B12: TERMINO ESTIMADO PRELIMINARES | E12: 2 | F12: MESES
B13: TERMINO ESTIMADO DE EJECUCIÓN DE OBRA + ENTREGA DE OBRA | E13: 18 | F13: MESES
B15: 3. IMPUESTOS Y GARANTÍAS
B16: 3.1 | C16: IMPUESTOS
B17: ÍTEM | C17: DESCRIPCIÓN | J17: IMPUESTO | L17: VALOR ($)
B18: 3.101 | C18: Contribución Especial (Impuesto de Guerra Ley 1738 DIC18-2014 prorroga 4 años) | J18: 0.05 | L18: 101585071
B19: 3.102 | C19: ICA (Ley 14 6jul1983, Res 219 25feb2004) | J19: 0.0069 | L19: 14018740
B20: 3.103 | C20: GMF (Ley 1739 23dic2014 modifica el Estatuto Tributario) | J20: 0.004 | L20: 8126806
B21: 3.104 | C21: Estampilla Universidad Distrital (Acuerdo 696 de 2017) | J21: 0.011 | L21: 22348716
B22: 3.105 | C22: Estampilla procultura (Acuerdo 187 20 dic 2005) | J22: 0.005 | L22: 10158507
B23: 3.106 | C23: Estampilla pro personas Mayores (Acuerdo 645 de 9 de junio de 2016) | J23: 0.02 | L23: 40634028
B24: 3.107 | C24: Estampilla Unipedagógica (Dec 584 de 19 dic 2014) | J24: 0.005 | L24: 10158507
C25: SUBTOTAL IMPUESTOS | L25: 207030375
B27: 3.2 | C27: GARANTÍAS
B28: ÍTEM | C28: DESCRIPCIÓN | E28: VR. BASE | G28: % ASEGURADO | I28: VIGENCIA AMPARO (MESES) | J28: TASA ASEGURADORA | L28: VALOR ($)
B29: 3.201 | C29: Cumplimiento | D29: GARANTÍA ÚNICA | E29: 2031701421 | G29: 0.3 | I29: 28 | J29: 0.002 | L29: 3387790
B30: 3.202 | C30: Salarios y Prestaciones Sociales | E30: 2031701421 | G30: 0.1 | I30: 56 | J30: 0.002 | L30: 2259518
B31: 3.203 | C31: Predios, labores y Operaciones- Vigencia (Decreto 1082 de 2015 Sección III) | D31: RESPONSABILIDAD CIVIL EXTRACONTRACTUAL | E31: 2031701421 | G31: 0.05 | I31: 20 | J31: 0.003 | L31: 607406
B32: 3.204 | C32: Colocación de elemento de publicidad exterior tipo vaya de construcción (Resolución 931 de 2008, numeral 7 del artículo 7) | E32: 6457012 | G32: 100 SMMLV | I32: 20 | J32: 0.003 | L32: 41394
C33: SUBTOTAL GARANTÍAS | L33: 6296108
C35: TOTAL IMPUESTOS Y GARANTÍAS | L35: 213326483
C36: TOTAL IMPUESTOS Y GARANTÍAS EN PORCENTAJE DEL COSTO DIRECTO | L36: 0.1247
C38: A. ADMINISTRACIÓN (1 + 2 + 3) | L38: 0.1247
C39: I. IMPREVISTOS | L39: 0.01
C40: U. UTILIDAD | L40: 0.06
C42: A.I.U. (ADMINISTRACIÓN, IMPREVISTOS Y UTILIDAD) | L42: 0.1947

Sheet BIOSEGURIDAD
C2: FORMATO | F2: CÓDIGO | G2: PROCESO | N2: VERSIÓN
G3: Proyectos
C4: INSTITUTO DE DESARROLLO URBANO
C5: SUBDIRECCIÓN GENERAL DE DESARROLLO URBANO
C6: DIRECCIÓN TÉCNICA DE PROYECTOS
C8: OBJETO DE LA CONTRATACIÓN: | F8: CONSTRUCCIÓN ACERAS Y CICLORRUTA CALLE 92 Y CALLE 94 DESDE CARRERA 7 HASTA LA AUTOPISTA NORTE Y OBRAS COMPLEMENTARIAS, EN BOGOTÁ, D.C.
C11: IMPLEMENTACIÓN DE MEDIDAS DE BIOSEGURIDAD
G13: PLAZO EJECUCIÓN PRELIMINARES | H13: 2 | I13: MESES
F14: PLAZO EJECUCIÓN OBRA (hasta Diciembre 2021) | H14: 14 | I14: MESES
C16: ÍTEMS | H16: UN. | I16: CANTIDAD MES | J16: CANTIDAD ESTIMADA PERSONAL - PRELIMINARES (UND-10 PERSONAS) | K16: CANTIDAD ESTIMADA PERSONAL - OBRA (UND-10 PERSONAS) | L16: MES PRELIMINARES | M16: MES OBRA | N16: VALOR UNITARIO (INCLUYE IVA) | Q16: VALOR TOTAL
B17: CÓD. IDU | D17: ELEMENTOS PARA LIMPIEZA Y DESINFECCIÓN
B18: 8773 | C18: 1.01 | D18: PAQUETE DE ELEMENTOS PARA LIMPIEZA Y DESINFECCIÓN PARA 10 TRABAJADORES DE OBRA - HERRAMIENTAS-MAQUINARIA Y EQUIPO MENOR (INCLUYE ALCOHOL ANTISÉPTICO-70%, TOALLAS DE PAPEL PARA MANOS, JABÓN LIQUIDO PARA MANOS, GEL ANTIBACTERIAL, ALQUILER DE DISPENSADOR DE TOALLAS, ALQUILER DISPENSADOR METÁLICO DE JABÓN, ALQUILER LAVAMANOS PORTÁTIL ACERO INOX. INCLUYE AGUA) | H18: UN/MES | I18: 1 | J18: N.A | K18: 6.7 | L18: N.A | M18: 14 | N18: 586004 | Q18: 54967175
B19: 8774 | C19: 1.02 | D19: PAQUETE DE ELEMENTOS PARA LIMPIEZA Y DESINFECCIÓN PARA 10 TRABAJADORES DE CONSULTORÍA / INTERVENTORÍA (INCLUYE ALCOHOL ANTISÉPTICO-70%, TOALLAS DE PAPEL PARA MANOS, JABÓN LIQUIDO PARA MANOS, GEL ANTIBACTERIAL, ALQUILER DE DISPENSADOR DE TOALLAS, ALQUILER DISPENSADOR METÁLICO DE JABÓN) | H19: UN/MES | I19: 1 | J19: 2.4 | K19: N.A | L19: 2 | M19: N.A | N19: 445504 | Q19: 2138419
B20: 8775 | C20: 1.03 | D20: ALQUILER DE FUMIGADORA DE ESPALDA. ASPERSOR BOMBA MANUAL 20 LITROS. DESINFECCIÓN_ (Según Apéndice Bioseguridad Covid 19) INCLUYE MEZCLA AGUA-HIPOCLORITO 20 mml/LITRO | H20: UN/MES | I20: 1 | J20: N.A | K20: 6.7 | L20: N.A | M20: 14 | N20: 43484 | Q20: 4078799
D21: PUNTO DE CONTROL DE OBRA
B22: 8765 | C22: 1.04 | D22: ALQUILER DE MESA PLÁSTICA DE 0.72m x 0.72m x 0.72m_(Según Apéndice Bioseguridad Covid 19) | H22: UN/MES | I22: 1 | J22: N.A | K22: N.A | L22: 2 | M22: 14 | N22: 4568 | Q22: 73088
B23: 8766 | C23: 1.05 | D23: ALQUILER DE TERMÓMETRO INFRARROJO PARA USO EN HUMANOS, LIBRE DE CONTACTO, IMPERMEABLE_(Según Apéndice Bioseguridad Covid 19) | H23: UN/MES | I23: 1 | J23: N.A | K23: N.A | L23: 2 | M23: 14 | N23: 22058 | Q23: 352928
B24: 4934 | C24: 1.06 | D24: ALQUILER CARPA VESTIER 2.0m x 2.0m CON ESTRUCTURA, TECHO Y LATERALES EN LONA. | H24: UN/MES | I24: 1 | J24: N.A | K24: N.A | L24: N.A | M24: 14 | N24: 86344 | Q24: 1208816
B25: 8771 | C25: 1.07 | D25: ALQUILER CAMILLA EN FIBRA CON ARNÉS - INMOVILIZADOR Y SEÑAL. _(Según Apéndice Bioseguridad Covid 19) | H25: UN/MES | I25: 1 | J25: N.A | K25: N.A | L25: 2 | M25: 14 | N25: 12000 | Q25: 192000
B26: 6172 | C26: 1.08 | D26: ALQUILER DE SILLA PLÁSTICA SIN BRAZOS | H26: UN/MES | I26: 2 | J26: N.A | K26: N.A | L26: 2 | M26: 14 | N26: 1569 | Q26: 50208
D27: PUNTO DE AISLAMIENTO
B28: 4934 | C28: 1.09 | D28: ALQUILER CARPA VESTIER 2.0m x 2.0m CON ESTRUCTURA, TECHO Y LATERALES EN LONA. | H28: UN/MES | I28: 1 | J28: N.A | K28: N.A | L28: N.A | M28: 14 | N28: 86344 | Q28: 1208816
B29: 6172 | C29: 1.1 | D29: ALQUILER DE SILLA PLÁSTICA SIN BRAZOS | H29: UN/MES | I29: 2 | J29: N.A | K29: N.A | L29: N.A | M29: 14 | N29: 1569 | Q29: 43932
D30: ELEMENTOS DE PROTECCIÓN INDIVIDUAL
B31: 11450 | C31: 1.11 | D31: CHALECO REFLECTIVO EN TELA | H31: UN | I31: 2 | J31: 2.4 | K31: 6.7 | L31: N.A | M31: N.A | N31: 14280 | Q31: 259896
B32: 9286 | C32: 1.12 | D32: OVEROL EN DRILL DOS PIEZAS, CAMISA Y PANTALÓN | H32: UN | I32: 8 | J32: N.A | K32: 6.7 | L32: N.A | M32: N.A | N32: 33320 | Q32: 1785952
B33: 12039 | C33: 1.13 | D33: TAPABOCAS DESECHABLE. (Según Apéndice Bioseguridad Covid 19)_ Exento de IVA de forma temporal | H33: UN | I33: 600 | J33: 2.4 | K33: 6.7 | L33: 2 | M33: 14 | N33: 1200 | Q33: 70992000
B34: 7579 | C34: 1.14 | D34: MASCARILLA DESECHABLE | H34: UN | I34: 600 | J34: 2.4 | K34: 6.7 | L34: 2 | M34: 14 | N34: 298 | Q34: 17629680
H35: SUBTOTAL COSTOS DEL PROGRAMA | Q35: 154981709
H36: COSTOS ADMINISTRATIVOS | N36: 0.1247 | Q36: 19326219
H37: FONDO POR CAMBIO DE VIGENCIA | Q37: 6623701
H39: MEDIDAS DE BIOSEGURIDAD | Q39: 180931629

Sheet DCyCE
C3: FORMATO | E3: CÓDIGO | F3: PROCESO | J3: VERSIÓN
F4: Proyectos
C5: INSTITUTO DE DESARROLLO URBANO
C6: SUBDIRECCIÓN GENERAL DE DESARROLLO URBANO
C7: DIRECCIÓN TÉCNICA DE PROYECTOS
C9: OBJETO DE LA CONTRATACIÓN: | E9: CONSTRUCCIÓN ACERAS Y CICLORRUTA CALLE 92 Y CALLE 94 DESDE CARRERA 7 HASTA LA AUTOPISTA NORTE Y OBRAS COMPLEMENTARIAS, EN BOGOTÁ, D.C.
I10: PRELIMINARES | L10: 2 | M10: MESES
I11: EJECUCIÓN DE OBRA | L11: 18 | M11: MESES
C13: CONTROL DE INVERSIÓN DIÁLOGO CIUDADANO Y COMUNICACIÓN ESTRATÉGICA PARA OBRAS DEL IDU
C14: PRELIMINARES
B15: CÓD. IDU | C15: COMPONENTE | E15: Unidad | F15: TARIFA (MES) | G15: Factor prestacional | H15: CATEGORIA | I15: Cantidad | J15: Dedicación H/Mes | K15: Plazo (Meses) | L15: Dedicación Total (Meses) | M15: Subtotal
C16: Componente A. Personal Profesional de Gestión Social
B17: 9112 | C17: A.1 | D17: RESIDENTE SOCIAL | E17: MES | F17: 5240000 | G17: 1.4521 | H17: 6 | I17: 1 | J17: 1 | K17: 2 | L17: 2 | M17: 15218008
B18: 9112 | C18: A.2 | D18: ASISTENTE SOCIAL | E18: MES | F18: 5240000 | G18: 1.4521 | H18: 6 | I18: 1 | J18: 1 | K18: 2 | L18: 2 | M18: 15218008
B19: 9112 | C19: A.3 | D19: ESPECIALISTA ÁREA ECONOMÓMICA | E19: MES | F19: 5240000 | G19: 1.4521 | H19: 6 | I19: 1 | J19: 0.25 | K19: 2 | L19: 0.5 | M19: 3804502
B20: 9113 | C20: A.4 | D20: COMUNICADOR SOCIAL | E20: MES | F20: 3961000 | G20: 1.4535 | H20: 7 | I20: 2 | J20: 0.25 | K20: 2 | L20: 1 | M20: 5757314
B21: 9113 | C21: A.5 | D21: PEDAGOGO O LICENCIADO | E21: MES | F21: 3961000 | G21: 1.4535 | H21: 7 | I21: 1 | J21: 0.25 | K21: 2 | L21: 0.5 | M21: 2878657
D22: ACTAS DE VECINDAD
B23: 9112 | C23: A.6 | D23: Profesional Arquitecto para actas de vecindad | E23: MES | F23: 5240000 | G23: 1.4521 | H23: 6 | I23: 1 | J23: 1 | K23: 2 | L23: 2 | M23: 15218008
B24: 9112 | C24: A.7 | D24: Profesional social para actas de vecindad | E24: MES | F24: 5240000 | G24: 1.4521 | H24: 6 | I24: 1 | J24: 1 | K24: 2 | L24: 2 | M24: 15218008
D25: GUÍA CÍVICO
B26: 9455 | C26: A.8 | D26: TARIFA MES - PERSONAL DE OBRA - AYUDANTE (No incluye Factor de Prestaciones) | E26: MES | F26: 877803 | G26: 1.6504 | I26: 1 | J26: 1 | K26: 2 | L26: 2 | M26: 2897452
L27: Subtotal Componente personal Fase Preliminares | M27: 76209957
C29: EJECUCIÓN DE OBRA
B30: CÓD. IDU | C30: COMPONENTE | E30: Unidad | F30: Valor Unitario | G30: Factor prestacional | H30: CATEGORIA | I30: Cantidad | J30: Dedicación H/Mes | K30: Plazo (Meses) | L30: Dedicación Total (Meses) | M30: Subtotal
C31: Componente A. Personal Profesional de Gestión Social
B32: 9112 | C32: A.1 | D32: RESIDENTE SOCIAL | E32: MES | F32: 5240000 | G32: 1.4521 | H32: 6 | I32: 1 | J32: 1 | K32: 18 | L32: 18 | M32: 136962072
B33: 9112 | C33: A.2 | D33: ASISTENTE SOCIAL | E33: MES | F33: 5240000 | G33: 1.4521 | H33: 6 | I33: 1 | J33: 1 | K33: 18 | L33: 18 | M33: 136962072
B34: 9112 | C34: A.3 | D34: ESPECIALISTA ÁREA ECONOMÓMICA | E34: MES | F34: 5240000 | G34: 1.4521 | H34: 6 | I34: 1 | J34: 0.25 | K34: 18 | L34: 4.5 | M34: 34240518
B35: 9113 | C35: A.4 | D35: COMUNICADOR SOCIAL | E35: MES | F35: 3961000 | G35: 1.4535 | H35: 7 | I35: 1 | J35: 0.25 | K35: 18 | L35: 4.5 | M35: 25907911
B36: 9113 | C36: A.5 | D36: PEDAGOGO O LICENCIADO | E36: MES | F36: 3961000 | G36: 1.4535 | H36: 7 | I36: 1 | J36: 0.25 | K36: 18 | L36: 4.5 | M36: 25907911
D37: ACTAS DE VECINDAD
B38: 9112 | C38: A.6 | D38: Profesional Arquitecto para actas de vecindad | E38: MES | F38: 5240000 | G38: 1.4521 | H38: 6 | I38: 1 | J38: 0.3 | K38: 18 | L38: 5.4 | M38: 41088622
B39: 9112 | C39: A.7 | D39: Profesional social para actas de vecindad | E39: MES | F39: 5240000 | G39: 1.4521 | H39: 6 | I39: 1 | J39: 0.3 | K39: 18 | L39: 5.4 | M39: 41088622
D40: GUÍA CÍVICO
B41: 9455 | C41: A.8 | D41: TARIFA MES - PERSONAL DE OBRA - AYUDANTE (No incluye Factor de Prestaciones) | E41: MES | F41: 877803 | G41: 1.6504 | I41: 1 | J41: 1 | K41: 18 | L41: 18 | M41: 26077069
L42: Subtotal Componente personal Fase Obra | M42: 468234797
C44: Componente B. Plan de Gestión social
C45: COMPONENTE | E45: Unidad | F45: Valor Unitario | I45: Cantidad Obra | M45: Subtotal
C46: B.1 | D46: Programa de Información
B47: 7898 | C47: B.1.1 | D47: PLEGABLES DE SOSTENIBILIDAD EN TRES CUERPOS TAMAÑO CARTA A 4X4 TINTAS EN PROPALCOTE. | E47: UN | F47: 260 | I47: 1200 | M47: 312000
B48: 7896 | C48: B.1.2 | D48: IMPRESIÓN HOJA CARTA, A 1X0 TINTAS EN PAPEL BOND DE 75 GR. | E48: UN | F48: 150 | I48: 3500 | M48: 525000
B49: 7901 | C49: B.1.3 | D49: VOLANTES TAMAÑO 1/2 CARTA POLICROMÍA COTE DE 115 GR. | E49: UN | F49: 80 | I49: 2500 | M49: 200000
B50: 7897 | C50: B.1.4 | D50: AFICHE TAMAÑO MEDIO PLIEGO A 4X0 TINTAS EN PROPALCOTE DE 115 GR. | E50: UN | F50: 531 | I50: 250 | M50: 132750
B51: 11086 | C51: B.1.5 | D51: VALLA MÓVIL DE 1.20m x 1.20m EN LÁMINA GALVANIZADA CALIBRE 20, ÁNGULO EN HIERRO DE 2 x 1-1/8" IMPRESO EN VINILO ADHESIVO. Incluye suministro e instalación. Impresión 720 DPI; Tintas para exteriores. | E51: UN | F51: 309400 | I51: 6 | M51: 1856400
I52: Subtotal programa de información | M52: 3026150
C53: B.2 | D53: Programa de Divulgación al ciudadano
B54: 10203 | C54: B.2.1 | D54: ENCUESTA DE PERCEPCIÓN CIUDADANA. Incl. formato de encuesta de percepción ciudadana, diseño de muestra y metodología de recolección en campo, base de datos en formato excel, presentación de resultados | E54: UN | F54: 77350 | I54: 26 | M54: 2011100
L55: Subtotal programa de divulgación al ciudadano | M55: 2011100
C57: B.3 | D57: Programa de Atención al ciudadano
C58: COMPONENTE | E58: Unidad | F58: Valor Unitario | G58: Cantidad | I58: Dedicación Mes | K58: Plazo (Meses) | L58: Dedicación Total (Meses) | M58: Subtotal
C59: B.3.1 | D59: Adecuación del punto IDU-Atención al ciudadano
B60: 6170 | C60: B.3.1.1 | D60: ALQUILER DE SILLA PARA ESCRITORIO PARA PUESTO DE TRABAJO | E60: UN/MES | F60: 4949 | G60: 1 | I60: 1 | K60: 20 | L60: 20 | M60: 98980
B61: 6169 | C61: B.3.1.2 | D61: ALQUILER DE PUESTO DE TRABAJO - ESCRITORIO 75x120x50cm | E61: UN/MES | F61: 8522 | G61: 1 | I61: 1 | K61: 20 | L61: 20 | M61: 170440
B62: 6172 | C62: B.3.1.3 | D62: ALQUILER DE SILLA PLÁSTICA SIN BRAZOS | E62: UN/MES | F62: 1569 | G62: 10 | I62: 1 | K62: 20 | L62: 200 | M62: 313800
B63: 9048 | C63: B.3.1.4 | D63: CARTELERA CON MARCO EN ALUMINIO ANODIZADO, PAÑO COLOR GRIS CON CENEFA SUPERIOR, PUERTAS CORREDIZAS. Incl. transporte | E63: UN | F63: 577150 | G63: 1 | I63: 1 | K63: 1 | L63: 1 | M63: 577150
B64: 7992 | C64: B.3.1.6 | D64: AVISO PUNTO CREA 1.50m x 0.90m EN LÁMINA GALVANIZADA CAL. 24. INCLUYE SUMINISTRO E INSTALACIÓN | E64: UN | F64: 416500 | G64: 1 | I64: 1 | K64: 1 | L64: 1 | M64: 416500
B65: 9576 | C65: B.3.1.7 | D65: ALQUILER MES - ARRIENDO OFICINA INCL. ADMINISTRACIÓN, SERVICIOS PÚBLICOS, COMUNICACIONES | E65: M2/MS | F65: 29634 | G65: 20 | I65: 1 | K65: 20 | L65: 400 | M65: 11853600
B66: 7870 | C66: B.3.1.8 | D66: VÍDEO BEAM - ALQUILER POR DIA | E66: DIA | F66: 101150 | G66: 2 | I66: 1 | K66: 20 | L66: 40 | M66: 4046000
B67: 9724 | C67: B.3.1.9 | D67: PORTÁTILES - Procesador minimo: intel, Core i3 4005U, celeron o similar, Memoria RAM de 4 GB(2x2048 MB) Disco duro de 500gb a 7200 rpm Pantalla LED HP BrightView widescreen alta definición con 35,6 cm | E67: UN/MES | F67: 128520 | G67: 1 | I67: 1 | K67: 20 | L67: 20 | M67: 2570400
B68: 9836 | C68: B.3.1.10 | D68: TARIFA MES - SERVICIO TELEFÓNICA LOCAL Y LIMITADA, INTERNET BANDA ANCHA ILIMITADA 50 MB ESTRATO 4 | E68: MES | F68: 111700 | G68: 1 | I68: 1 | K68: 20 | L68: 20 | M68: 2234000
L69: Subtotal programa de atención al ciudadano | M69: 22280870
D71: SUBTOTAL COSTO DE PERSONAL PARA EL PLAN DE GESTIÓN SOCIAL | M71: 544444754
D72: SUBTOTAL COSTOS DE SUBPROGRAMAS DE PLAN DE GESTIÓN SOCIAL | M72: 27318120
D74: SUBTOTAL COSTO DEL PLAN DE GESTIÓN SOCIAL | M74: 571762874
D76: AIU | L76: 0.19555 | M76: 111808230
D78: TOTAL COSTO DEL PLAN DE GESTIÓN SOCIAL | M78: 683571104

Sheet AIU DCyCE
B2: INSTITUTO DE DESARROLLO URBANO
B3: SUBDIRECCIÓN GENERAL DE DESARROLLO URBANO
B4: DIRECCIÓN TÉCNICA DE PROYECTOS
B6: OBJETO DE LA CONTRATACIÓN: | D6: CONSTRUCCIÓN ACERAS Y CICLORRUTA CALLE 92 Y CALLE 94 DESDE CARRERA 7 HASTA LA AUTOPISTA NORTE Y OBRAS COMPLEMENTARIAS, EN BOGOTÁ, D.C.
B8: MATRIZ PARA CÁLCULO DE AIU- DIALOGO CIUDADANO Y COMUNICACIÓN ESTRATÉGICA
B9: COSTO DIRECTO ESTIMADO DCyCE (CD) | E9: 571762874 | I9: FECHA: | J9: 44029
B10: TERMINO ESTIMADO DE PRELIMINARES | E10: 2 | F10: MESES | I10: CONTRATO No.
B11: TERMINO ESTIMADO DE EJECUCIÓN DE OBRA | E11: 18 | F11: MESES
B13: 3. IMPUESTOS Y GARANTÍAS
B14: 3.1 | C14: IMPUESTOS
B15: ÍTEM | C15: DESCRIPCIÓN | J15: IMPUESTO | L15: VALOR ($)
B16: 3.101 | C16: Contribución Especial (Impuesto de Guerra Ley 1738 DIC18-2014 prorroga 4 años) | J16: 0.05 | L16: 34178555
B17: 3.102 | C17: ICA (Ley 14 6jul1983, Res 219 25feb2004) | J17: 0.0069 | L17: 4716641
B18: 3.103 | C18: GMF (Ley 1739 23dic2014 modifica el Estatuto Tributario) | J18: 0.004 | L18: 2734284
B19: 3.104 | C19: Estampilla Universidad Distrital (Acuerdo 696 de 2017) | J19: 0.011 | L19: 7519282
B20: 3.105 | C20: Estampilla procultura (Acuerdo 187 20 dic 2005) | J20: 0.005 | L20: 3417856
B21: 3.106 | C21: Estampilla pro personas Mayores (Acuerdo 645 de 9 de junio de 2016) | J21: 0.02 | L21: 13671422
B22: 3.107 | C22: Estampilla Unipedagógica (Dec 584 de 19 dic 2014) | J22: 0.005 | L22: 3417856
C23: SUBTOTAL IMPUESTOS | L23: 69655896
B25: 3.2 | C25: GARANTÍAS
B26: ÍTEM | C26: DESCRIPCIÓN | E26: VR. BASE | G26: % ASEGURADO | I26: VIGENCIA AMPARO (MESES) | J26: TASA ASEGURADORA | L26: VALOR ($)
B27: 3.201 | C27: Cumplimiento | D27: GARANTIA UNICA | E27: 683571104 | G27: 0.3 | I27: 28 | J27: 0.002 | L27: 1141804
B28: 3.202 | C28: Salarios y Prestaciones Sociales | E28: 683571104 | G28: 0.1 | I28: 56 | J28: 0.002 | L28: 762195
B29: 3.203 | C29: Predios, labores y Operaciones- Vigencia (Decreto 1082 de 2015 Sección III) | D29: RESPONSABILIDAD CIVIL EXTRACONTRACTUAL | E29: 683571104 | G29: 0.05 | I29: 20 | J29: 0.003 | L29: 206337
B30: 3.204 | C30: Colocación de elemento de publicidad exterior tipo vaya de construcción (Resolución 931 de 2008, numeral 7 del artículo 7) | E30: 2384860 | G30: 100 SMMLV | I30: 20 | J30: 0.003 | L30: 17165
C31: SUBTOTAL GARANTÍAS | L31: 2127501
C33: TOTAL IMPUESTOS Y GARANTÍAS | L33: 71783397
C34: TOTAL IMPUESTOS Y GARANTÍAS EN PORCENTAJE DEL COSTO DIRECTO | L34: 0.12555
C36: A. ADMINISTRACIÓN (1 + 2 + 3) | L36: 0.12555
C37: I. IMPREVISTOS | L37: 0.01
C38: U. UTILIDAD | L38: 0.06
C40: A.I.U. (ADMINISTRACIÓN, IMPREVISTOS Y UTILIDAD) | L40: 0.19555

Sheet PMT
C2: INSTITUTO DE DESARROLLO URBANO
C3: SUBDIRECCIÓN GENERAL DE DESARROLLO URBANO
C4: DIRECCIÓN TÉCNICA DE PROYECTOS
C6: OBJETO DE LA CONTRATACIÓN: | E6: CONSTRUCCIÓN ACERAS Y CICLORRUTA CALLE 92 Y CALLE 94 DESDE CARRERA 7 HASTA LA AUTOPISTA NORTE Y OBRAS COMPLEMENTARIAS, EN BOGOTÁ, D.C.
C8: CONTROL DE INVERSIÓN PLAN DE MANEJO DE TRÁFICO
E10: PRELIMINARES | G10: 2 | H10: MESES
E11: OBRA | G11: 18 | H11: MESES
C13: No. | D13: DESCRIPCIÓN | E13: TIEMPO | G13: CAT | H13: TARIFA (MES) | I13: F.P. | J13: PRELIMINARES | L13: OBRA | AC13: RECIBO OBRA | AD13: CANT TOTAL | AE13: VR TOTAL
E14: Und | F14: Cant | J14: 1 | K14: 2 | L14: 3 | M14: 4 | N14: 5 | O14: 6 | P14: 7 | Q14: 8 | R14: 9 | S14: 10 | T14: 11 | U14: 12 | V14: 13 | W14: 14 | X14: 15 | Y14: 16 | Z14: 17 | AA14: 18 | AB14: 19 | AC14: 20
C15: 1 | D15: PERSONAL
D16: PERSONAL PROFESIONAL
B17: 9110 | C17: 1.1 | D17: ESPECIALISTA EN TRÁNSITO Y TRANSPORTE | E17: UN/MES | F17: 1 | G17: 4 | H17: 6514000 | I17: 1.4513 | J17: 0.5 | K17: 0.5 | L17: 0.5 | M17: 0.5 | N17: 0.5 | O17: 0.5 | P17: 0.5 | Q17: 0.5 | R17: 0.5 | S17: 0.5 | T17: 0.5 | U17: 0.5 | V17: 0.5 | W17: 0.5 | X17: 0.5 | Y17: 0.5 | Z17: 0.5 | AA17: 0.5 | AB17: 0.5 | AC17: 0.5 | AD17: 10 | AE17: 94537682
B18: 9112 | C18: 1.2 | D18: INGENIERO MODELADOR | E18: UN/MES | F18: 1 | G18: 6 | H18: 5240000 | I18: 1.4521 | L18: 0.3 | M18: 0.3 | N18: 0.3 | O18: 0.3 | P18: 0.3 | Q18: 0.3 | R18: 0.3 | S18: 0.3 | T18: 0.3 | U18: 0.3 | V18: 0.3 | W18: 0.3 | X18: 0.3 | Y18: 0.3 | Z18: 0.3 | AA18: 0.3 | AB18: 0.3 | AD18: 5.1 | AE18: 38805920
B19: 9112 | C19: 1.3 | D19: RESIDENTE TRÁNSITO Y TRANSPORTE | E19: UN/MES | F19: 1 | G19: 6 | H19: 5240000 | I19: 1.4521 | J19: 0.5 | K19: 0.5 | L19: 0.5 | M19: 0.5 | N19: 0.5 | O19: 0.5 | P19: 0.5 | Q19: 0.5 | R19: 0.5 | S19: 0.5 | T19: 0.5 | U19: 0.5 | V19: 0.5 | W19: 0.5 | X19: 0.5 | Y19: 0.5 | Z19: 0.5 | AA19: 0.5 | AB19: 0.5 | AC19: 0.5 | AD19: 10 | AE19: 76090040
D20: PALETERO
B21: 9455 | C21: 1.4 | D21: TARIFA MES - PERSONAL DE OBRA - AYUDANTE (No incluye Factor de Prestaciones) | E21: UN/MES | F21: 8 | H21: 877803 | I21: 1.6504 | L21: 1 | M21: 1 | N21: 1 | O21: 1 | P21: 1 | Q21: 1 | R21: 1 | S21: 1 | T21: 1 | U21: 1 | V21: 1 | W21: 1 | X21: 1 | Y21: 1 | Z21: 1 | AA21: 1 | AB21: 1 | AC21: 1 | AD21: 144 | AE21: 208616554
D22: AFORADORES
B23: 9455 | C23: 1.5 | D23: TARIFA MES - PERSONAL DE OBRA - AYUDANTE (No incluye Factor de Prestaciones) | E23: UN/MES | F23: 24 | H23: 877803 | I23: 1.6504 | L23: 0.1 | M23: 0.1 | N23: 0.1 | O23: 0.1 | P23: 0.1 | Q23: 0.1 | R23: 0.1 | S23: 0.1 | T23: 0.1 | U23: 0.1 | V23: 0.1 | W23: 0.1 | X23: 0.1 | Y23: 0.1 | Z23: 0.1 | AA23: 0.1 | AB23: 0.1 | AC23: 0.1 | AD23: 43.2 | AE23: 62584966
AD24: SUBTOTAL COSTOS PERSONAL | AE24: 480635162
C25: 2 | D25: OTROS
B26: 9840 | C26: 2.1 | D26: TARIFA MES - EDICIÓN DE INFORME MENSUAL DE INTERVENTORÍA O CONSULTORÍA. Incluye 4 tapas plastificadas tamaño carta color blanco, con 6 tornillos, hojas de papel bond tamaño carta 75 gramos, 170 folios | E26: UN/MES | F26: 1 | H26: 181000 | J26: 1 | K26: 1 | L26: 1 | M26: 1 | N26: 1 | O26: 1 | P26: 1 | Q26: 1 | R26: 1 | S26: 1 | T26: 1 | U26: 1 | V26: 1 | W26: 1 | X26: 1 | Y26: 1 | Z26: 1 | AA26: 1 | AB26: 1 | AC26: 1 | AD26: 20 | AE26: 3620000
B27: 6318 | C27: 2.2 | D27: ALQUILER DE PORTATIL. CARACTERÍSTICAS: Procesador intel, Core i3 4005U, celeron o similar, Memoria RAM de 4 GB ( 2 x 2048 MB)Disco duro de 500gb a 7200 rpmPantalla LED HP BrightView widescreen de alta definición con 35,6 cm (14") o similar, HD INTEL GRAPHIC HD4400UNIDAD DE DVD QUEMADORBLUETOOTH | E27: UN/MES | F27: 1 | H27: 128520 | J27: 0.25 | K27: 0.25 | L27: 0.25 | M27: 0.25 | N27: 0.25 | O27: 0.25 | P27: 0.25 | Q27: 0.25 | R27: 0.25 | S27: 0.25 | T27: 0.25 | U27: 0.25 | V27: 0.25 | W27: 0.25 | X27: 0.25 | Y27: 0.25 | Z27: 0.25 | AA27: 0.25 | AB27: 0.25 | AC27: 0.25 | AD27: 5 | AE27: 642600
D28: SEÑALIZACION TEMPORAL
B29: 4945 | C29: 2.3 | D29: ALQUILER DE CERRAMIENTO TIPO 1: CONSTA DE SEÑALIZADORES TUBULARES PLÁSTICOS, TRIPLE CINTA PELIGRO CAL. 4, POLISOMBRA 65% PARA CERRAMIENTO. (INCLUYE INSTALACIÓN, MANTENIMIENTO Y DESINSTALACIÓN). | E29: ML/ME | F29: 346 | H29: 5773 | L29: 1 | M29: 1 | N29: 1 | O29: 1 | P29: 1 | Q29: 1 | R29: 1 | S29: 1 | T29: 1 | U29: 1 | V29: 1 | W29: 1 | X29: 1 | Y29: 1 | Z29: 1 | AA29: 1 | AB29: 1 | AC29: 1 | AD29: 6228 | AE29: 35954244
B30: 6484 | C30: 2.4 | D30: ALQUILER DE BARRICADA METÁLICA CON SEÑAL DE DESVÍO O VÍA CERRADA DE 2.40 m CINTA GRADO INGENIERÍA SHEETING | E30: UN/MES | F30: 10 | H30: 109216 | L30: 1 | M30: 1 | N30: 1 | O30: 1 | P30: 1 | Q30: 1 | R30: 1 | S30: 1 | T30: 1 | U30: 1 | V30: 1 | W30: 1 | X30: 1 | Y30: 1 | Z30: 1 | AA30: 1 | AB30: 1 | AC30: 1 | AD30: 180 | AE30: 19658880
B31: 6187 | C31: 2.5 | D31: ALQUILER DE SEÑAL LUMINOSA BIDIRECCIONAL 1.50m x 0.50m (INCLUYE INSTALACIÓN, MANTENIMIENTO Y DESINSTALACIÓN). | E31: UN/MES | F31: 10 | H31: 189609 | L31: 1 | M31: 1 | N31: 1 | O31: 1 | P31: 1 | Q31: 1 | R31: 1 | S31: 1 | T31: 1 | U31: 1 | V31: 1 | W31: 1 | X31: 1 | Y31: 1 | Z31: 1 | AA31: 1 | AB31: 1 | AC31: 1 | AD31: 180 | AE31: 34129620
B32: 6178 | C32: 2.6 | D32: ALQUILER SEÑAL VERTICAL GRUPO I (75x75cm) (Incluye Suministro e Instalación) | E32: UN/MES | F32: 10 | H32: 11388 | L32: 1 | M32: 1 | N32: 1 | O32: 1 | P32: 1 | Q32: 1 | R32: 1 | S32: 1 | T32: 1 | U32: 1 | V32: 1 | W32: 1 | X32: 1 | Y32: 1 | Z32: 1 | AA32: 1 | AB32: 1 | AC32: 1 | AD32: 180 | AE32: 2049840
B33: 6186 | C33: 2.7 | D33: ALQUILER BARRERA RELLENABLE (2.00x0.55x1.00m) | E33: UN/MES | F33: 21 | H33: 11405 | L33: 1 | M33: 1 | N33: 1 | O33: 1 | P33: 1 | Q33: 1 | R33: 1 | S33: 1 | T33: 1 | U33: 1 | V33: 1 | W33: 1 | X33: 1 | Y33: 1 | Z33: 1 | AA33: 1 | AB33: 1 | AC33: 1 | AD33: 378 | AE33: 4311090
B34: 6061 | C34: 2.8 | D34: PASACALLES IMPRESO EN LONA BANNER (7.0m x 1.0m) TERMINADO CON PALOS EN LOS EXTREMOS. INCLUYE SUMINISTRO E INSTALACION. | E34: UN | F34: 30 | H34: 284919 | AD34: 30 | AE34: 8547570
B35: 7555 | C35: 2.9 | D35: CINTA DE SEÑALIZACION CAL 4 (ROLLO 500mx0.10m) | E35: UN | F35: 120 | H35: 16065 | AD35: 120 | AE35: 1927800
B36: 6181 | C36: 2.1 | D36: ALQUILER DE PALETA PARE-SIGA EN POLIETILENO. | E36: UN/MES | F36: 8 | H36: 1452 | L36: 1 | M36: 1 | N36: 1 | O36: 1 | P36: 1 | Q36: 1 | R36: 1 | S36: 1 | T36: 1 | U36: 1 | V36: 1 | W36: 1 | X36: 1 | Y36: 1 | Z36: 1 | AA36: 1 | AB36: 1 | AC36: 1 | AD36: 144 | AE36: 209088
AD37: SUBTOTAL OTROS COSTOS DIRECTOS | AE37: 111050732
H39: SUB TOTAL | AE39: 591685894
H40: A.I.U | AD40: 0.19555 | AE40: 115704177
H41: VALOR TOTAL | AE41: 707390071

Sheet AIU PMT
B2: INSTITUTO DE DESARROLLO URBANO
B3: SUBDIRECCIÓN GENERAL DE DESARROLLO URBANO
B4: DIRECCIÓN TÉCNICA DE PROYECTOS
B6: OBJETO DE LA CONTRATACIÓN: | D6: CONSTRUCCIÓN ACERAS Y CICLORRUTA CALLE 92 Y CALLE 94 DESDE CARRERA 7 HASTA LA AUTOPISTA NORTE Y OBRAS COMPLEMENTARIAS, EN BOGOTÁ, D.C.
B8: MATRIZ PARA CÁLCULO DE AIU- TRANSITO (PMT)
B9: COSTOS PERSONAL + OTROS COSTOS ESTIMADOS PMT | E9: 591685894 | I9: FECHA: | J9: 44029
B10: TERMINO ESTIMADO DE PRELIMINARES | E10: 2 | F10: MESES | I10: CONTRATO No.
B11: TERMINO ESTIMADO DE EJECUCIÓN DE OBRA | E11: 18 | F11: MESES
B13: 3. IMPUESTOS Y GARANTÍAS
B14: 3.1 | C14: IMPUESTOS
B15: ÍTEM | C15: DESCRIPCIÓN | J15: IMPUESTO | L15: VALOR ($)
B16: 3.101 | C16: Contribución Especial (Impuesto de Guerra Ley 1738 DIC18-2014 prorroga 4 años) | J16: 0.05 | L16: 35369504
B17: 3.102 | C17: ICA (Ley 14 6jul1983, Res 219 25feb2004) | J17: 0.0069 | L17: 4880991
B18: 3.103 | C18: GMF (Ley 1739 23dic2014 modifica el Estatuto Tributario) | J18: 0.004 | L18: 2829560
B19: 3.104 | C19: Estampilla Universidad Distrital (Acuerdo 696 de 2017) | J19: 0.011 | L19: 7781291
B20: 3.105 | C20: Estampilla procultura (Acuerdo 187 20 dic 2005) | J20: 0.005 | L20: 3536950
B21: 3.106 | C21: Estampilla pro personas Mayores (Acuerdo 645 de 9 de junio de 2016) | J21: 0.02 | L21: 14147801
B22: 3.107 | C22: Estampilla Unipedagógica (Dec 584 de 19 dic 2014) | J22: 0.005 | L22: 3536950
C23: SUBTOTAL IMPUESTOS | L23: 72083047
B25: 3.2 | C25: GARANTÍAS
B26: ÍTEM | C26: DESCRIPCIÓN | E26: VR. BASE | G26: % ASEGURADO | I26: VIGENCIA AMPARO (MESES) | J26: TASA ASEGURADORA | L26: VALOR ($)
B27: 3.201 | C27: Cumplimiento | D27: GARANTÍA ÚNICA | E27: 707390071 | G27: 0.3 | I27: 28 | J27: 0.002 | L27: 1181487
B28: 3.202 | C28: Salarios y Prestaciones Sociales | E28: 707390071 | G28: 0.1 | I28: 56 | J28: 0.002 | L28: 788650
B29: 3.203 | C29: Predios, labores y Operaciones- Vigencia (Decreto 1082 de 2015 Sección III) | D29: RESPONSABILIDAD CIVIL EXTRACONTRACTUAL | E29: 707390071 | G29: 0.05 | I29: 20 | J29: 0.003 | L29: 213424
B30: 3.204 | C30: Colocación de elemento de publicidad exterior tipo vaya de construcción (Resolución 931 de 2008, numeral 7 del artículo 7) | E30: 2467960 | G30: 100 SMMLV | I30: 20 | J30: 0.003 | L30: 17659
C31: SUBTOTAL GARANTÍAS | L31: 2201220
C33: TOTAL IMPUESTOS Y GARANTÍAS | L33: 74284267
C34: TOTAL IMPUESTOS Y GARANTÍAS EN PORCENTAJE DEL COSTO DIRECTO | L34: 0.12555
C36: A. ADMINISTRACIÓN (1 + 2 + 3) | L36: 0.12555
C37: I. IMPREVISTOS | L37: 0.01
C38: U. UTILIDAD | L38: 0.06
C40: A.I.U. (ADMINISTRACIÓN, IMPREVISTOS Y UTILIDAD) | L40: 0.19555

Sheet ENSAYOS-OBRA
B1: CONSTRUCCIÓN ACERAS Y CICLORRUTA CALLE 92 Y CALLE 94 DESDE CARRERA 7 HASTA LA AUTOPISTA NORTE Y OBRAS COMPLEMENTARIAS, EN BOGOTÁ, D.C.
B4: ENSAYOS OBRA | G4: 44029
B5: EXPLORACIÓN DE SUELOS Y ENSAYOS DE LABORATORIO | C5: CANTIDAD | D5: UNIDAD | E5: COSTO UNITARIO ($) SIN I.V.A. | F5: FACTOR MULTIPLICADOR | G5: SUBTOTAL VALOR BÁSICO ($) INCLUYE FACTOR MULTIPLICADOR
A6: CÓD.IDU | B6: ENSAYOS PAVIMENTOS
A7: 7485 | B7: RESISTENCIA A LA DEGRADACIÓN DE LOS AGREGADOS GRUESOS DE TAMAÑOS MAYORES DE 19 mm (¾") POR ABRASIÓN E IMPACTO EN LA MÁQUINA DE LOS ÁNGELES (CON TRITURACIÓN DE AGREGADOS) | C7: 222 | D7: UN | E7: 104940 | F7: 1.1 | G7: 25626348
A8: 9353 | B8: DETERMINACIÓN DE LA RESISTENCIA DEL AGREGADO GRUESO A LA DEGRADACIÓN POR ABRASIÓN, UTILIZANDO EL APARATO MICRO-DEVAL | C8: 222 | D8: UN | E8: 195000 | F8: 1.1 | G8: 47619000
A9: 7738 | B9: RESISTENCIA A LA DEGRADACIÓN DE LOS AGREGADOS DE TAMAÑOS MENORES DE 37.5 MM (1½") POR MEDIO DE LA MÁQUINA DE LOS ÁNGELES (SIN TRITURACIÓN DE LOS AGREGADOS) | C9: 222 | D9: UN | E9: 93280 | F9: 1.1 | G9: 22778976
A10: 10019 | B10: DETERMINACIÓN LÍMITE LÍQUIDO, LÍMITE PLÁSTICO E ÍNDICE DE PLASTICIDAD DE SUELOS | C10: 222 | D10: UN | E10: 45000 | F10: 1.1 | G10: 10989000
A11: 7482 | B11: EQUIVALENTE DE ARENA DE SUELOS Y AGREGADOS FINOS | C11: 222 | D11: UN | E11: 75900 | F11: 1.1 | G11: 18534780
A12: 7744 | B12: ÍNDICES DE APLANAMIENTO Y ALARGAMIENTO DE LOS AGREGADOS PARA CARRETERAS | C12: 222 | D12: UN | E12: 73900 | F12: 1.1 | G12: 18046380
A13: 7737 | B13: ANALISIS GRANULOMETRICO DE LOS AGREGADOS GRUESO Y FINO | C13: 222 | D13: UN | E13: 69900 | F13: 1.1 | G13: 17069580
A14: 9279 | B14: DENSIDAD Y PESO UNITARIO DEL SUELO EN EL TERRENO POR EL MÉTODO DEL CONO Y ARENA | C14: 222 | D14: UN | E14: 53500 | F14: 1.1 | G14: 13064700
A15: 7770 | B15: DISEÑO DE MEZCLAS ASFALTICAS METODO MARSHALL. | C15: 5 | D15: UN | E15: 1022971 | F15: 1.1 | G15: 5626341
A16: 9374 | B16: ANÁLISIS GRANULOMÉTRICO DE LOS AGREGADOS EXTRAÍDOS DE MEZCLAS ASFÁLTICAS | C16: 5 | D16: UN | E16: 52100 | F16: 1.1 | G16: 286550
A17: 7877 | B17: RESISTENCIA A LA FLEXIÓN DEL CONCRETO USANDO UNA VIGA SIMPLEMENTE APOYADA Y CARGADA EN LOS TERCIOS DE LA LUZ LIBRE | C17: 255 | D17: UN | E17: 19500 | F17: 1.1 | G17: 5469750
A18: 9385 | B18: RESISTENCIA A LA COMPRESIÓN DE ADOQUINES DE CONCRETO | C18: 480 | D18: UN | E18: 27200 | F18: 1.1 | G18: 14361600
A19: 7542 | B19: RESISTENCIA A LA COMPRESIÓN DE CILINDROS DE CONCRETO (MOLDEADOS O NÚCLEOS) | C19: 221 | D19: UN | E19: 3750 | F19: 1.1 | G19: 911625
B20: VALOR BÁSICO ESTIMADO PARA ENSAYOS DE LABORATORIO | G20: 200384630
B22: VR. BÁSICO FONDO POR CAMBIO DE VIGENCIA | G22: 7614616
B24: SUBTOTAL VR. BÁSICO ENSAYOS DE LABORATORIO (INCLUYE CAMBIO DE VIGENCIA) | G24: 207999246
B25: IVA 19% | G25: 39519857
B26: COSTOS ESTIMADOS PARA ENSAYOS DE LABORATORIO EN LA FASE DE EJECUCIÓN | G26: 247519103

Sheet COMPENSAC-EVALUAC-SEG-SDA
B1: CONSTRUCCIÓN ACERAS Y CICLORRUTA CALLE 92 Y CALLE 94 DESDE CARRERA 7 HASTA LA AUTOPISTA NORTE Y OBRAS COMPLEMENTARIAS, EN BOGOTÁ, D.C.
B3: COSTOS DE COMPENSACIONES Y SEGUIMIENTO SDA
A4: CÓD. IDU | B4: ÍTEMS | F4: ESPECIFICACIÓN | G4: UN. | H4: CANTIDAD | I4: VALOR UNITARIO | J4: VR. TOTAL
A5: 5895 | B5: 1.1 | C5: Valor IVP por compensación de tala | F5: VALOR IVP POR TALA DE INDIVIDUOS VEGETALES NO INCLUIDOS EN EL MANUAL DE SILVICULTURA URBANA CON ALTURA < 5m SEGUN RESOLUCION 7132 DEL 30/12/2011 DE LA SDA. | G5: UN | H5: 17 | I5: 954962 | J5: 16234354
A6: 5896 | B6: 1.2 | F6: VALOR IVP POR TALA DE INDIVIDUOS VEGETALES NO INCLUIDOS EN EL MANUAL DE SILVICULTURA URBANA CON ALTURA > 5m SEGUN RESOLUCION 7132 DEL 30/12/2011 DE LA SDA. | G6: UN | H6: 17 | I6: 998852 | J6: 16980484
A7: 5897 | B7: 1.3 | F7: VALOR IVP POR TALA DE INDIVIDUOS VEGETALES INCLUIDOS EN EL MANUAL DE SILVICULTURA URBANA CON ALTURA < 5m SEGUN RESOLUCION 7132 DEL 30/12/2011 DE LA SDA. | G7: UN | H7: 14 | I7: 1042742 | J7: 14598388
A8: 5898 | B8: 1.4 | F8: VALOR IVP POR TALA DE INDIVIDUOS VEGETALES INCLUIDOS EN EL MANUAL DE SILVICULTURA URBANA CON ALTURA > 5m SEGUN RESOLUCION 7132 DEL 30/12/2011 DE LA SDA. | G8: UN | H8: 30 | I8: 1086632 | J8: 32598960
A9: 5919 | B9: 1.5 | C9: Costos de Evaluacion | F9: EVALUACION PARA TRATAMIENTOS A LA VEGETACION DE LA SDA. CANTIDAD > 1000 ARBOLES (SEGUN RESOLUCION SDA No. 5589 DEL 30/09/2011. | G9: UN | H9: 1 | I9: 926082 | J9: 926082
A10: 5920 | B10: 1.6 | C10: Costos de seguimiento | F10: SEGUIMIENTO PARA TRATAMIENTOS A LA VEGETACION DE LA SDA. CANTIDAD >1000 ARBOLES (SEGUN RESOLUCION SDA No. 5589 DEL 30/09/2011. | G10: UN | H10: 1 | I10: 1995246 | J10: 1995246
A11: 6086 | B11: 1.7 | F11: ACTUALIZACION DE SISTEMA DE GESTION DEL ARBOLADO URBANO UBICADO EN TERRENO. SIGAU POR ARBOL PARA TALA, BLOQUEO Y TRASLADO | G11: UN | H11: 115 | I11: 11002 | J11: 1265230
A12: 6087 | B12: 1.8 | F12: ACTUALIZACION DE SISTEMA DE GESTION DEL ARBOLADO URBANO UBICADO EN TERRENO. SIGAU POR ARBOL PARA PLANTACION | G12: UN | H12: 124 | I12: 10191 | J12: 1263684
B13: SUBTOTAL COMPENSACIONES Y SEGUIMIENTO SDA | J13: 85862428
B14: SUBTOTAL CON FACTOR MULTIPLICADOR: | I14: 1.1 | J14: 94448671
B15: Registro de Vallas - Trámite de registro publicidad Publicidad Exterior Visual (Resolución 2560 de 2016). | I15: 0.025 | J15: 2361217
B16: AJUSTES POR CAMBIO DE VIGENCIA | I16: 0.038 | J16: 3589049
B18: TOTAL COMPENSACIONES Y SEGUIMIENTO SDA | J18: 100398937

Sheet AJUSTES
B2: INSTITUTO DE DESARROLLO URBANO
B3: SUBDIRECCIÓN GENERAL DE DESARROLLO URBANO
B4: DIRECCIÓN TÉCNICA DE PROYECTOS
B6: OBJETO DE LA CONTRATACIÓN: | D6: CONSTRUCCIÓN ACERAS Y CICLORRUTA CALLE 92 Y CALLE 94 DESDE CARRERA 7 HASTA LA AUTOPISTA NORTE Y OBRAS COMPLEMENTARIAS, EN BOGOTÁ, D.C.
B8: AJUSTES POR CAMBIO DE VIGENCIA
B9: PRESUPUESTO A JULIO DE 2020 | E9: 28402149409 | G9: 44029
B10: TERMINO ESTIMADO DE EJECUCIÓN | E10: 17 | F10: MESES
B12: VR. MENSUAL | E12: 1670714671 | F12: VR. VIGENCIA ACTUAL | G12: 3341429342
B13: MESES DE OBRA | D13: # MESES | E13: INCREMENTO/MES X CAMBIO PERIODO | G13: VR. A AJUSTAR
E14: ICCP PROYECTADO | F14: PORCENTAJE INCREMENTO | G14: 25060720067
B15: 1 | C15: 43831 | E15: 171.24
B16: 2 | C16: 43862 | E16: 172.57 | F16: 1.0077669
B17: 3 | C17: 43891 | E17: 173.07 | F17: 1.0028974
B18: 4 | C18: 43922 | E18: 173.78 | F18: 1.0041024
B19: 5 | C19: 43952 | E19: 174.64 | F19: 1.0049488
B20: 6 | C20: 43983 | E20: 174.94 | F20: 1.0017178
B21: 7 | C21: 44013 | E21: 175.24 | F21: 1.0017149
B22: 8 | C22: 44044 | E22: 175.54 | F22: 1.0017119
B23: 9 | C23: 44075 | D23: 1 | E23: 175.84 | F23: 1.001709 | G23: FASE PRELIMINARES
B24: 10 | C24: 44105 | D24: 2 | E24: 176.14 | F24: 1.0017061
B25: 11 | C25: 44136 | D25: 3 | E25: 176.44 | F25: 1.0017032 | G25: INICIO PROY OBRA
B26: 12 | C26: 44166 | D26: 4 | E26: 176.74 | F26: 1.0017003
B27: 13 | C27: 44197 | D27: 5 | E27: 177.04 | F27: 1.0016974
B28: 14 | C28: 44228 | D28: 6 | E28: 177.34 | F28: 1.0016945
B29: 15 | C29: 44256 | D29: 7 | E29: 177.64 | F29: 1.0016917
B30: 16 | C30: 44287 | D30: 8 | E30: 177.94 | F30: 1.0016888
B31: 17 | C31: 44317 | D31: 9 | E31: 178.24 | F31: 1.001686
B32: 18 | C32: 44348 | D32: 10 | E32: 178.54 | F32: 1.0016831
B33: 19 | C33: 44378 | D33: 11 | E33: 178.84 | F33: 1.0016803
B34: 20 | C34: 44409 | D34: 12 | E34: 179.14 | F34: 1.0016775
B35: 21 | C35: 44440 | D35: 13 | E35: 179.44 | F35: 1.0016747 | G35: VR. AJUSTES
B36: 22 | C36: 44470 | D36: 14 | E36: 179.74 | F36: 1.0016719 | G36: 1127732403
B37: 23 | C37: 44501 | D37: 15 | E37: 180.04 | F37: 1.0016691
B38: 24 | C38: 44531 | D38: 16 | E38: 180.34 | F38: 1.0016663
B39: 25 | C39: 44562 | D39: 17 | E39: 180.64 | F39: 1.0016635
B40: 26 | C40: 44593 | D40: 18 | E40: 180.94 | F40: 1.0016608
B41: 27 | C41: 44621 | D41: 19 | E41: 181.24 | F41: 1.001658 | G41: FIN PROY OBRA
B42: 28 | C42: 44652 | D42: 20 | E42: 181.54 | F42: 1.0016553 | G42: RECIBO OBRA
B43: 29 | C43: 44682 | E43: 181.84 | F43: 1.0016525
B44: 30 | C44: 44713 | E44: 182.14 | F44: 1.0016498
B45: 31 | C45: 44743 | E45: 182.44 | F45: 1.0016471
B46: 32 | C46: 44774 | E46: 182.74 | F46: 1.0016444
B47: 33 | C47: 44805 | E47: 183.04 | F47: 1.0016417

Sheet DESGLOCES
B1: =#REF! -> #REF!
B3: CÓDIGO | C3: DESCRIPCIÓN | D3: UM | E3: CANT. | F3: VR. UNIT. | G3: VR. PARCIAL
B4: 3007 | C4: REPLANTEO GENERAL | D4: M2 | G4: 574
B5: 4278 | C5: CUADRILLA (OFICIAL + AYUDANTE) | D5: HR | E5: 0.0118 | F5: 13858 | G5: 164
B6: 6092 | C6: HERRAMIENTA MENOR | D6: GLB | E6: 0.046 | F6: 2000 | G6: 92
B7: 7260 | C7: DURMIENTE EN ORDINARIO 2.90 X 0.04 X 0.04 | D7: UN | E7: 0.0714 | F7: 4165 | G7: 297
B8: 7680 | C8: PINTURA EN ESMALTE DOMESTICO | D8: GLN | E8: 0.0005 | F8: 42900 | G8: 21
B9: 3009 | C9: EXCAVACION MANUAL PARA REDES PROFUNDIDAD 0m - 2m (Incluye Cargue) | D9: M3 | G9: 26499
B10: 4278 | C10: CUADRILLA (OFICIAL + AYUDANTE) | D10: HR | E10: 1.84 | F10: 13858 | G10: 25499
B11: 6092 | C11: HERRAMIENTA MENOR | D11: GLB | E11: 0.5 | F11: 2000 | G11: 1000
B12: 3012 | C12: DEMOLICIÓN PISOS DE CONCRETO (Espesor variable hasta 0.10 m. Incluye Cargue). No incluye transporte y disposición final de sobrantes. | D12: M2 | G12: 5465
B13: 4279 | C13: CUADRILLA (OFICIAL + 2 AYUDANTES) | D13: HR | E13: 0.134 | F13: 19538 | G13: 2618
B14: 6092 | C14: HERRAMIENTA MENOR | D14: GLB | E14: 0.1 | F14: 2000 | G14: 200
B15: 6140 | C15: COMPRESOR - INCLUYE COMBUSTIBLE | D15: HR | E15: 0.05 | F15: 48012 | G15: 2401
B16: 7439 | C16: MARTILLO NEUMÁTICO 60 LB | D16: HR | E16: 0.05 | F16: 4919 | G16: 246
B17: 3018 | C17: RELLENO EN TIERRA NEGRA PARA EMPRADIZACION (Suministro y Extendido) | D17: M3 | G17: 58566
B18: 4274 | C18: CUADRILLA (OFICIAL + 2 AYUDANTES) | D18: JR | E18: 0.0333 | F18: 156349 | G18: 5206
B19: 6092 | C19: HERRAMIENTA MENOR | D19: GLB | E19: 0.5 | F19: 2000 | G19: 1000
B20: 7229 | C20: TIERRA NEGRA | D20: M3 | E20: 1.1 | F20: 47600 | G20: 52360
B21: 3024 | C21: RELLENO PARA REDES EN ARENA DE PEÑA (Suministro, Extendido, Humedecimiento y Compactación) | D21: M3 | G21: 95225
B22: 2307 | C22: ARENA DE PEÑA | D22: M3 | E22: 1.2 | F22: 35700 | G22: 42840
B23: 4274 | C23: CUADRILLA (OFICIAL + 2 AYUDANTES) | D23: JR | E23: 0.0833 | F23: 156349 | G23: 13024
B24: 5661 | C24: RANA - INCLUYE COMBUSTIBLE | D24: DIA | E24: 0.0833 | F24: 45861 | G24: 3820
B25: 6092 | C25: HERRAMIENTA MENOR | D25: GLB | E25: 0.5 | F25: 2000 | G25: 1000
B26: 6098 | C26: AGUA | D26: LT | E26: 10 | F26: 18 | G26: 180
B27: 7462 | C27: TRANSPORTE DE PETREOS | D27: M3-KM | E27: 26.25 | F27: 1309 | G27: 34361
B28: 3027 | C28: SARDINEL TIPO A10 (Suministro e Instalación. Incluye 3cm Mortero 1:5) | D28: ML | G28: 48815
B29: 3874 | C29: MORTERO 1:5 (Hecho en Obra) | D29: M3 | E29: 0.0066 | F29: 231617 | G29: 1529
B30: 4279 | C30: CUADRILLA (OFICIAL + 2 AYUDANTES) | D30: HR | E30: 0.45 | F30: 19538 | G30: 8792
B31: 6092 | C31: HERRAMIENTA MENOR | D31: GLB | E31: 0.5 | F31: 2000 | G31: 1000
B32: 6109 | C32: SARDINEL PREFABRICADO A10 (800x200x500mm) | D32: UN | E32: 1.25 | F32: 29995 | G32: 37494
B33: 3042 | C33: TUBERIA PVC U.M. EXT CORRUGADO/INT LISO U.M. NORMA NTC 3722-1 D=6" (Incluye Suministro e Instalación) | D33: ML | G33: 35518
B34: 4280 | C34: CUADRILLA (TUBERO + AYUDANTE) | D34: HR | E34: 0.3 | F34: 15107 | G34: 4532
B35: 6092 | C35: HERRAMIENTA MENOR | D35: GLB | E35: 0.5 | F35: 2000 | G35: 1000
B36: 6127 | C36: TUBERIA PVC U.M. EXT CORRUGADO/INT LISO U.M. NORMA NTC 3722-1 D=160MM (6") | D36: ML | E36: 1.03 | F36: 28709 | G36: 29570
B37: 7236 | C37: LUBRICANTE U.M. (EMPAQUE 500 gr) | D37: UN | E37: 0.0222 | F37: 18728 | G37: 416
B38: 3043 | C38: TUBERIA PVC U.M. EXT CORRUGADO/INT LISO U.M. NORMA NTC 3722-1 D=8" (Incluye Suministro e Instalación) | D38: ML | G38: 47836
B39: 4280 | C39: CUADRILLA (TUBERO + AYUDANTE) | D39: HR | E39: 0.35 | F39: 15107 | G39: 5287
B40: 6092 | C40: HERRAMIENTA MENOR | D40: GLB | E40: 0.5 | F40: 2000 | G40: 1000
B41: 6128 | C41: TUBERIA PVC U.M. EXT CORRUGADO/INT LISO U.M. NORMA NTC 3722-1 D=200MM (8") | D41: ML | E41: 1.03 | F41: 39733 | G41: 40925
B42: 7236 | C42: LUBRICANTE U.M. (EMPAQUE 500 gr) | D42: UN | E42: 0.0333 | F42: 18728 | G42: 624
B43: 3044 | C43: TUBERIA PVC U.M. EXT CORRUGADO/INT LISO U.M. NORMA NTC 3722-1 D=10" (Incluye Suministro e Instalación) | D43: ML | G43: 67626
B44: 4280 | C44: CUADRILLA (TUBERO + AYUDANTE) | D44: HR | E44: 0.38 | F44: 15107 | G44: 5741
B45: 6092 | C45: HERRAMIENTA MENOR | D45: GLB | E45: 0.5 | F45: 2000 | G45: 1000
B46: 6129 | C46: TUBERIA PVC U.M. EXT CORRUGADO/INT LISO U.M. NORMA NTC 3722-1 D=250MM (10") | D46: ML | E46: 1.03 | F46: 58203 | G46: 59949
B47: 7236 | C47: LUBRICANTE U.M. (EMPAQUE 500 gr) | D47: UN | E47: 0.05 | F47: 18728 | G47: 936
B48: 3045 | C48: TUBERIA PVC U.M. EXT CORRUGADO/INT LISO U.M. NORMA NTC 3722-1 D=12" (Incluye Suministro e Instalación) | D48: ML | G48: 96930
B49: 4280 | C49: CUADRILLA (TUBERO + AYUDANTE) | D49: HR | E49: 0.4 | F49: 15107 | G49: 6043
B50: 6092 | C50: HERRAMIENTA MENOR | D50: GLB | E50: 0.5 | F50: 2000 | G50: 1000
B51: 6130 | C51: TUBERIA PVC U.M. EXT CORRUGADO/INT LISO U.M. NORMA NTC 3722-1 D=315MM (12") | D51: ML | E51: 1.03 | F51: 86056 | G51: 88638
B52: 7236 | C52: LUBRICANTE U.M. (EMPAQUE 500 gr) | D52: UN | E52: 0.0667 | F52: 18728 | G52: 1249
B53: 3050 | C53: RELLENO EN MATERIAL SELECCIONADO PROVENIENTE DE LA EXCAVACIÓN (Extendido manual, Humedecimiento y Compactación) | D53: M3 | G53: 23645
B54: 4274 | C54: CUADRILLA (OFICIAL + 2 AYUDANTES) | D54: JR | E54: 0.1111 | F54: 156349 | G54: 17370
B55: 5661 | C55: RANA - INCLUYE COMBUSTIBLE | D55: DIA | E55: 0.1111 | F55: 45861 | G55: 5095
B56: 6092 | C56: HERRAMIENTA MENOR | D56: GLB | E56: 0.5 | F56: 2000 | G56: 1000
B57: 6098 | C57: AGUA | D57: LT | E57: 10 | F57: 18 | G57: 180
B58: 3155 | C58: DEMOLICION SUMIDERO EXISTENTE (Incluye Cargue) | D58: UN | G58: 136169
B59: 4279 | C59: CUADRILLA (OFICIAL + 2 AYUDANTES) | D59: HR | E59: 1.5 | F59: 19538 | G59: 29307
B60: 6092 | C60: HERRAMIENTA MENOR | D60: GLB | E60: 0.5 | F60: 2000 | G60: 1000
B61: 6140 | C61: COMPRESOR - INCLUYE COMBUSTIBLE | D61: HR | E61: 2 | F61: 48012 | G61: 96024
B62: 7439 | C62: MARTILLO NEUMÁTICO 60 LB | D62: HR | E62: 2 | F62: 4919 | G62: 9838
B63: 3195 | C63: 2 DUCTOS D=4" PVC-TDP (Incluye Suministro e Instalación. No Incluye Rellenos) | D63: ML | G63: 33262
B64: 4278 | C64: CUADRILLA (OFICIAL + AYUDANTE) | D64: HR | E64: 0.12 | F64: 13858 | G64: 1663
B65: 4521 | C65: DUCTO PVC TIPO TDP D=4" | D65: ML | E65: 2.06 | F65: 14854 | G65: 30599
B66: 6092 | C66: HERRAMIENTA MENOR | D66: GLB | E66: 0.5 | F66: 2000 | G66: 1000
B67: 3210 | C67: BORDILLO PREFABRICADO A80 (Suministro e Instalación. Incluye 3cm Mortero de Nivelación 2000 PSI) | D67: ML | G67: 38808
B68: 366 | C68: MORTERO 2000 PSI 14 MPa (140 Kg/cm2) | D68: M3 | E68: 0.0066 | F68: 339150 | G68: 2238
B69: 4279 | C69: CUADRILLA (OFICIAL + 2 AYUDANTES) | D69: HR | E69: 0.4 | F69: 19538 | G69: 7815
B70: 6092 | C70: HERRAMIENTA MENOR | D70: GLB | E70: 0.5 | F70: 2000 | G70: 1000
B71: 6116 | C71: BORDILLO PREFABRICADO A80 (800x200x350mm) | D71: UN | E71: 1.25 | F71: 22204 | G71: 27755
B72: 3223 | C72: TUBERIA PVC D=2" TIPO U.M. RDE 21 (Suministro e Instalación) | D72: ML | G72: 13073
B73: 4278 | C73: CUADRILLA (OFICIAL + AYUDANTE) | D73: HR | E73: 0.1667 | F73: 13858 | G73: 2310
B74: 6092 | C74: HERRAMIENTA MENOR | D74: GLB | E74: 0.5 | F74: 2000 | G74: 1000
B75: 6257 | C75: TUBERIA PVC U.M. NORMA NTC 382 D=2" RDE 21 | D75: ML | E75: 1.03 | F75: 9387 | G75: 9669
B76: 7236 | C76: LUBRICANTE U.M. (EMPAQUE 500 gr) | D76: UN | E76: 0.005 | F76: 18728 | G76: 94
B77: 3225 | C77: TUBERIA PVC D=3" TIPO U.M. RDE 21 (Suministro e Instalación) | D77: ML | G77: 24797
B78: 4278 | C78: CUADRILLA (OFICIAL + AYUDANTE) | D78: HR | E78: 0.1818 | F78: 13858 | G78: 2519
B79: 6092 | C79: HERRAMIENTA MENOR | D79: GLB | E79: 0.5 | F79: 2000 | G79: 1000
B80: 6259 | C80: TUBERIA PVC U.M. NORMA NTC 382 D=3" RDE 21 | D80: ML | E80: 1.03 | F80: 20544 | G80: 21160
B81: 7236 | C81: LUBRICANTE U.M. (EMPAQUE 500 gr) | D81: UN | E81: 0.0063 | F81: 18728 | G81: 118
B82: 3226 | C82: TUBERIA PVC D=4" TIPO U.M. RDE 21 (Suministro e Instalación) | D82: ML | G82: 39566
B83: 4278 | C83: CUADRILLA (OFICIAL + AYUDANTE) | D83: HR | E83: 0.25 | F83: 13858 | G83: 3465
B84: 6092 | C84: HERRAMIENTA MENOR | D84: GLB | E84: 0.5 | F84: 2000 | G84: 1000
B85: 6260 | C85: TUBERIA PVC U.M. NORMA NTC 382 D=4`` RDE 21 | D85: ML | E85: 1.03 | F85: 33897 | G85: 34914
B86: 7236 | C86: LUBRICANTE U.M. (EMPAQUE 500 gr) | D86: UN | E86: 0.01 | F86: 18728 | G86: 187
B87: 3227 | C87: TUBERIA PVC D=6" TIPO U.M. RDE 21 (Suministro e Instalación) | D87: ML | G87: 83211
B88: 4278 | C88: CUADRILLA (OFICIAL + AYUDANTE) | D88: HR | E88: 0.4 | F88: 13858 | G88: 5543
B89: 6092 | C89: HERRAMIENTA MENOR | D89: GLB | E89: 0.5 | F89: 2000 | G89: 1000
B90: 6261 | C90: TUBERIA PVC U.M. NORMA NTC 382 D=6" RDE 21 | D90: ML | E90: 1.03 | F90: 74031 | G90: 76252
B91: 7236 | C91: LUBRICANTE U.M. (EMPAQUE 500 gr) | D91: UN | E91: 0.0222 | F91: 18728 | G91: 416
B92: 3228 | C92: TUBERIA PVC D=8" TIPO U.M. RDE 21 (Suministro e Instalación) | D92: ML | G92: 129467
B93: 4278 | C93: CUADRILLA (OFICIAL + AYUDANTE) | D93: HR | E93: 0.5 | F93: 13858 | G93: 6929
B94: 6092 | C94: HERRAMIENTA MENOR | D94: GLB | E94: 0.5 | F94: 2000 | G94: 1000
B95: 6262 | C95: TUBERIA PVC U.M. NORMA NTC 382 D=8" RDE 21 | D95: ML | E95: 1.03 | F95: 117392 | G95: 120914
B96: 7236 | C96: LUBRICANTE U.M. (EMPAQUE 500 gr) | D96: UN | E96: 0.0333 | F96: 18728 | G96: 624
B97: 3230 | C97: TUBERIA PVC D=12" TIPO U.M. RDE 21 (Suministro e Instalación) | D97: ML | G97: 294373
B98: 4278 | C98: CUADRILLA (OFICIAL + AYUDANTE) | D98: HR | E98: 0.5556 | F98: 13858 | G98: 7700
B99: 6092 | C99: HERRAMIENTA MENOR | D99: GLB | E99: 0.5 | F99: 2000 | G99: 1000
B100: 6264 | C100: TUBERIA PVC U.M. NORMA NTC 382 D=12" RDE 21 | D100: ML | E100: 1.03 | F100: 276140 | G100: 284424
B101: 7236 | C101: LUBRICANTE U.M. (EMPAQUE 500 gr) | D101: UN | E101: 0.0667 | F101: 18728 | G101: 1249
...

Sheet DESGLOSES
B3: Código | C3: Nombre | D3: UM | E3: Cantidad | F3: Vr. Unitario | G3: Vr. Total
B4: 3007 | C4: REPLANTEO GENERAL | D4: M2 | G4: 583
B5: 4278 | C5: CUADRILLA (OFICIAL + AYUDANTE) | D5: HR | E5: 0.0118 | F5: 14722 | G5: 174
B6: 6092 | C6: HERRAMIENTA MENOR | D6: GLB | E6: 0.046 | F6: 2000 | G6: 92
B7: 7260 | C7: DURMIENTE EN ORDINARIO 2.90 X 0.04 X 0.04 | D7: UN | E7: 0.0714 | F7: 4165 | G7: 297
B8: 7680 | C8: PINTURA EN ESMALTE DOMESTICO | D8: GLN | E8: 0.0005 | F8: 40099 | G8: 20
B9: 3009 | C9: EXCAVACION MANUAL PARA REDES PROFUNDIDAD 0m - 2m (Incluye Cargue) | D9: M3 | G9: 28088
B10: 4278 | C10: CUADRILLA (OFICIAL + AYUDANTE) | D10: HR | E10: 1.84 | F10: 14722 | G10: 27088
B11: 6092 | C11: HERRAMIENTA MENOR | D11: GLB | E11: 0.5 | F11: 2000 | G11: 1000
B12: 3012 | C12: DEMOLICIÓN PISOS DE CONCRETO (Espesor variable hasta 0.10 m. Incluye Cargue). No incluye transporte y disposición final de sobrantes. | D12: M2 | G12: 6095
B13: 4279 | C13: CUADRILLA (OFICIAL + 2 AYUDANTES) | D13: HR | E13: 0.134 | F13: 20759 | G13: 2782
B14: 6092 | C14: HERRAMIENTA MENOR | D14: GLB | E14: 0.1 | F14: 2000 | G14: 200
B15: 6140 | C15: COMPRESOR - INCLUYE COMBUSTIBLE | D15: HR | E15: 0.05 | F15: 57198 | G15: 2860
B16: 7439 | C16: MARTILLO NEUMÁTICO 60 LB | D16: HR | E16: 0.05 | F16: 5058 | G16: 253
B17: 3017 | C17: TRANSPORTE Y DISPOSICIÓN FINAL DE ESCOMBROS EN SITIO AUTORIZADO (distancia de transporte 21 Km). A distancia mayor del acarreo libre (90 m) en sitio autorizado por la entidad Ambiental competente. | D17: M3 | G17: 34351
B18: 7231 | C18: DERECHOS DE BOTADERO | D18: M3 | E18: 1 | F18: 4363 | G18: 4363
B19: 7462 | C19: TRANSPORTE DE PETREOS | D19: M3-KM | E19: 21 | F19: 1428 | G19: 29988
B20: 3018 | C20: RELLENO EN TIERRA NEGRA PARA EMPRADIZACION (Suministro y Extendido) | D20: M3 | G20: 52730
B21: 4274 | C21: CUADRILLA (OFICIAL + 2 AYUDANTES) | D21: JR | E21: 0.0333 | F21: 166065 | G21: 5530
B22: 6092 | C22: HERRAMIENTA MENOR | D22: GLB | E22: 0.5 | F22: 2000 | G22: 1000
B23: 7229 | C23: TIERRA NEGRA | D23: M3 | E23: 1.1 | F23: 42000 | G23: 46200
B24: 3022 | C24: DEMOLICIÓN PISOS DE CONCRETO (incluye cargue). No incluye transporte y disposición final de sobrantes. | D24: M3 | G24: 46037
B25: 4279 | C25: CUADRILLA (OFICIAL + 2 AYUDANTES) | D25: HR | E25: 0.67 | F25: 20759 | G25: 13909
B26: 6092 | C26: HERRAMIENTA MENOR | D26: GLB | E26: 0.5 | F26: 2000 | G26: 1000
B27: 6140 | C27: COMPRESOR - INCLUYE COMBUSTIBLE | D27: HR | E27: 0.5 | F27: 57198 | G27: 28599
B28: 7439 | C28: MARTILLO NEUMÁTICO 60 LB | D28: HR | E28: 0.5 | F28: 5058 | G28: 2529
B29: 3024 | C29: RELLENO PARA REDES EN ARENA DE PEÑA (Suministro, Extendido, Humedecimiento y Compactación) | D29: M3 | G29: 95613
B30: 2307 | C30: ARENA DE PEÑA | D30: M3 | E30: 1.2 | F30: 32725 | G30: 39270
B31: 4274 | C31: CUADRILLA (OFICIAL + 2 AYUDANTES) | D31: JR | E31: 0.0833 | F31: 166065 | G31: 13833
B32: 5661 | C32: RANA - INCLUYE COMBUSTIBLE | D32: DIA | E32: 0.0833 | F32: 46157 | G32: 3845
B33: 6092 | C33: HERRAMIENTA MENOR | D33: GLB | E33: 0.5 | F33: 2000 | G33: 1000
B34: 6098 | C34: AGUA | D34: LT | E34: 10 | F34: 18 | G34: 180
B35: 7462 | C35: TRANSPORTE DE PETREOS | D35: M3-KM | E35: 26.25 | F35: 1428 | G35: 37485
B36: 3027 | C36: SARDINEL TIPO A10 (Suministro e Instalación. Incluye 3cm Mortero 1:5) | D36: ML | G36: 50589
B37: 3874 | C37: MORTERO 1:5 (Hecho en Obra) | D37: M3 | E37: 0.0066 | F37: 245704 | G37: 1622
B38: 4279 | C38: CUADRILLA (OFICIAL + 2 AYUDANTES) | D38: HR | E38: 0.45 | F38: 20759 | G38: 9342
B39: 6092 | C39: HERRAMIENTA MENOR | D39: GLB | E39: 0.5 | F39: 2000 | G39: 1000
B40: 6109 | C40: SARDINEL PREFABRICADO A10 (800x200x500mm) | D40: UN | E40: 1.25 | F40: 30900 | G40: 38625
B41: 3041 | C41: TUBERIA PVC U.M. EXT CORRUGADO/INT LISO U.M. NORMA NTC 3722-1 D=4" (Incluye Suministro e Instalación) | D41: ML | G41: 21089
B42: 4280 | C42: CUADRILLA (TUBERO + AYUDANTE) | D42: HR | E42: 0.28 | F42: 16047 | G42: 4493
B43: 6092 | C43: HERRAMIENTA MENOR | D43: GLB | E43: 0.5 | F43: 2000 | G43: 1000
B44: 6126 | C44: TUBERIA PVC U.M. EXT CORRUGADO/INT LISO U.M. NORMA NTC 3722-1 D=110MM (4") | D44: ML | E44: 1.03 | F44: 14940 | G44: 15388
B45: 7236 | C45: LUBRICANTE U.M. (EMPAQUE 500 gr) | D45: UN | E45: 0.01 | F45: 20789 | G45: 208
B46: 3042 | C46: TUBERIA PVC U.M. EXT CORRUGADO/INT LISO U.M. NORMA NTC 3722-1 D=6" (Incluye Suministro e Instalación) | D46: ML | G46: 36331
B47: 4280 | C47: CUADRILLA (TUBERO + AYUDANTE) | D47: HR | E47: 0.3 | F47: 16047 | G47: 4814
B48: 6092 | C48: HERRAMIENTA MENOR | D48: GLB | E48: 0.5 | F48: 2000 | G48: 1000
B49: 6127 | C49: TUBERIA PVC U.M. EXT CORRUGADO/INT LISO U.M. NORMA NTC 3722-1 D=160MM (6") | D49: ML | E49: 1.03 | F49: 29180 | G49: 30055
B50: 7236 | C50: LUBRICANTE U.M. (EMPAQUE 500 gr) | D50: UN | E50: 0.0222 | F50: 20789 | G50: 462
B51: 3044 | C51: TUBERIA PVC U.M. EXT CORRUGADO/INT LISO U.M. NORMA NTC 3722-1 D=10" (Incluye Suministro e Instalación) | D51: ML | G51: 73495
B52: 4280 | C52: CUADRILLA (TUBERO + AYUDANTE) | D52: HR | E52: 0.38 | F52: 16047 | G52: 6098
B53: 6092 | C53: HERRAMIENTA MENOR | D53: GLB | E53: 0.5 | F53: 2000 | G53: 1000
B54: 6129 | C54: TUBERIA PVC U.M. EXT CORRUGADO/INT LISO U.M. NORMA NTC 3722-1 D=250MM (10") | D54: ML | E54: 1.03 | F54: 63454 | G54: 65358
B55: 7236 | C55: LUBRICANTE U.M. (EMPAQUE 500 gr) | D55: UN | E55: 0.05 | F55: 20789 | G55: 1039
B56: 3045 | C56: TUBERIA PVC U.M. EXT CORRUGADO/INT LISO U.M. NORMA NTC 3722-1 D=12" (Incluye Suministro e Instalación) | D56: ML | G56: 105440
B57: 4280 | C57: CUADRILLA (TUBERO + AYUDANTE) | D57: HR | E57: 0.4 | F57: 16047 | G57: 6419
B58: 6092 | C58: HERRAMIENTA MENOR | D58: GLB | E58: 0.5 | F58: 2000 | G58: 1000
B59: 6130 | C59: TUBERIA PVC U.M. EXT CORRUGADO/INT LISO U.M. NORMA NTC 3722-1 D=315MM (12") | D59: ML | E59: 1.03 | F59: 93819 | G59: 96634
B60: 7236 | C60: LUBRICANTE U.M. (EMPAQUE 500 gr) | D60: UN | E60: 0.0667 | F60: 20789 | G60: 1387
B61: 3050 | C61: RELLENO EN MATERIAL SELECCIONADO PROVENIENTE DE LA EXCAVACIÓN (Extendido manual, Humedecimiento y Compactación) | D61: M3 | G61: 24758
B62: 4274 | C62: CUADRILLA (OFICIAL + 2 AYUDANTES) | D62: JR | E62: 0.1111 | F62: 166065 | G62: 18450
B63: 5661 | C63: RANA - INCLUYE COMBUSTIBLE | D63: DIA | E63: 0.1111 | F63: 46157 | G63: 5128
B64: 6092 | C64: HERRAMIENTA MENOR | D64: GLB | E64: 0.5 | F64: 2000 | G64: 1000
B65: 6098 | C65: AGUA | D65: LT | E65: 10 | F65: 18 | G65: 180
B66: 3052 | C66: RELLENO PARA REDES EN SUBBASE GRANULAR B-200 (Suministro, Extendido, Humedecimiento y Compactación) | D66: M3 | G66: 78255
B67: 4274 | C67: CUADRILLA (OFICIAL + 2 AYUDANTES) | D67: JR | E67: 0.1111 | F67: 166065 | G67: 18450
B68: 5661 | C68: RANA - INCLUYE COMBUSTIBLE | D68: DIA | E68: 0.1111 | F68: 46157 | G68: 5128
B69: 6092 | C69: HERRAMIENTA MENOR | D69: GLB | E69: 0.5 | F69: 2000 | G69: 1000
B70: 6098 | C70: AGUA | D70: LT | E70: 10 | F70: 18 | G70: 180
B71: 7005 | C71: SUBBASE GRANULAR B-200 | D71: M3 | E71: 1.3 | F71: 12317 | G71: 16012
B72: 7462 | C72: TRANSPORTE DE PETREOS | D72: M3-KM | E72: 26.25 | F72: 1428 | G72: 37485
B73: 3057 | C73: CAMARA DE INSPECCIÓN T-13 ETB (H=2.3m. Incluye Base, Muros, Cubierta, Aro-Base y Aro-Tapa) | D73: UN | G73: 3114872
B74: 323 | C74: CONCRETO GRAVA COMÚN 2500 PSI 17 MPa (175 Kg/cm2) | D74: M3 | E74: 1.1275 | F74: 354442 | G74: 399633
B75: 1794 | C75: ALAMBRE RECOCIDO No.18 | D75: KG | E75: 2 | F75: 3773 | G75: 7546
B76: 3465 | C76: CONCRETO 3000 PSI (Hecho en Obra 1:2:2 con arena de río y triturado de 3/4") | D76: M3 | E76: 1.1709 | F76: 382749 | G76: 448161
B77: 3476 | C77: MORTERO 1:3 (Hecho en Obra) | D77: M3 | E77: 0.1008 | F77: 310601 | G77: 31309
B78: 3995 | C78: FORMALETA MADERA PARA TAPAS-CAJAS Y CAMARAS | D78: M2 | E78: 5 | F78: 21983 | G78: 109915
B79: 4274 | C79: CUADRILLA (OFICIAL + 2 AYUDANTES) | D79: JR | E79: 2.5 | F79: 166065 | G79: 415163
B80: 5038 | C80: ACERO FIGURADO No. 3 (Ø 3/8") F'y=60000 PSI | D80: KG | E80: 58.45 | F80: 2678 | G80: 156529
B81: 5481 | C81: BLOQUE PARA CAMARA TELEFONICA ETB | D81: UN | E81: 145 | F81: 5820 | G81: 843900
B82: 6092 | C82: HERRAMIENTA MENOR | D82: GLB | E82: 1 | F82: 2000 | G82: 2000
B83: 6792 | C83: MARCO Y TAPA CIRCULAR CAMARA INSPECCIÓN ETB PL0025 | D83: UN | E83: 1 | F83: 238000 | G83: 238000
B84: 6832 | C84: GROUTING 17 MPa 2500 PSI (175 Kg/cm2) | D84: M3 | E84: 0.3402 | F84: 415310 | G84: 141288
B85: 7088 | C85: ACERO FIGURADO No. 4 (Ø 1/2") F'y=60000 PSI | D85: KG | E85: 120.0255 | F85: 2678 | G85: 321428
B86: 3059 | C86: CAMARA DE INSPECCIÓN T-14 ETB (H=2.3m. Incluye Base, Muros, Cubierta, Aro-Base y Aro-Tapa) | D86: UN | G86: 3067872
B87: 1794 | C87: ALAMBRE RECOCIDO No.18 | D87: KG | E87: 2 | F87: 3773 | G87: 7546
B88: 3465 | C88: CONCRETO 3000 PSI (Hecho en Obra 1:2:2 con arena de río y triturado de 3/4") | D88: M3 | E88: 0.9248 | F88: 382749 | G88: 353966
B89: 3476 | C89: MORTERO 1:3 (Hecho en Obra) | D89: M3 | E89: 0.454 | F89: 310601 | G89: 141013
B90: 3995 | C90: FORMALETA MADERA PARA TAPAS-CAJAS Y CAMARAS | D90: M2 | E90: 7.3 | F90: 21983 | G90: 160476
B91: 4274 | C91: CUADRILLA (OFICIAL + 2 AYUDANTES) | D91: JR | E91: 2.5 | F91: 166065 | G91: 415163
B92: 5038 | C92: ACERO FIGURADO No. 3 (Ø 3/8") F'y=60000 PSI | D92: KG | E92: 67.144 | F92: 2678 | G92: 179812
B93: 5481 | C93: BLOQUE PARA CAMARA TELEFONICA ETB | D93: UN | E93: 178 | F93: 5820 | G93: 1035960
B94: 6092 | C94: HERRAMIENTA MENOR | D94: GLB | E94: 1 | F94: 2000 | G94: 2000
B95: 6792 | C95: MARCO Y TAPA CIRCULAR CAMARA INSPECCIÓN ETB PL0025 | D95: UN | E95: 1 | F95: 238000 | G95: 238000
B96: 6832 | C96: GROUTING 17 MPa 2500 PSI (175 Kg/cm2) | D96: M3 | E96: 0.3742 | F96: 415310 | G96: 155409
B97: 7088 | C97: ACERO FIGURADO No. 4 (Ø 1/2") F'y=60000 PSI | D97: KG | E97: 141.3468 | F97: 2678 | G97: 378527
B98: 3155 | C98: DEMOLICION SUMIDERO EXISTENTE (Incluye Cargue) | D98: UN | G98: 156651
B99: 4279 | C99: CUADRILLA (OFICIAL + 2 AYUDANTES) | D99: HR | E99: 1.5 | F99: 20759 | G99: 31139
B100: 6092 | C100: HERRAMIENTA MENOR | D100: GLB | E100: 0.5 | F100: 2000 | G100: 1000
B101: 6140 | C101: COMPRESOR - INCLUYE COMBUSTIBLE | D101: HR | E101: 2 | F101: 57198 | G101: 114396
B102: 7439 | C102: MARTILLO NEUMÁTICO 60 LB | D102: HR | E102: 2 | F102: 5058 | G102: 10116
...

Sheet PAGO PRODUC IDU-DISEÑO
B2: FORMA DE PAGO PRODUCTOS PARA LA ETAPA DE ESTUDIOS, DISEÑOS Y APROBACIONES
B4: IDU
B6: No. | C6: PRODUCTO APROBADO | E6: VALOR TOTAL A PAGAR CONTRA ENTREGA Y APROBACION DE PRODUCTOS (INCLUYE COSTOS ADMINISTRATIVOS - NO INCLUYE VR. A PAGAR POR PRECIOS UNITARIOS) | F6: VALOR A PAGAR CONTRA ENTREGA Y APROBACION DE SUBPRODUCTOS O ENTREGABLES (INCLUYE COSTOS ADMINISTRATIVOS) | G6: RELACION DEL PRODUCTO SOBRE EL VALOR PARCIAL A PAGAR CONTRA ENTREGA DE PRODUCTOS
C7: PRODUCTO | D7: SUBPRODUCTO O ENTREGABLE | E7: =CONCATENATE("ACTUALIZADO A ",UPPER(TEXT(#REF!,"MMMM \d\e YYYY"))) -> #REF! | F7: =E7 -> #REF! | G7: =E7 -> #REF! | Q7: COMPROBACION VALORES
B8: 1 | C8: TOPOGRAFÍA | D8: Trabajo de Campo (georreferenciación, marco de referencia, nivelación, detalles - nube de puntos) | E8: =ROUND($E$51*H8,0) -> #REF! | F8: =ROUND(E8*J8,0)-1 -> #REF! | G8: =H8*J8 -> #REF! | H8: =L8 -> #REF! | J8: 0.5 | L8: =+ROUND((M8+O8)/$O$48,3) -> #REF! | M8: =CONSULTORIA!O31+CONSULTORIA!O47 -> #REF! | N8: =M8/$M$45 -> #REF! | O8: =+N8*O45 -> #REF! | Q8: =M8 -> #REF! | R8: =CONSULTORIA!O31+CONSULTORIA!O47 -> #REF! | S8: =Q8-R8 -> #REF!
D9: Informe y anexos (cálculos y memorias, planos planta - perfil - secciones, MDT, inspección redes) | F9: =ROUND(E8*J9,0) -> #REF! | G9: =H8*J9 -> #REF! | J9: 0.5
B10: 4 | C10: DISEÑO GEOMÉTRICO | D10: Informe final de estudios y diseños (informe, planos, anexos y carteras). | E10: =ROUND($E$51*H10,0) -> #REF! | F10: =ROUND($E$10*J10,0) -> #REF! | G10: =$H$10*J10 -> #REF! | H10: =L10 -> #REF! | J10: 1 | L10: =+ROUND((M10+O10)/$O$48,2) -> #REF! | M10: =CONSULTORIA!O21 -> #REF! | N10: =M10/$M$45 -> #REF! | O10: =+N10*O45 -> #REF! | Q10: =+M10 -> #REF! | R10: =CONSULTORIA!O21 -> #REF! | S10: =Q10-R10 -> #REF!
B11: 5 | C11: URBANISMO Y ESPACIO PÚBLICO | D11: Esquema General del Proyecto: Incluye Estudios y Diseños de Espacio Público - Paisajismo - Diseño de Antejardines (Si Aplica) - Arquitectura (Si aplica). | E11: =ROUND($E$51*H11,0) -> #REF! | F11: =ROUND(E11*J11,0)-1 -> #REF! | G11: =H11*J11 -> #REF! | H11: =L11 -> #REF! | J11: 0.5 | L11: =+ROUND((M11+O11)/$O$48,2) -> #REF! | M11: =CONSULTORIA!#REF! -> #REF! | N11: =M11/$M$45 -> #REF! | O11: =+N11*O45 -> #REF! | Q11: =+M11 -> #REF! | R11: =CONSULTORIA!#REF! -> #REF! | S11: =Q11-R11 -> #REF!
D12: Detalles y Producto Final del proyecto: Incluye Estudios y Diseños de Espacio Público - Paisajismo - Diseño de Antejardines (Si Aplica) - Arquitectura (Si aplica). | F12: =ROUND(E11*J12,0) -> #REF! | G12: =H11*J12 -> #REF! | J12: 0.5
B13: 8 | C13: GEOTECNIA | D13: Plan de exploración del subsuelo para fundaciones, redes y demás estructuras complemetarias. | E13: =ROUND($E$51*H13,0) -> #REF! | F13: =ROUND($E$13*J13,0) -> #REF! | G13: =$H$13*J13 -> #REF! | H13: =L13 -> #REF! | J13: 0.02 | L13: =+ROUND((M13+O13)/$O$48,3) -> #REF! | M13: =CONSULTORIA!#REF! -> #REF! | N13: =M13/$M$45 -> #REF! | O13: =+N13*O45 -> #REF! | Q13: =+M13 -> #REF! | R13: =CONSULTORIA!#REF! -> #REF! | S13: =Q13-R13 -> #REF!
D14: Informe de avance 1. | F14: =ROUND($E$13*J14,0) -> #REF! | G14: =$H$13*J14 -> #REF! | J14: 0.05
D15: Informe de avance 2. | F15: =ROUND($E$13*J15,0) -> #REF! | G15: =$H$13*J15 -> #REF! | J15: 0.05
D16: Estudios y diseños geotécnicos definitivos. | F16: =ROUND($E$13*J16,0) -> #REF! | G16: =$H$13*J16 -> #REF! | J16: 0.88
B17: 9 | C17: ESTUDIOS Y DISEÑOS ESTRUCTURALES | D17: Inventario y patología de estructuras existentes a conservar, recuperar, reforzar, ampliar o demoler, según lo establecido en la GU-DP-01 Guía alcance de los entregables en la etapa de diseño. | E17: =ROUND($E$51*H17,0) -> #REF! | F17: =ROUND($E$17*J17,0)+1 -> #REF! | G17: =$H$17*J17 -> #REF! | H17: =L17 -> #REF! | J17: 0.23 | L17: =+ROUND((M17+O17)/$O$48,3) -> #REF! | M17: =CONSULTORIA!#REF! -> #REF! | N17: =M17/$M$45 -> #REF! | O17: =+N17*O45 -> #REF! | Q17: =+M17 -> #REF! | R17: =CONSULTORIA!#REF! -> #REF! | S17: =Q17-R17 -> #REF!
D18: Obras para Estructuras Existentes, según lo establecido en la GU-DP-01 Guía alcance de los entregables en la etapa de diseño. | F18: =ROUND($E$17*J18,0) -> #REF! | G18: =$H$17*J18 -> #REF! | J18: 0.23
D19: Diseño de Estructuras Nuevas, según lo establecido en la GU-DP-01 Guía alcance de los entregables en la etapa de diseño. | F19: =ROUND($E$17*J19,0) -> #REF! | G19: =$H$17*J19 -> #REF! | J19: 0.31
D20: Estimación de Cantidades de Obra y personal. | F20: =ROUND($E$17*J20,0) -> #REF! | G20: =$H$17*J20 -> #REF! | J20: 0.15
D21: Documento Técnico de Soporte. | F21: =ROUND($E$17*J21,0) -> #REF! | G21: =$H$17*J21 -> #REF! | J21: 0.08
B22: 10, 11 | C22: ESTUDIOS AMBIENTALES - SST - FORESTAL | D22: Estudio ambiental y de Seguridad y salud en el trabajo. | E22: =ROUND($E$51*H22,0) -> #REF! | F22: =ROUND($E$22*J22,0) -> #REF! | G22: =$H$22*J22 -> #REF! | H22: =+L22 -> #REF! | J22: 0.38 | L22: =+ROUND((M22+O22)/$O$48,3) -> #REF! | M22: =CONSULTORIA!#REF!*0.5 -> #REF! | N22: =M22/$M$45 -> #REF! | O22: =+N22*O45 -> #REF! | Q22: =+M22+'PAGO PRODUC-3ros -DISEÑO'!J19 -> #REF! | R22: =CONSULTORIA!#REF! -> #REF! | S22: =Q22-R22 -> #REF!
D23: Elaboración Apéndice ambiental y SST construcción y mantenimiento. | F23: =ROUND($E$22*J23,0) -> #REF! | G23: =$H$22*J23 -> #REF! | J23: 0.28
D24: Elaboración Capítulo ambiental y SST - Interventoría de construcción y mantenimiento. | F24: =ROUND($E$22*J24,0) -> #REF! | G24: =$H$22*J24 -> #REF! | J24: 0.34
B25: 11 | C25: PAVIMENTOS | D25: Informe de Recopilación de información, Plan de exploración. Análisis interdisciplinarios previos, Investigación, recopilación y análisis de información existente, Inventario y diagnóstico preliminar de la infraestructura existente, Plan de investigación geotécnica complementaria, Plan de inventario y diagnóstico de vías, Plan de inventario y diagnóstico de espacio público, Metodología. | E25: =ROUND($E$51*H25,0) -> #REF! | F25: =ROUND($E$25*J25,0) -> #REF! | G25: =$H$25*J25 -> #REF! | H25: =L25 -> #REF! | J25: 0.02 | L25: =+ROUND((M25+O25)/$O$48,2) -> #REF! | M25: =CONSULTORIA!O24 -> #REF! | N25: =M25/$M$45 -> #REF! | O25: =+N25*O45 -> #REF! | Q25: =+M25 -> #REF! | R25: =CONSULTORIA!O24 -> #REF! | S25: =Q25-R25 -> #REF!
D26: Estudio geotécnico para diseño de pavimentos. Alcance, resultado de Investigación, recopilación y análisis de información existente, resultados del inventario y diagnóstico preliminares de la infraestructura existente, resultados de la exploración geotécnica existente y complementaria, definición de sectores homogéneos de diseño, análisis de las cargas del tránsito, análisis de la subrasante, definición de módulos dinámicos/resilientes de los materiales propuestos, diseño de pavimentos, diseño de espacio público, dimensionamiento preliminar de pavimentos flexibles, diseño empírico-mecanicista de pavimentos flexibles, diseño de pavimentos rígidos, cálculo de esfuerzos y deflexiones en pavimentos rígidos, diseño de juntas, modulación de losas y detalles constructivos, evaluación de alternativas, cantidades de obra para la alternativa recomendada, memorias de cálculo, plano de localización de los sectores de diseño definidos en el alcance, etapa de mantenimiento, análisis de canteras de fuentes de materiales, análisis de riesgos, recomendaciones técnicas y constructivas, concepto técnico que contenga el análisis del potencial de reutilización de materiales reciclados y recomendaciones de implementación de residuos de construcción y demolición (RCD), recomendaciones de manejo de drenaje superficial y subsuperficial, especificaciones particulares, proceso constructivo, plan de ensayos para diseño de mezclas, control de calidad de materiales y/o sobre el producto terminado, conclusiones. Informe final con sus respectivos anexos en medio magnético y hoja de firmas, control de cambios y revisiones. | F26: =ROUND($E$25*J26,0) -> #REF! | G26: =$H$25*J26 -> #REF! | J26: 0.98
B27: 12 | C27: ARQUEOLOGÍA | D27: Prospección arqueológica | E27: =ROUND($E$51*H27,0) -> #REF! | F27: =ROUND($E$27*J27,0)-1 -> #REF! | G27: =$H$33*J27 -> #REF! | H27: =L27 -> #REF! | J27: =1/6 -> 0.16666667 | L27: =+ROUND((M27+O27)/$O$48,3) -> #REF! | M27: =CONSULTORIA!#REF! -> #REF! | N27: =M27/$M$45 -> #REF! | O27: =+N27*O45 -> #REF! | Q27: =+M27 -> #REF! | R27: =CONSULTORIA!#REF! -> #REF! | S27: =Q27-R27 -> #REF!
D28: Plan de manejo arqueológico | F28: =ROUND($E$27*J28,0) -> #REF! | G28: =$H$33*J28 -> #REF! | J28: =J27 -> 0.16666667
D29: Rescate arqueológico | F29: =ROUND($E$27*J29,0) -> #REF! | G29: =$H$33*J29 -> #REF! | J29: =J28 -> 0.16666667
D30: Análisis de materiales | F30: =ROUND($E$27*J30,0) -> #REF! | G30: =$H$33*J30 -> #REF! | J30: =J29 -> 0.16666667
D31: Laboratorio de materiales | F31: =ROUND($E$27*J31,0) -> #REF! | G31: =$H$33*J31 -> #REF! | J31: =J30 -> 0.16666667
D32: Informe de rescate arqueológico | F32: =ROUND($E$27*J32,0) -> #REF! | G32: =$H$33*J32 -> #REF! | J32: =J31 -> 0.16666667
B33: 13 | C33: ESTUDIOS SOCIALES | D33: Producto No. 06 Matriz de sistematización ciudadanas. | E33: =ROUND($E$51*H33,0) -> #REF! | F33: =ROUND($E$33*J33,0)-1 -> #REF! | G33: =$H$33*J33 -> #REF! | H33: =L33 -> #REF! | J33: 0.16 | L33: =+ROUND((M33+O33)/$O$48,3) -> #REF! | M33: =CONSULTORIA!#REF!+CONSULTORIA!O50 -> #REF! | N33: =M33/$M$45 -> #REF! | O33: =+N33*O45 -> #REF! | Q33: =+M33 -> #REF! | R33: =CONSULTORIA!#REF!+CONSULTORIA!O50 -> #REF! | S33: =Q33-R33 -> #REF!
D34: Producto No. 07 Documento de caracterización y diagnóstico socioeconómico y cultural del área de influencia. | F34: =ROUND($E$33*J34,0)-1 -> #REF! | G34: =$H$33*J34 -> #REF! | J34: 0.16
D35: Producto No. 08 Documento identificación, evaluación de los impactos sociales. | F35: =ROUND($E$33*J35,0) -> #REF! | G35: =$H$33*J35 -> #REF! | J35: 0.16
D36: Producto No. 09 Documento Plan de Manejo Social de los impactos (PMS). | F36: =ROUND($E$33*J36,0) -> #REF! | G36: =$H$33*J36 -> #REF! | J36: 0.16
D37: Producto No 10. Pliegos sociales. | F37: =ROUND($E$33*J37,0) -> #REF! | G37: =$H$33*J37 -> #REF! | J37: 0.16
D38: Producto No. 11 Consolidado de gestión social. | F38: =ROUND($E$33*J38,0) -> #REF! | G38: =$H$33*J38 -> #REF! | J38: 0.2
B39: 14, 15 | C39: PRESUPUESTO, CRONOGRAMA DE OBRA Y DOCUMENTOS PARA CONTRATACIÓN | D39: Presupuesto detallado, precios unitarios y cantidades de obra. | E39: =ROUND($E$51*H39,0) -> #REF! | F39: =ROUND($E$39*J39,0)+1 -> #REF! | G39: =$H$39*J39 -> #REF! | H39: =L39 -> #REF! | J39: 0.5 | L39: =+ROUND((M39+O39)/$O$48,3) -> #REF! | M39: =CONSULTORIA!O26 -> #REF! | N39: =+M39/M45 -> #REF! | O39: =(N39*O45) -> #REF! | Q39: =+M39 -> #REF! | R39: =CONSULTORIA!O26 -> #REF! | S39: =Q39-R39 -> #REF!
D40: Cronograma de Obra. | F40: =ROUND($E$39*J40,0) -> #REF! | G40: =$H$39*J40 -> #REF! | J40: =$J$39/4 -> 0.125
D41: Apendice A - Especificaciones Particulares. | F41: =ROUND($E$39*J41,0) -> #REF! | G41: =$H$39*J41 -> #REF! | J41: =$J$39/4 -> 0.125
D42: Apendice B - Especificaciones Generales. | F42: =ROUND($E$39*J42,0) -> #REF! | G42: =$H$39*J42 -> #REF! | J42: =$J$39/4 -> 0.125
D43: Apendice C - Especificaciones de Redes de servicios publicos. | F43: =ROUND($E$39*J43,0) -> #REF! | G43: =$H$39*J43 -> #REF! | J43: =$J$39/4 -> 0.125
D45: VALOR TOTAL PRODUCTOS/SUBPRODUCTOS | E45: =SUM(E8:E43) -> #REF! | F45: =SUM(F8:F43) -> #REF! | G45: =+E45-F45 -> #REF! | M45: =SUM(M8:M43)+SUM('PAGO PRODUC-3ros -DISEÑO'!J8:J19) -> #REF! | N45: =SUM(N8:N43) -> #REF! | O45: =CONSULTORIA!O17+CONSULTORIA!O28+CONSULTORIA!O36+CONSULTORIA!O56+CONSULTORIA!O65 -> #REF!
E48: =SUM(E8:E43) -> #REF! | G48: =SUM(G8:G43) -> #REF! | H48: =SUM(H8:H43) -> #REF! | L48: =SUM(L8:L43) -> #REF! | O48: =+M45+O45 -> #REF!
E49: ='PAGO PRODUC-3ros -DISEÑO'!E21 -> #REF!
H50: ='PAGO PRODUC-3ros -DISEÑO'!G21 -> #REF!
E51: =CONSULTORIA!K73 -> #REF! | H51: =H48+H50 -> #REF!
E53: =+E51-E48-E49 -> #REF! | O53: =+O48-E51 -> #REF!
D56: Notas:
D57: Se debe verificar que los valores de las celdas E45 y F45 sean iguales
D58: Se debe verificar que los porcentajes de la columna J en cada producto sumen el 100%
D59: Se debe verificar que los porcentajes de las pestañas de pago de productos por cada etapa sumen el 100% (H49+H51=100%)

Sheet PAGO PRODUC-3ros -DISEÑO
A1: 0.25
B2: FORMA DE PAGO PRODUCTOS PARA LA ETAPA DE ESTUDIOS, DISEÑOS Y APROBACIONES
B4: TERCEROS
B6: No. | C6: PRODUCTO APROBADO | E6: VALOR TOTAL A PAGAR CONTRA ENTREGA Y APROBACION DE PRODUCTOS (INCLUYE COSTOS ADMINISTRATIVOS - NO INCLUYE VR. A PAGAR POR PRECIOS UNITARIOS) | F6: RELACION DEL PRODUCTO SOBRE EL VALOR PARCIAL A PAGAR CONTRA ENTREGA DE PRODUCTOS
C7: PRODUCTO | E7: =CONCATENATE("ACTUALIZADO A ",UPPER(TEXT(#REF!,"MMMM \d\e YYYY"))) -> #REF! | F7: =E7 -> #REF! | N7: COMPROBACION VALORES
B8: 3 | C8: ESTUDIO DE TRÁNSITO Y TRANSPORTE | D8: DISEÑO DE DEMARCACIÓN Y SEÑALIZACIÓN | E8: =ROUND($E$23*G8,0)-1 -> #REF! | G8: =I8 -> #REF! | I8: =+ROUND((J8+L8)/$L$21,3) -> #REF! | J8: =CONSULTORIA!#REF!*0.25 -> #REF! | K8: =J8/$J$20 -> #REF! | L8: =+K8*$L$20 -> #REF! | N8: =SUM(J8:J10) -> #REF! | O8: =CONSULTORIA!#REF! -> #REF! | P8: =N8-O8 -> #REF!
D9: DISEÑO DE SEMAFORIZACIÓN | E9: =ROUND($E$23*G9,0)-1 -> #REF! | G9: =I9 -> #REF! | I9: =+ROUND((J9+L9)/$L$21,3) -> #REF! | J9: =CONSULTORIA!#REF!*0.25 -> #REF! | K9: =J9/$J$20 -> #REF! | L9: =+K9*$L$20 -> #REF!
D10: PMT ESPECÍFICO | E10: =ROUND($E$23*G10,0)-1 -> #REF! | G10: =I10 -> #REF! | I10: =+ROUND((J10+L10)/$L$21,3) -> #REF! | J10: =CONSULTORIA!#REF!*0.2 -> #REF! | K10: =J10/$J$20 -> #REF! | L10: =+K10*$L$20 -> #REF!
D11: ESTUDIO DE TRÁNSITO | E11: =ROUND($E$23*G11,0)-1 -> #REF! | G11: =I11 -> #REF! | I11: =+ROUND((J11+L11)/$L$21,3) -> #REF! | J11: =CONSULTORIA!#REF!*0.3 -> #REF! | K11: =J11/$J$20 -> #REF! | L11: =+K11*$L$20 -> #REF!
B12: 6 | C12: DISEÑOS REDES ACUEDUCTO, ALCANTARILLADO | D12: REDES ACUEDUCTO | E12: =ROUND($E$23*G12,0) -> #REF! | G12: =I12 -> #REF! | I12: =+ROUND((J12+L12)/$L$21,2) -> #REF! | J12: =CONSULTORIA!#REF!*0.5 -> #REF! | K12: =J12/$J$20 -> #REF! | L12: =+K12*$L$20 -> #REF! | N12: =SUM(J12:J13) -> #REF! | O12: =CONSULTORIA!#REF! -> #REF! | P12: =N12-O12 -> #REF!
D13: REDES ALCANTARILADO | E13: =ROUND($E$23*G13,0) -> #REF! | G13: =I13 -> #REF! | I13: =+ROUND((J13+L13)/$L$21,2) -> #REF! | J13: =+J12 -> #REF! | K13: =J13/$J$20 -> #REF! | L13: =+K13*$L$20 -> #REF!
B14: 7 | C14: DISEÑO DE REDES ETB, EPM, CODENSA, GAS NATURAL Y TELECOM | D14: CODENSA | E14: =ROUND($E$23*G14,0) -> #REF! | G14: =I14 -> #REF! | I14: =+ROUND((J14+L14)/$L$21,2) -> #REF! | J14: =(CONSULTORIA!#REF!+CONSULTORIA!#REF!)*M14 -> #REF! | K14: =J14/$J$20 -> #REF! | L14: =+K14*$L$20 -> #REF! | M14: 0.8 | N14: =SUM(J14:J18) -> #REF! | O14: =CONSULTORIA!#REF!+CONSULTORIA!#REF! -> #REF! | P14: =N14-O14 -> #REF!
D15: ETB | E15: =ROUND($E$23*G15,0) -> #REF! | G15: =I15 -> #REF! | I15: =+ROUND((J15+L15)/$L$21,2) -> #REF! | J15: =(CONSULTORIA!#REF!+CONSULTORIA!#REF!)*M15 -> #REF! | K15: =J15/$J$20 -> #REF! | L15: =+K15*$L$20 -> #REF! | M15: 0.06
D16: EPM | E16: =ROUND($E$23*G16,0) -> #REF! | G16: =I16 -> #REF! | I16: =+ROUND((J16+L16)/$L$21,2) -> #REF! | J16: =(CONSULTORIA!#REF!+CONSULTORIA!#REF!)*M16 -> #REF! | K16: =J16/$J$20 -> #REF! | L16: =+K16*$L$20 -> #REF! | M16: 0.06
D17: TELECOM | E17: =ROUND($E$23*G17,0) -> #REF! | G17: =I17 -> #REF! | I17: =+ROUND((J17+L17)/$L$21,2) -> #REF! | J17: =(CONSULTORIA!#REF!+CONSULTORIA!#REF!)*M17 -> #REF! | K17: =J17/$J$20 -> #REF! | L17: =+K17*$L$20 -> #REF! | M17: 0.06
D18: GAS NATURAL | E18: =ROUND($E$23*G18,0) -> #REF! | G18: =I18 -> #REF! | I18: =+ROUND((J18+L18)/$L$21,3) -> #REF! | J18: =(CONSULTORIA!#REF!+CONSULTORIA!#REF!)*M18 -> #REF! | K18: =J18/$J$20 -> #REF! | L18: =+K18*$L$20 -> #REF! | M18: 0.02
B19: 10, 11 | C19: ESTUDIOS AMBIENTALES - SST - FORESTAL | D19: DOCUMENTO TÉCNICO DE SOPORTE - INSUMO PARA SOLICITUD DE PERMISOS, LINEAMIENTOS Y/O AUTORIZACIONES ANTE LA AUTORIDAD AMBIENTAL COMPETENTE | E19: =ROUND($E$23*G19,0) -> #REF! | G19: =I19 -> #REF! | I19: =+ROUND((J19+L19)/$L$21,2) -> #REF! | J19: =CONSULTORIA!#REF!*0.5 -> #REF! | K19: =J19/$J$20 -> #REF! | L19: =+K19*$L$20 -> #REF! | N19: =J19 -> #REF! | O19: =CONSULTORIA!#REF!*0.5 -> #REF! | P19: =N19-O19 -> #REF!
J20: =SUM(J8:J19)+SUM('PAGO PRODUC IDU-DISEÑO'!M8:M43) -> #REF! | K20: =SUM(K8:K19) -> #REF! | L20: ='PAGO PRODUC IDU-DISEÑO'!O45 -> #REF!
C21: VALOR TOTAL PRODUCTOS/SUBPRODUCTOS | E21: =SUM(E8:E19) -> #REF! | F21: =SUM(F8:F18) -> 0 | G21: =SUM(G8:G19) -> #REF! | I21: =SUM(I8:I18) -> #REF! | L21: =+J20+L20 -> #REF!
L22: =L21-E23 -> #REF!
E23: =CONSULTORIA!K73 -> #REF!
C27: ESTUDIOS AMBIENTALES - SST - FORESTAL | D27: Estudio ambiental y de Seguridad y salud en el trabajo.
D28: Elaboración Apéndice ambiental y SST construcción y mantenimiento.
D29: Elaboración Capítulo ambiental y SST - Interventoría de construcción y mantenimiento.

Sheet EPP CONSULTORIA
C2: FORMATO | F2: CÓDIGO | G2: PROCESO | K2: VERSIÓN
G3: Proyectos
C4: =#REF! -> #REF!
C5: =#REF! -> #REF!
C6: =#REF! -> #REF!
C7: =IF(#REF!=0,"",#REF!) -> #REF!
C8: =#REF! -> #REF! | F8: =#REF! -> #REF!
Q10: Nota: En el presupuesto de consultoria EPPs aplican para: Geólogo, Hidrólogo, Patólogo de estructuras, Ambiental, SST, Forestal, Biologo, Aforadores, Ayudantes de inspección de redes secas y húmedas, Arqueologo, ayudantes de arqueología, Arquitecto BIC, Comision de topografía, Laboratorista. En el caso de los aforadores y ayudantes de inspeccion de redes, la cantidad de EPP sera proporcional al tiempo de su labor.
C11: SISTEMA DE GESTIÓN AMBIENTAL, SEGURIDAD Y SALUD EN EL TRABAJO
G13: EJECUCIÓN DE DISEÑOS: | H13: =#REF! -> #REF! | I13: MESES
C14: GESTIÓN EN SEGURIDAD Y SALUD EN EL TRABAJO
C15: ÍTEMS | H15: UN. | I15: CANTIDAD | K15: VALOR UNITARIO (INCLUYE IVA) | N15: VALOR TOTAL
B16: CÓD. IDU | C16: E1 | D16: SEGURIDAD Y SALUD EN EL TRABAJO | Q16: PERSONAL CAMPO
B17: 7821 | C17: 1.01 | D17: =VLOOKUP(B17,#REF!,2,FALSE) -> #REF! | H17: UN/ME | I17: =ROUND(Q17,0) -> 3 | K17: =VLOOKUP(B17,#REF!,4,FALSE) -> #REF! | N17: =+ROUND(I17*K17,0) -> #REF! | Q17: =CONSULTORIA!C31+CONSULTORIA!C24 -> 3 | R17: 1 persona | S17: 5 | T17: Personas
B18: 7827 | C18: =C17+0.01 -> 1.02 | D18: =VLOOKUP(B18,#REF!,2,FALSE) -> #REF! | H18: =VLOOKUP(B18,#REF!,3,FALSE) -> #REF! | I18: =+$I$17 -> 3 | K18: =VLOOKUP(B18,#REF!,4,FALSE) -> #REF! | N18: =+ROUND(I18*K18,0) -> #REF! | Q18: =ROUND(R18*$Q$17,0) -> 12 | R18: =S18/$S$17 -> 4 | S18: 20 | T18: MASCARILLA DESECHABLE (bolsa 100 unidades)
B19: 7825 | C19: =C18+0.01 -> 1.03 | D19: =VLOOKUP(B19,#REF!,2,FALSE) -> #REF! | H19: =VLOOKUP(B19,#REF!,3,FALSE) -> #REF! | I19: =Q18 -> 12 | K19: =VLOOKUP(B19,#REF!,4,FALSE) -> #REF! | N19: =+ROUND(I19*K19,0) -> #REF!
B20: 7580 | C20: =C19+0.01 -> 1.04 | D20: =VLOOKUP(B20,#REF!,2,FALSE) -> #REF! | H20: =VLOOKUP(B20,#REF!,3,FALSE) -> #REF! | I20: =+$I$17 -> 3 | K20: =VLOOKUP(B20,#REF!,4,FALSE) -> #REF! | N20: =+ROUND(I20*K20,0) -> #REF!
B21: 7577 | C21: =C20+0.01 -> 1.05 | D21: =VLOOKUP(B21,#REF!,2,FALSE) -> #REF! | H21: =VLOOKUP(B21,#REF!,3,FALSE) -> #REF! | I21: =+$I$17 -> 3 | K21: =VLOOKUP(B21,#REF!,4,FALSE) -> #REF! | N21: =+ROUND(I21*K21,0) -> #REF!
B22: 7839 | C22: =C21+0.01 -> 1.06 | D22: =VLOOKUP(B22,#REF!,2,FALSE) -> #REF! | H22: =VLOOKUP(B22,#REF!,3,FALSE) -> #REF! | I22: =+$I$17 -> 3 | K22: =VLOOKUP(B22,#REF!,4,FALSE) -> #REF! | N22: =+ROUND(I22*K22,0) -> #REF!
D23: EXÁMENES OCUPACIONALES | Q23: TOTAL PERSONAL
B24: 7904 | C24: =C22+0.01 -> 1.07 | D24: =VLOOKUP(B24,#REF!,2,FALSE) -> #REF! | H24: =VLOOKUP(B24,#REF!,3,FALSE) -> #REF! | I24: =$Q$24*2 -> 40 | K24: =VLOOKUP(B24,#REF!,4,FALSE) -> #REF! | N24: =+ROUND(I24*K24,0) -> #REF! | Q24: =SUM(CONSULTORIA!C17:C41) -> 20
B25: 7906 | C25: =C24+0.01 -> 1.08 | D25: =VLOOKUP(B25,#REF!,2,FALSE) -> #REF! | H25: =VLOOKUP(B25,#REF!,3,FALSE) -> #REF! | I25: =$I$24 -> 40 | K25: =VLOOKUP(B25,#REF!,4,FALSE) -> #REF! | N25: =+ROUND(I25*K25,0) -> #REF!
B26: 7908 | C26: =C25+0.01 -> 1.09 | D26: =VLOOKUP(B26,#REF!,2,FALSE) -> #REF! | H26: =VLOOKUP(B26,#REF!,3,FALSE) -> #REF! | I26: =$I$24 -> 40 | K26: =VLOOKUP(B26,#REF!,4,FALSE) -> #REF! | N26: =+ROUND(I26*K26,0) -> #REF!
B27: 7910 | C27: =C26+0.01 -> 1.1 | D27: =VLOOKUP(B27,#REF!,2,FALSE) -> #REF! | H27: =VLOOKUP(B27,#REF!,3,FALSE) -> #REF! | I27: =$I$24 -> 40 | K27: =VLOOKUP(B27,#REF!,4,FALSE) -> #REF! | N27: =+ROUND(I27*K27,0) -> #REF!
H28: SUBTOTAL DEL PROGRAMA | N28: =SUM(N17:O27) -> #REF!
H29: SUBTOTAL COMPONENTE E | N29: =N28 -> #REF!
H32: TOTAL COSTOS ESTIMADOS SEGURIDAD Y SALUD EN EL TRABAJO | N32: =N29+N31 -> #REF! | Q32: =ROUND(N32/1.19,0) -> #REF!

Sheet CONSULTORIA
N1: AREA | O1: =57391+13350+4604 -> 75345 | P1: Andenes | Q1: 57391.14 | R1: 3 | S1: no modificar
B2: FORMATO | C2: CÓDIGO | E2: PROCESO | L2: VERSIÓN | P2: Ciclorruta | Q2: 13350.41 | R2: Verificar
B3: CÁLCULO DE ESTUDIOS Y DISEÑOS | C3: FO-DP-01 | E3: Proyectos | L3: 2.0 | P3: Pompeyanos | Q3: 4604.38
B4: =#REF! -> #REF! | P4: Vías | Q4: 48590.4
B5: =#REF! -> #REF! | P5: Total | Q5: =SUM(Q1:Q4) -> 123936.33
B6: =#REF! -> #REF! | N6: VALOR OBRA | O6: 8000000000
N7: VALOR CONSUL | O7: =+C11 -> #REF! | P7: Pontones | Q7: 3166
B8: =#REF! -> #REF! | C8: =#REF! -> #REF! | N8: % CONS | O8: =+O7/O6 -> #REF!
T9: =C11*0.18 -> #REF!
V10: =C11+T9 -> #REF!
B11: PRESUPUESTO TOTAL (IVA INCLUIDO): | C11: =K96 -> #REF! | N11: VR. M2 | O11: =K73/O1 -> #REF!
B13: DURACIÓN (meses): | C13: =#REF! -> #REF! | F13: RECOP-ANALIS INF | G13: ESTUDIOS Y DISEÑOS | L13: =#REF! -> #REF!
B14: PERSONAL ESPECIALISTA, PROFESIONAL O DE APOYO / DESCRIPCIÓN | C14: CANTIDAD | D14: CATEGORÍA / UNID | E14: Vr. H/MES $ SEGÚN CATEGORÍA / VR. UNIT | F14: MES 1 | G14: MES 2 | H14: TOTAL RECOP - ANALISIS | I14: TOTAL ESTUDIOS Y DISEÑOS | J14: FACTOR MULTIPLI- CADOR | K14: COSTO ($) TOTAL HOMBRES ETAPA RECOP - ANALISIS | L14: COSTO ($) TOTAL HOMBRES ETAPA ESTUDIOS Y DISEÑOS
B16: DIRECTOR/COORDINACIÓN
A17: =VLOOKUP(D17,#REF!,6,FALSE) -> #REF! | B17: Director de la Consultoría | C17: 1 | D17: 3 | E17: =VLOOKUP(A17,#REF!,4,0) -> #REF! | H17: =C17*SUM(F17) -> 0 | I17: =C17*SUM(G17:G17) -> 0 | J17: =IF($R$1=5,IF($E17>(1+#REF!*10),#REF!,IF($E17<=(#REF!*2),#REF!,#REF!)),IF($R$1=4,IF($E17>(1+#REF!*10),#REF!,IF($E17<=(#REF!*2),#REF!,#REF!)),IF($R$1=3,IF($E17>(1+#REF!*10),#REF!,IF($E17<=(#REF!*2),#REF!,#REF!)),IF($R$1=2,IF($E17>(1+#REF!*10),#REF!,IF($E17<=(#REF!*2),#REF!,#REF!)),IF($R$1=1,IF($E17>(1+#REF!*10),#REF!,IF($E17<=(#REF!*2),#REF!,#REF!)),888))))) -> #REF! | K17: =ROUND(E17*H17*J17,0) -> #REF! | L17: =ROUND(E17*I17*J17,0) -> #REF! | O17: =SUM(K17:L18)*1.19 -> #REF!
A18: =VLOOKUP(D18,#REF!,6,FALSE) -> #REF! | B18: Coordinador de la Consultoría | C18: 1 | D18: 4 | E18: =VLOOKUP(A18,#REF!,4,0) -> #REF! | F18: 1 | G18: 1 | H18: =C18*SUM(F18) -> 1 | I18: =C18*SUM(G18:G18) -> 1 | J18: =IF($R$1=5,IF($E18>(1+#REF!*10),#REF!,IF($E18<=(#REF!*2),#REF!,#REF!)),IF($R$1=4,IF($E18>(1+#REF!*10),#REF!,IF($E18<=(#REF!*2),#REF!,#REF!)),IF($R$1=3,IF($E18>(1+#REF!*10),#REF!,IF($E18<=(#REF!*2),#REF!,#REF!)),IF($R$1=2,IF($E18>(1+#REF!*10),#REF!,IF($E18<=(#REF!*2),#REF!,#REF!)),IF($R$1=1,IF($E18>(1+#REF!*10),#REF!,IF($E18<=(#REF!*2),#REF!,#REF!)),888))))) -> #REF! | K18: =ROUND(E18*H18*J18,0) -> #REF! | L18: =ROUND(E18*I18*J18,0) -> #REF!
B19: ESPECIALISTAS Y/O PROFESIONALES
B20: VÍAS
A21: =VLOOKUP(D21,#REF!,6,FALSE) -> #REF! | B21: Especialista en Diseño Geometrico | C21: 1 | D21: 4 | E21: =VLOOKUP(A21,#REF!,4,0) -> #REF! | F21: 0.2 | G21: 1 | H21: =C21*SUM(F21) -> 0.2 | I21: =C21*SUM(G21:G21) -> 1 | J21: =IF($R$1=5,IF($E21>(1+#REF!*10),#REF!,IF($E21<=(#REF!*2),#REF!,#REF!)),IF($R$1=4,IF($E21>(1+#REF!*10),#REF!,IF($E21<=(#REF!*2),#REF!,#REF!)),IF($R$1=3,IF($E21>(1+#REF!*10),#REF!,IF($E21<=(#REF!*2),#REF!,#REF!)),IF($R$1=2,IF($E21>(1+#REF!*10),#REF!,IF($E21<=(#REF!*2),#REF!,#REF!)),IF($R$1=1,IF($E21>(1+#REF!*10),#REF!,IF($E21<=(#REF!*2),#REF!,#REF!)),888))))) -> #REF! | K21: =ROUND(E21*H21*J21,0) -> #REF! | L21: =ROUND(E21*I21*J21,0) -> #REF! | O21: =SUM(K21:L22)*1.19 -> #REF!
A22: 9086 | B22: =VLOOKUP(A22,#REF!,2,FALSE) -> #REF! | C22: 1 | E22: =VLOOKUP(A22,#REF!,4,0) -> #REF! | F22: 0 | G22: 0.5 | H22: =C22*SUM(F22) -> 0 | I22: =C22*SUM(G22:G22) -> 0.5 | J22: =IF($R$1=5,IF($E22>(1+#REF!*10),#REF!,IF($E22<=(#REF!*2),#REF!,#REF!)),IF($R$1=4,IF($E22>(1+#REF!*10),#REF!,IF($E22<=(#REF!*2),#REF!,#REF!)),IF($R$1=3,IF($E22>(1+#REF!*10),#REF!,IF($E22<=(#REF!*2),#REF!,#REF!)),IF($R$1=2,IF($E22>(1+#REF!*10),#REF!,IF($E22<=(#REF!*2),#REF!,#REF!)),IF($R$1=1,IF($E22>(1+#REF!*10),#REF!,IF($E22<=(#REF!*2),#REF!,#REF!)),888))))) -> #REF! | K22: =ROUND(E22*H22*J22,0) -> #REF! | L22: =ROUND(E22*I22*J22,0) -> #REF!
B23: PAVIMENTOS
A24: =VLOOKUP(D24,#REF!,6,FALSE) -> #REF! | B24: Especialista en Pavimentos | C24: 1 | D24: 5 | E24: =VLOOKUP(A24,#REF!,4,0) -> #REF! | F24: 0.4 | G24: 0.4 | H24: =C24*SUM(F24) -> 0.4 | I24: =C24*SUM(G24:G24) -> 0.4 | J24: =IF($R$1=5,IF($E24>(1+#REF!*10),#REF!,IF($E24<=(#REF!*2),#REF!,#REF!)),IF($R$1=4,IF($E24>(1+#REF!*10),#REF!,IF($E24<=(#REF!*2),#REF!,#REF!)),IF($R$1=3,IF($E24>(1+#REF!*10),#REF!,IF($E24<=(#REF!*2),#REF!,#REF!)),IF($R$1=2,IF($E24>(1+#REF!*10),#REF!,IF($E24<=(#REF!*2),#REF!,#REF!)),IF($R$1=1,IF($E24>(1+#REF!*10),#REF!,IF($E24<=(#REF!*2),#REF!,#REF!)),888))))) -> #REF! | K24: =ROUND(E24*H24*J24,0) -> #REF! | L24: =ROUND(E24*I24*J24,0) -> #REF! | O24: =SUM(K24:L24)*1.19 -> #REF!
B25: PRESUPUESTOS Y PROGRAMACIÓN
A26: =VLOOKUP(D26,#REF!,6,FALSE) -> #REF! | B26: Ingeniero y/o Arquitecto (Costos, Presupuestos y Programación) | C26: 1 | D26: 4 | E26: =VLOOKUP(A26,#REF!,4,0) -> #REF! | F26: 0.2 | G26: 0.2 | H26: =C26*SUM(F26) -> 0.2 | I26: =C26*SUM(G26:G26) -> 0.2 | J26: =IF($R$1=5,IF($E26>(1+#REF!*10),#REF!,IF($E26<=(#REF!*2),#REF!,#REF!)),IF($R$1=4,IF($E26>(1+#REF!*10),#REF!,IF($E26<=(#REF!*2),#REF!,#REF!)),IF($R$1=3,IF($E26>(1+#REF!*10),#REF!,IF($E26<=(#REF!*2),#REF!,#REF!)),IF($R$1=2,IF($E26>(1+#REF!*10),#REF!,IF($E26<=(#REF!*2),#REF!,#REF!)),IF($R$1=1,IF($E26>(1+#REF!*10),#REF!,IF($E26<=(#REF!*2),#REF!,#REF!)),888))))) -> #REF! | K26: =ROUND(E26*H26*J26,0) -> #REF! | L26: =ROUND(E26*I26*J26,0) -> #REF! | O26: =SUM(K26:L26)*1.19 -> #REF!
B27: SIG - CAD
A28: =VLOOKUP(D28,#REF!,6,FALSE) -> #REF! | B28: Ingeniero especialista en SIG-CAD | C28: 1 | D28: 6 | E28: =VLOOKUP(A28,#REF!,4,0) -> #REF! | F28: 0.2 | G28: 0.2 | H28: =C28*SUM(F28) -> 0.2 | I28: =C28*SUM(G28:G28) -> 0.2 | J28: =IF($R$1=5,IF($E28>(1+#REF!*10),#REF!,IF($E28<=(#REF!*2),#REF!,#REF!)),IF($R$1=4,IF($E28>(1+#REF!*10),#REF!,IF($E28<=(#REF!*2),#REF!,#REF!)),IF($R$1=3,IF($E28>(1+#REF!*10),#REF!,IF($E28<=(#REF!*2),#REF!,#REF!)),IF($R$1=2,IF($E28>(1+#REF!*10),#REF!,IF($E28<=(#REF!*2),#REF!,#REF!)),IF($R$1=1,IF($E28>(1+#REF!*10),#REF!,IF($E28<=(#REF!*2),#REF!,#REF!)),888))))) -> #REF! | K28: =ROUND(E28*H28*J28,0) -> #REF! | L28: =ROUND(E28*I28*J28,0) -> #REF! | O28: =SUM(K28:L28)*1.19 -> #REF!
B29: COMISIÓN TOPOGRAFÍA
A30: =VLOOKUP(D30,#REF!,6,FALSE) -> #REF! | B30: Ingeniero Catastral o Topográfico | C30: 1 | D30: 5 | E30: =VLOOKUP(A30,#REF!,4,0) -> #REF! | H30: =C30*SUM(F30) -> 0 | I30: =C30*SUM(G30:G30) -> 0 | J30: =IF($R$1=5,IF($E30>(1+#REF!*10),#REF!,IF($E30<=(#REF!*2),#REF!,#REF!)),IF($R$1=4,IF($E30>(1+#REF!*10),#REF!,IF($E30<=(#REF!*2),#REF!,#REF!)),IF($R$1=3,IF($E30>(1+#REF!*10),#REF!,IF($E30<=(#REF!*2),#REF!,#REF!)),IF($R$1=2,IF($E30>(1+#REF!*10),#REF!,IF($E30<=(#REF!*2),#REF!,#REF!)),IF($R$1=1,IF($E30>(1+#REF!*10),#REF!,IF($E30<=(#REF!*2),#REF!,#REF!)),888))))) -> #REF! | K30: =ROUND(E30*H30*J30,0) -> #REF! | L30: =ROUND(E30*I30*J30,0) -> #REF!
A31: 9088 | B31: =VLOOKUP(A31,#REF!,2,FALSE) -> #REF! | C31: 2 | E31: =VLOOKUP(A31,#REF!,4,0) -> #REF! | H31: =C31*SUM(F31) -> 0 | I31: =C31*SUM(G31:G31) -> 0 | J31: =IF($R$1=5,IF($E31>(1+#REF!*10),#REF!,IF($E31<=(#REF!*2),#REF!,#REF!)),IF($R$1=4,IF($E31>(1+#REF!*10),#REF!,IF($E31<=(#REF!*2),#REF!,#REF!)),IF($R$1=3,IF($E31>(1+#REF!*10),#REF!,IF($E31<=(#REF!*2),#REF!,#REF!)),IF($R$1=2,IF($E31>(1+#REF!*10),#REF!,IF($E31<=(#REF!*2),#REF!,#REF!)),IF($R$1=1,IF($E31>(1+#REF!*10),#REF!,IF($E31<=(#REF!*2),#REF!,#REF!)),888))))) -> #REF! | K31: =ROUND(E31*H31*J31,0) -> #REF! | L31: =ROUND(E31*I31*J31,0) -> #REF! | O31: =SUM(K30:L34)*1.19 -> #REF!
A32: 9098 | B32: =VLOOKUP(A32,#REF!,2,FALSE) -> #REF! | C32: 2 | E32: =VLOOKUP(A32,#REF!,4,0) -> #REF! | H32: =C32*SUM(F32) -> 0 | I32: =C32*SUM(G32:G32) -> 0 | J32: =IF($R$1=5,IF($E32>(1+#REF!*10),#REF!,IF($E32<=(#REF!*2),#REF!,#REF!)),IF($R$1=4,IF($E32>(1+#REF!*10),#REF!,IF($E32<=(#REF!*2),#REF!,#REF!)),IF($R$1=3,IF($E32>(1+#REF!*10),#REF!,IF($E32<=(#REF!*2),#REF!,#REF!)),IF($R$1=2,IF($E32>(1+#REF!*10),#REF!,IF($E32<=(#REF!*2),#REF!,#REF!)),IF($R$1=1,IF($E32>(1+#REF!*10),#REF!,IF($E32<=(#REF!*2),#REF!,#REF!)),888))))) -> #REF! | K32: =ROUND(E32*H32*J32,0) -> #REF! | L32: =ROUND(E32*I32*J32,0) -> #REF!
A33: 9099 | B33: =VLOOKUP(A33,#REF!,2,FALSE) -> #REF! | C33: 2 | E33: =VLOOKUP(A33,#REF!,4,0) -> #REF! | H33: =C33*SUM(F33) -> 0 | I33: =C33*SUM(G33:G33) -> 0 | J33: =IF($R$1=5,IF($E33>(1+#REF!*10),#REF!,IF($E33<=(#REF!*2),#REF!,#REF!)),IF($R$1=4,IF($E33>(1+#REF!*10),#REF!,IF($E33<=(#REF!*2),#REF!,#REF!)),IF($R$1=3,IF($E33>(1+#REF!*10),#REF!,IF($E33<=(#REF!*2),#REF!,#REF!)),IF($R$1=2,IF($E33>(1+#REF!*10),#REF!,IF($E33<=(#REF!*2),#REF!,#REF!)),IF($R$1=1,IF($E33>(1+#REF!*10),#REF!,IF($E33<=(#REF!*2),#REF!,#REF!)),888))))) -> #REF! | K33: =ROUND(E33*H33*J33,0) -> #REF! | L33: =ROUND(E33*I33*J33,0) -> #REF!
A34: 9086 | B34: =VLOOKUP(A34,#REF!,2,FALSE) -> #REF! | C34: 2 | E34: =VLOOKUP(A34,#REF!,4,0) -> #REF! | H34: =C34*SUM(F34) -> 0 | I34: =C34*SUM(G34:G34) -> 0 | J34: =IF($R$1=5,IF($E34>(1+#REF!*10),#REF!,IF($E34<=(#REF!*2),#REF!,#REF!)),IF($R$1=4,IF($E34>(1+#REF!*10),#REF!,IF($E34<=(#REF!*2),#REF!,#REF!)),IF($R$1=3,IF($E34>(1+#REF!*10),#REF!,IF($E34<=(#REF!*2),#REF!,#REF!)),IF($R$1=2,IF($E34>(1+#REF!*10),#REF!,IF($E34<=(#REF!*2),#REF!,#REF!)),IF($R$1=1,IF($E34>(1+#REF!*10),#REF!,IF($E34<=(#REF!*2),#REF!,#REF!)),888))))) -> #REF! | K34: =ROUND(E34*H34*J34,0) -> #REF! | L34: =ROUND(E34*I34*J34,0) -> #REF!
B35: PERSONAL AUXILIAR TÉCNICO
A36: 9085 | B36: =VLOOKUP(A36,#REF!,2,FALSE) -> #REF! | C36: 1 | E36: =VLOOKUP(A36,#REF!,4,0) -> #REF! | F36: 0.5 | G36: 0.5 | H36: =C36*SUM(F36) -> 0.5 | I36: =C36*SUM(G36:G36) -> 0.5 | J36: =IF($R$1=5,IF($E36>(1+#REF!*10),#REF!,IF($E36<=(#REF!*2),#REF!,#REF!)),IF($R$1=4,IF($E36>(1+#REF!*10),#REF!,IF($E36<=(#REF!*2),#REF!,#REF!)),IF($R$1=3,IF($E36>(1+#REF!*10),#REF!,IF($E36<=(#REF!*2),#REF!,#REF!)),IF($R$1=2,IF($E36>(1+#REF!*10),#REF!,IF($E36<=(#REF!*2),#REF!,#REF!)),IF($R$1=1,IF($E36>(1+#REF!*10),#REF!,IF($E36<=(#REF!*2),#REF!,#REF!)),888))))) -> #REF! | K36: =ROUND(E36*H36*J36,0) -> #REF! | L36: =ROUND(E36*I36*J36,0) -> #REF! | O36: =SUM(K36:L41)*1.19 -> #REF!
A37: 9089 | B37: =VLOOKUP(A37,#REF!,2,FALSE) -> #REF! | C37: 1 | E37: =VLOOKUP(A37,#REF!,4,0) -> #REF! | F37: 0.25 | G37: 0.25 | H37: =C37*SUM(F37) -> 0.25 | I37: =C37*SUM(G37:G37) -> 0.25 | J37: =IF($R$1=5,IF($E37>(1+#REF!*10),#REF!,IF($E37<=(#REF!*2),#REF!,#REF!)),IF($R$1=4,IF($E37>(1+#REF!*10),#REF!,IF($E37<=(#REF!*2),#REF!,#REF!)),IF($R$1=3,IF($E37>(1+#REF!*10),#REF!,IF($E37<=(#REF!*2),#REF!,#REF!)),IF($R$1=2,IF($E37>(1+#REF!*10),#REF!,IF($E37<=(#REF!*2),#REF!,#REF!)),IF($R$1=1,IF($E37>(1+#REF!*10),#REF!,IF($E37<=(#REF!*2),#REF!,#REF!)),888))))) -> #REF! | K37: =ROUND(E37*H37*J37,0) -> #REF! | L37: =ROUND(E37*I37*J37,0) -> #REF!
B38: PERSONAL ADMINISTRATIVO
A39: 9105 | B39: =VLOOKUP(A39,#REF!,2,FALSE) -> #REF! | C39: 1 | E39: =VLOOKUP(A39,#REF!,4,0) -> #REF! | F39: 0.5 | G39: 0.5 | H39: =C39*SUM(F39) -> 0.5 | I39: =C39*SUM(G39:G39) -> 0.5 | J39: =IF($R$1=5,IF($E39>(1+#REF!*10),#REF!,IF($E39<=(#REF!*2),#REF!,#REF!)),IF($R$1=4,IF($E39>(1+#REF!*10),#REF!,IF($E39<=(#REF!*2),#REF!,#REF!)),IF($R$1=3,IF($E39>(1+#REF!*10),#REF!,IF($E39<=(#REF!*2),#REF!,#REF!)),IF($R$1=2,IF($E39>(1+#REF!*10),#REF!,IF($E39<=(#REF!*2),#REF!,#REF!)),IF($R$1=1,IF($E39>(1+#REF!*10),#REF!,IF($E39<=(#REF!*2),#REF!,#REF!)),888))))) -> #REF! | K39: =ROUND(E39*H39*J39,0) -> #REF! | L39: =ROUND(E39*I39*J39,0) -> #REF!
B40: OTRO PERSONAL
A41: 9100 | B41: =VLOOKUP(A41,#REF!,2,FALSE) -> #REF! | C41: 1 | E41: =VLOOKUP(A41,#REF!,4,0) -> #REF! | F41: 0.4 | G41: 0.4 | H41: =C41*SUM(F41) -> 0.4 | I41: =C41*SUM(G41:G41) -> 0.4 | J41: =IF($R$1=5,IF($E41>(1+#REF!*10),#REF!,IF($E41<=(#REF!*2),#REF!,#REF!)),IF($R$1=4,IF($E41>(1+#REF!*10),#REF!,IF($E41<=(#REF!*2),#REF!,#REF!)),IF($R$1=3,IF($E41>(1+#REF!*10),#REF!,IF($E41<=(#REF!*2),#REF!,#REF!)),IF($R$1=2,IF($E41>(1+#REF!*10),#REF!,IF($E41<=(#REF!*2),#REF!,#REF!)),IF($R$1=1,IF($E41>(1+#REF!*10),#REF!,IF($E41<=(#REF!*2),#REF!,#REF!)),888))))) -> #REF! | K41: =ROUND(E41*H41*J41,0) -> #REF! | L41: =ROUND(E41*I41*J41,0) -> #REF!
B42: SUBTOTAL 1 | K42: =SUM(K17:K41) -> #REF! | L42: =SUM(L17:L41) -> #REF! | N42: =+(K42+L42)*1.19 -> #REF! | O42: =SUM(O17:O40) -> #REF! | P42: =N42-O42 -> #REF!
B44: COSTOS OPERACIONALES
B45: ALQUILER EQUIPO, SUMINISTROS Y OTROS ELEMENTOS | C45: CANTIDAD | D45: UNIDAD | E45: COSTO UNITARIO SIN IVA ($) | F45: =F14 -> MES 1 | G45: =G14 -> MES 2 | H45: =H14 -> TOTAL RECOP - ANALISIS | I45: =I14 -> TOTAL ESTUDIOS Y DISEÑOS | J45: =J14 -> FACTOR MULTIPLI- CADOR | K45: TOTAL ($) COSTOS INSUMOS ETAPA RECOP - ANALISIS | L45: TOTAL ($) COSTOS INSUMOS ETAPA ESTUDIOS Y DISEÑOS
B46: TOPOGRAFÍA | O46: =B46 -> TOPOGRAFÍA
A47: 9125 | B47: =VLOOKUP(A47,#REF!,2,FALSE) -> #REF! | C47: =C31 -> 2 | D47: =VLOOKUP(A47,#REF!,3,FALSE) -> #REF! | E47: =VLOOKUP(A47,#REF!,4,0) -> #REF! | F47: =F31 -> 0 | G47: =G31 -> 0 | H47: =C47*SUM(F47) -> 0 | I47: =C47*SUM(G47:G47) -> 0 | J47: 1.1 | K47: =ROUND(E47*H47*J47,0) -> #REF! | L47: =ROUND(E47*I47*J47,0) -> #REF! | O47: =ROUND(SUM(K47:L48)*(1+$M$120)*1.19,0) -> #REF!
A48: 9575 | B48: =VLOOKUP(A48,#REF!,2,FALSE) -> #REF! | C48: 1 | D48: =VLOOKUP(A48,#REF!,3,FALSE) -> #REF! | E48: =VLOOKUP(A48,#REF!,4,0) -> #REF! | F48: =ROUND(F47/3,2) -> 0 | G48: =ROUND(G47/3,2) -> 0 | H48: =C48*SUM(F48) -> 0 | I48: =C48*SUM(G48:G48) -> 0 | J48: 1.1 | K48: =ROUND(E48*H48*J48,0) -> #REF! | L48: =ROUND(E48*I48*J48,0) -> #REF!
B49: GESTIÓN SOCIAL | O49: INSUMO SOCIAL
A50: 7897 | B50: =VLOOKUP(A50,#REF!,2,FALSE) -> #REF! | C50: =SUM(F50:G50) -> 0 | D50: =VLOOKUP(A50,#REF!,3,FALSE) -> #REF! | E50: =ROUND(VLOOKUP(A50,#REF!,4,FALSE)/1.19,0) -> #REF! | H50: =SUM(F50) -> 0 | I50: =SUM(G50:G50) -> 0 | J50: 1.1 | K50: =ROUND(E50*H50*J50,0) -> #REF! | L50: =ROUND(E50*I50*J50,0) -> #REF! | O50: =ROUND(SUM(K50:L54)*(1+$M$120)*1.19,0) -> #REF!
A51: 7901 | B51: =VLOOKUP(A51,#REF!,2,FALSE) -> #REF! | C51: =SUM(F51:G51) -> 0 | D51: =VLOOKUP(A51,#REF!,3,FALSE) -> #REF! | E51: =ROUND(VLOOKUP(A51,#REF!,4,FALSE)/1.19,0) -> #REF! | H51: =SUM(F51) -> 0 | I51: =SUM(G51:G51) -> 0 | J51: 1.1 | K51: =ROUND(E51*H51*J51,0) -> #REF! | L51: =ROUND(E51*I51*J51,0) -> #REF!
A52: 7898 | B52: =VLOOKUP(A52,#REF!,2,FALSE) -> #REF! | C52: =SUM(F52:G52) -> 0 | D52: =VLOOKUP(A52,#REF!,3,FALSE) -> #REF! | E52: =ROUND(VLOOKUP(A52,#REF!,4,FALSE)/1.19,0) -> #REF! | H52: =SUM(F52) -> 0 | I52: =SUM(G52:G52) -> 0 | J52: 1.1 | K52: =ROUND(E52*H52*J52,0) -> #REF! | L52: =ROUND(E52*I52*J52,0) -> #REF!
A53: 7896 | B53: =VLOOKUP(A53,#REF!,2,FALSE) -> #REF! | C53: =SUM(F53:G53) -> 0 | D53: =VLOOKUP(A53,#REF!,3,FALSE) -> #REF! | E53: =ROUND(VLOOKUP(A53,#REF!,4,FALSE)/1.19,0) -> #REF! | H53: =SUM(F53) -> 0 | I53: =SUM(G53:G53) -> 0 | J53: 1.1 | K53: =ROUND(E53*H53*J53,0) -> #REF! | L53: =ROUND(E53*I53*J53,0) -> #REF!
A54: 7870 | B54: =VLOOKUP(A54,#REF!,2,FALSE) -> #REF! | C54: =SUM(F54:G54) -> 0 | D54: =VLOOKUP(A54,#REF!,3,FALSE) -> #REF! | E54: =ROUND(VLOOKUP(A54,#REF!,4,FALSE)/1.19,0) -> #REF! | H54: =SUM(F54) -> 0 | I54: =SUM(G54:G54) -> 0 | J54: 1.1 | K54: =ROUND(E54*H54*J54,0) -> #REF! | L54: =ROUND(E54*I54*J54,0) -> #REF!
B55: OTROS INSUMOS | O55: OTROS INSUMOS
A56: 9456 | B56: =VLOOKUP(A56,#REF!,2,FALSE) -> #REF! | C56: 6 | D56: =VLOOKUP(A56,#REF!,3,FALSE) -> #REF! | E56: =ROUND(VLOOKUP(A56,#REF!,4,0),0) -> #REF! | F56: =F41 -> 0.4 | G56: =G41 -> 0.4 | H56: =SUM(F56)*C56 -> 2.4 | I56: =SUM(G56:G56)*C56 -> 2.4 | J56: 1.1 | K56: =ROUND(E56*H56*J56,0) -> #REF! | L56: =ROUND(E56*I56*J56,0) -> #REF! | O56: =ROUND(SUM(K56:L60)*(1+$M$120)*1.19,0) -> #REF!
A57: 9117 | B57: =VLOOKUP(A57,#REF!,2,FALSE) -> #REF! | C57: =C37 -> 1 | D57: =VLOOKUP(A57,#REF!,3,FALSE) -> #REF! | E57: =ROUND(VLOOKUP(A57,#REF!,4,0),0) -> #REF! | F57: =F37 -> 0.25 | G57: =G37 -> 0.25 | H57: =SUM(F57)*C57 -> 0.25 | I57: =SUM(G57:G57)*C57 -> 0.25 | J57: 1.1 | K57: =ROUND(E57*H57*J57,0) -> #REF! | L57: =ROUND(E57*I57*J57,0) -> #REF!
A58: 6318 | B58: =VLOOKUP(A58,#REF!,2,FALSE) -> #REF! | C58: =C18+C21+C24+C26 -> 4 | D58: =VLOOKUP(A58,#REF!,3,FALSE) -> #REF! | E58: =ROUND(VLOOKUP(A58,#REF!,4,0)/1.19,0) -> #REF! | F58: 0.15 | G58: 0.15 | H58: =SUM(F58)*C58 -> 0.6 | I58: =SUM(G58:G58)*C58 -> 0.6 | J58: 1.1 | K58: =ROUND(E58*H58*J58,0) -> #REF! | L58: =ROUND(E58*I58*J58,0) -> #REF!
A59: 9840 | B59: =VLOOKUP(A59,#REF!,2,FALSE) -> #REF! | C59: 1 | D59: =VLOOKUP(A59,#REF!,3,FALSE) -> #REF! | E59: =ROUND(VLOOKUP(A59,#REF!,4,0)/1.19,0) -> #REF! | F59: 1 | G59: 1 | H59: =SUM(F59)*C59 -> 1 | I59: =SUM(G59:G59)*C59 -> 1 | J59: 1.1 | K59: =ROUND(E59*H59*J59,0) -> #REF! | L59: =ROUND(E59*I59*J59,0) -> #REF!
A60: 9578 | B60: =VLOOKUP(A60,#REF!,2,FALSE) -> #REF! | C60: 1 | D60: =VLOOKUP(A60,#REF!,3,FALSE) -> #REF! | E60: =ROUND(VLOOKUP(A60,#REF!,4,0)/1.19,0) -> #REF! | F60: 0.5 | G60: 0.5 | H60: =SUM(F60)*C60 -> 0.5 | I60: =SUM(G60:G60)*C60 -> 0.5 | J60: 1.1 | K60: =ROUND(E60*H60*J60,0) -> #REF! | L60: =ROUND(E60*I60*J60,0) -> #REF!
B61: SUBTOTAL 2 | K61: =ROUND(SUM(K47:K60),0) -> #REF! | L61: =ROUND(SUM(L47:L60),0) -> #REF! | O61: =SUM(O47:O59) -> #REF!
O62: =+ROUND(K61+L61,0)*1.19*(1+$M$120) -> #REF!
B63: SUBTOTAL 1+2: VR. BÁSICO PERSONAL+COSTOS OPERACIONALES: | K63: =+ROUND((K42+K61),0) -> #REF! | L63: =+ROUND((L42+L61),0) -> #REF! | N63: =+O62+N42 -> #REF! | O63: =O62-O61 -> #REF!
B65: 3. VR. BÁSICO PARA ELEMENTOS PARA SALUD Y SEGURIDAD EN EL TRABAJO | K65: =ROUND('EPP CONSULTORIA'!N32/1.19,0) -> #REF! | N65: =+K65*1.19 -> #REF! | O65: =+ROUND(K65*(1+$M$120)*1.19,0) -> #REF!
B67: 4. VR. BÁSICO PARA AJUSTES | K67: =ROUND((K61+L61+K65)*$M$120,0) -> #REF! | O67: =+ROUND(K67*1.19,0) -> #REF!
B69: VR. BÁSICO DE PERSONAL, COSTOS OPERACIONALES, SEGURIDAD Y SALUD EN EL TRABAJO - INCLUYE AJUSTES ( 1 + 2 + 3 + 4 ) | K69: =ROUND(K63+L63+K65+K67,0) -> #REF! | N69: =+N63+N65+N67 -> #REF! | O69: =O61+O65+O42 -> #REF!
B70: IVA 19% | K70: =ROUND(K69*0.19,0) -> #REF!
B71: VR. BÁSICO + IVA 19% DE PERSONAL, COSTOS OPERACIONALES, SEGURIDAD Y SALUD EN EL TRABAJO - INCLUYE AJUSTES | K71: =K69+K70 -> #REF! | O71: =K71 -> #REF!
B73: 5. SUBTOTAL | K73: =K71 -> #REF! | N73: =ROUND(N70+N69,0) -> #REF! | O73: =O65+O61+O42 -> #REF!
B75: ACTIVIDADES A PRECIO UNITARIO | C75: CANTIDAD | D75: UNIDAD | E75: COSTO UNITARIO SIN IVA($) | F75: =F45 -> MES 1 | G75: =G45 -> MES 2 | H75: =H45 -> TOTAL RECOP - ANALISIS | I75: =I45 -> TOTAL ESTUDIOS Y DISEÑOS | J75: =J45 -> FACTOR MULTIPLI- CADOR | K75: =K45 -> TOTAL ($) COSTOS INSUMOS ETAPA RECOP - ANALISIS | L75: =L45 -> TOTAL ($) COSTOS INSUMOS ETAPA ESTUDIOS Y DISEÑOS | O75: =O71-O73 -> #REF!
B76: ENSAYOS DE PAVIMENTOS
A77: 10996 | B77: =VLOOKUP(A77,#REF!,2,FALSE) -> #REF! | C77: =SUM(F77:G77) -> 10 | D77: =VLOOKUP(A77,#REF!,3,FALSE) -> #REF! | E77: =ROUND(VLOOKUP(A77,#REF!,4,FALSE)/1.19,0) -> #REF! | F77: 10 | H77: =SUM(F77) -> 10 | I77: =SUM(G77:G77) -> 0 | J77: 1.1 | K77: =ROUND(E77*H77*J77,0) -> #REF! | L77: =ROUND(E77*I77*J77,0) -> #REF!
A78: 11101 | B78: =VLOOKUP(A78,#REF!,2,FALSE) -> #REF! | C78: =SUM(F78:G78) -> 15 | D78: =VLOOKUP(A78,#REF!,3,FALSE) -> #REF! | E78: =ROUND(VLOOKUP(A78,#REF!,4,FALSE)/1.19,0) -> #REF! | F78: 15 | H78: =SUM(F78) -> 15 | I78: =SUM(G78:G78) -> 0 | J78: 1.1 | K78: =ROUND(E78*H78*J78,0) -> #REF! | L78: =ROUND(E78*I78*J78,0) -> #REF!
A79: 7488 | B79: =VLOOKUP(A79,#REF!,2,FALSE) -> #REF! | C79: =SUM(F79:G79) -> 40 | D79: =VLOOKUP(A79,#REF!,3,FALSE) -> #REF! | E79: =ROUND(VLOOKUP(A79,#REF!,4,FALSE)/1.19,0) -> #REF! | F79: 40 | H79: =SUM(F79) -> 40 | I79: =SUM(G79:G79) -> 0 | J79: 1.1 | K79: =ROUND(E79*H79*J79,0) -> #REF! | L79: =ROUND(E79*I79*J79,0) -> #REF!
A80: 10019 | B80: =VLOOKUP(A80,#REF!,2,FALSE) -> #REF! | C80: =SUM(F80:G80) -> 40 | D80: =VLOOKUP(A80,#REF!,3,FALSE) -> #REF! | E80: =ROUND(VLOOKUP(A80,#REF!,4,FALSE)/1.19,0) -> #REF! | F80: 40 | H80: =SUM(F80) -> 40 | I80: =SUM(G80:G80) -> 0 | J80: 1.1 | K80: =ROUND(E80*H80*J80,0) -> #REF! | L80: =ROUND(E80*I80*J80,0) -> #REF!
A81: 7490 | B81: =VLOOKUP(A81,#REF!,2,FALSE) -> #REF! | C81: =SUM(F81:G81) -> 40 | D81: =VLOOKUP(A81,#REF!,3,FALSE) -> #REF! | E81: =ROUND(VLOOKUP(A81,#REF!,4,FALSE)/1.19,0) -> #REF! | F81: 40 | H81: =SUM(F81) -> 40 | I81: =SUM(G81:G81) -> 0 | J81: 1.1 | K81: =ROUND(E81*H81*J81,0) -> #REF! | L81: =ROUND(E81*I81*J81,0) -> #REF!
A82: 8012 | B82: =VLOOKUP(A82,#REF!,2,FALSE) -> #REF! | C82: =SUM(F82:G82) -> 10 | D82: =VLOOKUP(A82,#REF!,3,FALSE) -> #REF! | E82: =ROUND(VLOOKUP(A82,#REF!,4,FALSE)/1.19,0) -> #REF! | F82: 10 | H82: =SUM(F82) -> 10 | I82: =SUM(G82:G82) -> 0 | J82: 1.1 | K82: =ROUND(E82*H82*J82,0) -> #REF! | L82: =ROUND(E82*I82*J82,0) -> #REF!
A83: 7496 | B83: =VLOOKUP(A83,#REF!,2,FALSE) -> #REF! | C83: =SUM(F83:G83) -> 5 | D83: =VLOOKUP(A83,#REF!,3,FALSE) -> #REF! | E83: =ROUND(VLOOKUP(A83,#REF!,4,FALSE)/1.19,0) -> #REF! | F83: 5 | H83: =SUM(F83) -> 5 | I83: =SUM(G83:G83) -> 0 | J83: 1.1 | K83: =ROUND(E83*H83*J83,0) -> #REF! | L83: =ROUND(E83*I83*J83,0) -> #REF!
A84: 10024 | B84: =VLOOKUP(A84,#REF!,2,FALSE) -> #REF! | C84: =SUM(F84:G84) -> 5 | D84: =VLOOKUP(A84,#REF!,3,FALSE) -> #REF! | E84: =ROUND(VLOOKUP(A84,#REF!,4,FALSE)/1.19,0) -> #REF! | F84: 5 | H84: =SUM(F84) -> 5 | I84: =SUM(G84:G84) -> 0 | J84: 1.1 | K84: =ROUND(E84*H84*J84,0) -> #REF! | L84: =ROUND(E84*I84*J84,0) -> #REF!
A85: 7511 | B85: =VLOOKUP(A85,#REF!,2,FALSE) -> #REF! | C85: =SUM(F85:G85) -> 6 | D85: =VLOOKUP(A85,#REF!,3,FALSE) -> #REF! | E85: =ROUND(VLOOKUP(A85,#REF!,4,FALSE)/1.19,0) -> #REF! | F85: 6 | H85: =SUM(F85) -> 6 | I85: =SUM(G85:G85) -> 0 | J85: 1.1 | K85: =ROUND(E85*H85*J85,0) -> #REF! | L85: =ROUND(E85*I85*J85,0) -> #REF!
A86: 8062 | B86: =VLOOKUP(A86,#REF!,2,FALSE) -> #REF! | C86: =SUM(F86:G86) -> 3 | D86: =VLOOKUP(A86,#REF!,3,FALSE) -> #REF! | E86: =ROUND(VLOOKUP(A86,#REF!,4,FALSE)/1.19,0) -> #REF! | F86: 3 | H86: =SUM(F86) -> 3 | I86: =SUM(G86:G86) -> 0 | J86: 1.1 | K86: =ROUND(E86*H86*J86,0) -> #REF! | L86: =ROUND(E86*I86*J86,0) -> #REF!
B87: SUBTOTAL | K87: =ROUND(SUM(K76:K86),0) -> #REF! | L87: =ROUND(SUM(L76:L86),0) -> #REF!
B89: VR. BÁSICO PARA AJUSTES DE PRECIOS UNITARIOS | K89: =ROUND((K87+L87)*$M$120,0) -> #REF!
B91: VR. BÁSICO PARA ACTIVIDADES A PAGAR POR PRECIO UNITARIO - INCLUYE AJUSTES | K91: =K87+L87+K89 -> #REF!
B92: IVA 19% | K92: =+ROUND(K91*0.19,0) -> #REF!
B94: 6. SUBTOTAL | K94: =K91+K92 -> #REF!
B96: VALOR TOTAL ( SUBTOTAL 5 + 6 ) | K96: =K73+K94 -> #REF!
A107: 5 | C107: =VLOOKUP(A107,#REF!,2,FALSE) -> #REF!
A108: 12 | C108: =VLOOKUP(A107,#REF!,4,FALSE) -> #REF!
A119: 3 | C119: =VLOOKUP(A119,#REF!,2,FALSE) -> #REF! | M119: % AJUSTES EYD
A120: 11 | C120: =VLOOKUP(A119,#REF!,4,FALSE) -> #REF! | M120: 0.0318
